Workbook

Sheet Intructivo
B2: Matriz Mapa de Riesgos
B4: Teniendo en cuenta que con la expedición del Decreto 1499 de 2017 “Por medio del cual se modifica el Decreto 1083 de 2015, Decreto Único Reglamentario del Sector Función Pública, en lo relacionado con el Sistema de Gestión establecido en el artículo 133 de la Ley 1753 de 2015”, se crea un solo Sistema de Gestión y se alinea con el Sistema de Control Interno, hoy todas las entidades públicas requieren actualizar y/o implementar el Modelo Integrado de Planeación y Gestión MIPG, modelo que incorpora el Modelo Estándar de Control Interno MECI a través de la 7a dimensión del mismo. En este marco general, el proceso de administración del riesgo es un esfuerzo conjunto entre la Alta Dirección y los servidores en todos sus niveles, ejercicio que inicia con la formulación de la política de Administración del Riesgo, la cual incluye los niveles de responsabilidad frente al seguimiento y evaluación, aspectos que deberán definirse acorde con el Esquema de Líneas de Defensa vinculado a la Dimensión 7. Teniendo en cuenta lo anterior y dada la necesidad de las entidades frente a la estructuración de los mapas de riesgos, como herramienta fundamental frente a la gestión del riesgo, el presente formato desarrolla un esquema completo acorde con los contenidos metodológicos de la Guía para la Administración del Riesgo y el diseño de controles V5. El formato cuenta con celdas parametrizadas y permite contar con los respectivos mapas de calor para riesgo inherente y riesgo residual.
B6: Orientaciones Generales
B7: Antes de iniciar con el diligenciamiento de la información en la matriz, se requiere haber avanzado en el análisis del proceso, su objetivo, alcance, actividades clave, considere los lineamientos establecidos en el Paso 2: identificación del riesgo, donde se explica ampliamente las bases para adelanter este análisis. Así mismo, considere en el Paso 3: valoración del riesgo los lineamientos para definir el No. de veces que se hace la actividad con la cual se relaciona el riesgo y su impacto en términos económicos o reputacionales. En este mismo paso se analizan los controles que deben responder a los atributos de eficiencia e informativos. NOTA: Si lo considera pertinente, es posible agregar hojas de trabajo adicionales al presente formato que permitan incluir la traza de estos análisis.
B9: El archivo contiene las siguientes hojas: - Hoja 1 Instructivo - Hoja 2 Mapa Final: Encontrará la totalidad de la estructura para la identificación y valoración de los riesgos por proceso, programa o proyecto, acorde con el nivel de desagregación que la entidad considere necesaria.
C12: Columna | E12: Descripción - Lineamientos para el diligenciamiento
C13: Proceso | E13: Diligencie el nombre del proceso al cual se le identificarán y valorarán los riesgos.
C14: Objetivo | E14: Diligencie el objetivo del proceso.
C15: Alcance | E15: Diligencie el alcance del proceso.
C16: Referencia | E16: Permite definir unl consecutivo de riesgos. Una entidad puede ir en el riesgo 150, pero tener 70 riesgos, lo que permite llevar una traza de los riesgos. Esta información la debe administrar la oficina asesora de planeación o gerencia de riesgos. Cuando un el riesgo salga del mapa no existirá otro riesgo con el mismo número.
C17: Impacto | E17: Analice las consecuencias que puede ocasionar a la organización la materialización del riesgo, redacte de la forma más concreta posible.
C18: Causa Inmediata | E18: Circunstancias bajo las cuales se presenta el riesgo, es la situación más evidente frente al riesgo, redacte de la forma más concreta posible.
C19: Causa Raíz | E19: Causa principal o básica, corresponde a las razones por la cuales se puede presentar el riesgo, redacte de la forma más concreta posible.
C20: Descripción del Riesgo | E20: Consolida o resume los análisis sobre impacto + causa inmediata + causa raíz, permitiendo contar con una redacción clara y concreta del riesgo indentificado. Tenga en cuenta la estructura de alto nivel establecida en al guía, inicia con POSIBILIDAD DE + Impacto para la entidad (Qué) + Causa Inmediata (Cómo) + Causa Raíz (Por qué)
C21: Clasificación del Riesgo | E21: Utilice la lista de despligue que se encuentra parametrizada, le aparecerán las opciones: i)Daños Activos Fisicos, ii)Ejecucion y Administracion de procesos, iii)Fallas Tecnologicas, iv)Fraude Externo, v)Fraude Interno, vi)Relaciones Laborales, vii)Usuarios, productos y practicas organizacionales.
C22: Frecuencia con la cual se lleva a cabo la actividad | E22: Defina el # de veces que se ejecuta la actividad durante el año, (Recuerde la probabilidad e ocurrencia del riesgo se defien como el No. de veces que se pasa por el punto de riesgo en el periodo de 1 año). La matriz automáticamente hará el cálculo para el nivel de probabilidad inherente (Columnas H-I)
C23: Criterios de Impacto | E23: Utilice la lista de despligue que se encuentra parametrizada, le aparecerán las opciones de la tabla de Impacto en la Hoja 6 del presente documento. La matriz automáticamente hará el cálculo para el nivel de impacto inherente (Columnas L-M)
... C37: Estado | E37: Utilice la lista de despligue que se encuentra parametrizada, le aparecerán las opciones: i)Finalizado, ii)En curso, la selección en este caso dependerá de las acciones del plan que se hayan establecido en cada caso.
B40: - Hoja 3 Matriz de Calor Inherente: En esta hoja, en la medida en que ese diligencia el Mapa Final, se verán reflejados los riesgos en su zona correspondiente. Esta hoja no se diligencia se genera de manera automática.
B41: - Hoja 4 Matriz de Calor Residual: En esta hoja, en la medida en que ese diligencia el Mapa Final, se verán reflejados los riesgos en su zona correspondiente. Esta hoja no se diligencia se genera de manera automática.
B42: - Hoja 5 Tabla de probabilidad: Tabla referente para todos los cálculos (no se diligencia)
B43: - Hoja 6 Tabla de Impacto: Tabla referente para todos los cálculos (no se diligencia)
B44: - Hoja 7 Tabla de Valoración de Controles: Tabla referente para todos los cálculos (no se diligencia)

Sheet Mapa final
A1: HOSPITAL MILITAR CENTRAL | H1: FORMATO: MAPA DE RIESGOS POR PROCESO | AP1: CÓDIGO: PL-OAPL-PR-05-FT-02
H2: OFICINA: ASESORA DE PLANEACION
AP3: FECHA DE EMISIÓN: 12-08-2022
H4: PROCESO: PLANEACIÓN | AP4: VERSIÓN: 08
H5: SISTEMA DE GESTION INTEGRADO SGI | AP5: Página 1 de 1
A7: Proceso: | F7: MAPA DE RIEGOS INSTITUCIONAL 2023 - V.1 - APROBADO MEDIANTE ACTA DE COMITÉ INSTITUCIONAL DE GESTIÓN Y DESEMPEÑO DEL 30 DE ENERO DE 2023.
A8: Objetivo: | F8: Establecer un marco de referencia general que involucre a todos los servidores públicos y contratistas del HOSPITAL MILITAR CENTRAL para la adecuada gestión del riesgo, por medio de la identificación de acciones de control, respuestas oportunas y estrategias institucionales frente a las diferentes situaciones que puedan afectar el cumplimiento de la misionalidad y el logro de los objetivos institucionales.
A9: Alcance: | F9: La administración del riesgo es aplicable a todas las dependencias, procesos, proyectos y planes institucionales, con el fin de identificar, analizar, valorar, monitorear y dar tratamiento a los riesgos identificados durante el desarrollo de la gestión planificada y a todos los servidores públicos y contratistas en el ejercicio de sus funciones y obligaciones.
A10: Identificación del riesgo | P10: Análisis del riesgo inherente | W10: Evaluación del riesgo - Valoración de los controles | AF10: Evaluación del riesgo - Nivel del riesgo residual | AM10: Plan de Acción
A11: Referencia | B11: Código Único (iD) | C11: Proceso | D11: Área responsable | E11: Impacto | F11: Causa Inmediata | G11: Causa Raíz | H11: Descripción del Riesgo | I11: Definición Riesgos de Corrupción Marcar con una ( X ) | M11: Clasificación del Riesgo | N11: Activo de la Información (Seguridad Digital) | O11: Frecuencia con la cual se realiza la actividad | P11: Probabilidad Inherente | Q11: % | R11: Criterios de impacto | S11: Observación de criterio | T11: Impacto Inherente | U11: % | V11: Zona de Riesgo Inherente | W11: No. Control | X11: Descripción del Control (Propósito, forma como se realiza, responsable, periodicidad, | Y11: Afectación | Z11: Atributos | AF11: Probabilidad Residual | AG11: Probabilidad Residual Final | AH11: % | AI11: Impacto Residual Final | AJ11: % | AK11: Zona de Riesgo Final | AL11: Tratamiento | AM11: Plan de Acción | AN11: Responsable | AO11: Fecha Implementación | AP11: Fecha Seguimiento | AQ11: Seguimiento | AR11: Estado
I12: Acción u Omisión | J12: Uso del Poder | K12: Desviar la Gestión de lo Público | L12: Beneficio Privado | Z12: Tipo | AA12: Implementación | AB12: Calificación | AC12: Documentación | AD12: Frecuencia | AE12: Evidencia
A13: 1 | B13: GBG_02 | C13: Gerencia y Buen Gobierno | D13: Gestión Ética y Buen Gobierno Administración de Personal Selección y Contratación Gestión Contratos | E13: Económico y Reputacional | F13: Multas y Sanciones | G13: Vinculación de personas naturales y/o jurídicas, sin considerar los lineamientos contemplados relacionados con conflictos de interés. (Política de Integridad) | H13: Posibilidad de afectación económica y reputacional por multas y sanciones, debido a la vinculación de personas naturales y/o jurídicas, sin considerar los lineamientos contemplados relacionados con conflictos de interés. (Política de Integridad). | M13: Ejecución y Administración de procesos | O13: 5000 | P13: =IF(O13<=0,"",IF(O13<=2,"Muy Baja",IF(O13<=24,"Baja",IF(O13<=500,"Media",IF(O13<=5000,"Alta","Muy Alta"))))) -> Alta | Q13: =IF(P13="","",IF(P13="Muy Baja",0.2,IF(P13="Baja",0.4,IF(P13="Media",0.6,IF(P13="Alta",0.8,IF(P13="Muy Alta",1,)))))) -> 0.8 | R13: El riesgo afecta la imagen de la entidad internamente, de conocimiento general, nivel interno, de junta dircetiva y accionistas y/o de provedores | S13: =IF(NOT(ISERROR(MATCH(R13,'Tabla Impacto'!$B$221:$B$223,0))),'Tabla Impacto'!$F$223&"Por favor no seleccionar los criterios de impacto(Afectación Económica o presupuestal y Pérdida Reputacional)",R13) -> El riesgo afecta la imagen de la entidad internamente, de conocimiento general, nivel interno, de junta dircetiva y accionistas y/o de provedores | T13: =+IF(OR(S13='[1]Tabla Impacto'!$C$11,S13='[1]Tabla Impacto'!$D$11),"Leve",IF(OR(S13='[1]Tabla Impacto'!$C$12,S13='[1]Tabla Impacto'!$D$12),"Menor",IF(OR(S13='[1]Tabla Impacto'!$C$13,S13='[1]Tabla Impacto'!$D$13),"Moderado",IF(OR(S13='[1]Tabla Impacto'!$C$14,S13='[1]Tabla Impacto'!$D$14),"Mayor",IF(OR(S13='[1]Tabla Impacto'!$C$15,S13='[1]Tabla Impacto'!$D$15),"Catastrófico",""))))) -> Menor | U13: =IF(T13="","",IF(T13="Leve",0.2,IF(T13="Menor",0.4,IF(T13="Moderado",0.6,IF(T13="Mayor",0.8,IF(T13="Catastrófico",1,)))))) -> 0.4 | V13: =IF(OR(AND(P13="Muy Baja",T13="Leve"),AND(P13="Muy Baja",T13="Menor"),AND(P13="Baja",T13="Leve")),"Bajo",IF(OR(AND(P13="Muy baja",T13="Moderado"),AND(P13="Baja",T13="Menor"),AND(P13="Baja",T13="Moderado"),AND(P13="Media",T13="Leve"),AND(P13="Media",T13="Menor"),AND(P13="Media",T13="Moderado"),AND(P13="Alta",T13="Leve"),AND(P13="Alta",T13="Menor")),"Moderado",IF(OR(AND(P13="Muy Baja",T13="Mayor"),AND(P13="Baja",T13="Mayor"),AND(P13="Media",T13="Mayor"),AND(P13="Alta",T13="Moderado"),AND(P13="Alta",T13="Mayor"),AND(P13="Muy Alta",T13="Leve"),AND(P13="Muy Alta",T13="Menor"),AND(P13="Muy Alta",T13="Moderado"),AND(P13="Muy Alta",T13="Mayor")),"Alto",IF(OR(AND(P13="Muy Baja",T13="Catastrófico"),AND(P13="Baja",T13="Catastrófico"),AND(P13="Media",T13="Catastrófico"),AND(P13="Alta",T13="Catastrófico"),AND(P13="Muy Alta",T13="Catastrófico")),"Extremo","")))) -> Moderado | W13: 1 | X13: El profesional del área de Administración de personal, junto con el responsable de Selección y contratación de personal y el profesional del área de Gestión contratos, garantizan cada vez que se requiere, el cumplimiento de la ley que exige el diligenciamiento del formato declaración de bienes y rentas y declaración de conflicto de interés y/o aplicativos de Ley 2013 de 2019, con el fin de acatar las disposiciones normativas vigentes. | Y13: =IF(OR(Z13="Preventivo",Z13="Detectivo"),"Probabilidad",IF(Z13="Correctivo","Impacto","")) -> Probabilidad | Z13: Preventivo | AA13: Manual | AB13: =IF(AND(Z13="Preventivo",AA13="Automático"),"50%",IF(AND(Z13="Preventivo",AA13="Manual"),"40%",IF(AND(Z13="Detectivo",AA13="Automático"),"40%",IF(AND(Z13="Detectivo",AA13="Manual"),"30%",IF(AND(Z13="Correctivo",AA13="Automático"),"35%",IF(AND(Z13="Correctivo",AA13="Manual"),"25%","")))))) -> 40% | AC13: Documentado | AD13: Continua | AE13: Con Registro | AF13: =IFERROR(IF(Y13="Probabilidad",(Q13-(+Q13*AB13)),IF(Y13="Impacto",Q13,"")),"") -> 0.48 | AG13: =IFERROR(IF(AF13="","",IF(AF13<=0.2,"Muy Baja",IF(AF13<=0.4,"Baja",IF(AF13<=0.6,"Media",IF(AF13<=0.8,"Alta","Muy Alta"))))),"") -> Media | AH13: =+AF13 -> 0.48 | AI13: =IFERROR(IF(AJ13="","",IF(AJ13<=0.2,"Leve",IF(AJ13<=0.4,"Menor",IF(AJ13<=0.6,"Moderado",IF(AJ13<=0.8,"Mayor","Catastrófico"))))),"") -> Menor | AJ13: =IFERROR(IF(Y13="Impacto",(U13-(+U13*AB13)),IF(Y13="Probabilidad",U13,"")),"") -> 0.4 | AK13: =IFERROR(IF(OR(AND(AG13="Muy Baja",AI13="Leve"),AND(AG13="Muy Baja",AI13="Menor"),AND(AG13="Baja",AI13="Leve")),"Bajo",IF(OR(AND(AG13="Muy baja",AI13="Moderado"),AND(AG13="Baja",AI13="Menor"),AND(AG13="Baja",AI13="Moderado"),AND(AG13="Media",AI13="Leve"),AND(AG13="Media",AI13="Menor"),AND(AG13="Media",AI13="Moderado"),AND(AG13="Alta",AI13="Leve"),AND(AG13="Alta",AI13="Menor")),"Moderado",IF(OR(AND(AG13="Muy Baja",AI13="Mayor"),AND(AG13="Baja",AI13="Mayor"),AND(AG13="Media",AI13="Mayor"),AND(AG13="Alta",AI13="Moderado"),AND(AG13="Alta",AI13="Mayor"),AND(AG13="Muy Alta",AI13="Leve"),AND(AG13="Muy Alta",AI13="Menor"),AND(AG13="Muy Alta",AI13="Moderado"),AND(AG13="Muy Alta",AI13="Mayor")),"Alto",IF(OR(AND(AG13="Muy Baja",AI13="Catastrófico"),AND(AG13="Baja",AI13="Catastrófico"),AND(AG13="Media",AI13="Catastrófico"),AND(AG13="Alta",AI13="Catastrófico"),AND(AG13="Muy Alta",AI13="Catastrófico")),"Extremo","")))),"") -> Moderado | AL13: Aceptar
S14: =IF(NOT(ISERROR(MATCH(R14,_xlfn.ANCHORARRAY(H25),0))),Q27&"Por favor no seleccionar los criterios de impacto",R14) -> 0 | W14: 2 | X14: El profesional del área de Administración de personal, junto con el responsable de Selección y contratación de personal y el profesional del área de Gestión contratos, verifican la información registrada en el formato declaración de bienes y rentas y declaración de conflicto de interés y/o aplicativos de Ley 2013 de 2019 y posteriormente es actualizada la información en el aplicativo SIGEP. | Y14: =IF(OR(Z14="Preventivo",Z14="Detectivo"),"Probabilidad",IF(Z14="Correctivo","Impacto","")) -> Probabilidad | Z14: Preventivo | AA14: Manual | AB14: =IF(AND(Z14="Preventivo",AA14="Automático"),"50%",IF(AND(Z14="Preventivo",AA14="Manual"),"40%",IF(AND(Z14="Detectivo",AA14="Automático"),"40%",IF(AND(Z14="Detectivo",AA14="Manual"),"30%",IF(AND(Z14="Correctivo",AA14="Automático"),"35%",IF(AND(Z14="Correctivo",AA14="Manual"),"25%","")))))) -> 40% | AC14: Documentado | AD14: Continua | AE14: Con Registro | AF14: =IFERROR(IF(AND(Y13="Probabilidad",Y14="Probabilidad"),(AH13-(+AH13*AB14)),IF(Y14="Probabilidad",(Q13-(+Q13*AB14)),IF(Y14="Impacto",AH13,""))),"") -> 0.288 | AG14: =IFERROR(IF(AF14="","",IF(AF14<=0.2,"Muy Baja",IF(AF14<=0.4,"Baja",IF(AF14<=0.6,"Media",IF(AF14<=0.8,"Alta","Muy Alta"))))),"") -> Baja | AH14: =+AF14 -> 0.288 | AI14: =IFERROR(IF(AJ14="","",IF(AJ14<=0.2,"Leve",IF(AJ14<=0.4,"Menor",IF(AJ14<=0.6,"Moderado",IF(AJ14<=0.8,"Mayor","Catastrófico"))))),"") -> Menor | AJ14: =IFERROR(IF(AND(Y13="Impacto",Y14="Impacto"),(AJ13-(+AJ13*AB14)),IF(Y14="Impacto",(U13-(+U13*AB14)),IF(Y14="Probabilidad",AJ13,""))),"") -> 0.4 | AK14: =IFERROR(IF(OR(AND(AG14="Muy Baja",AI14="Leve"),AND(AG14="Muy Baja",AI14="Menor"),AND(AG14="Baja",AI14="Leve")),"Bajo",IF(OR(AND(AG14="Muy baja",AI14="Moderado"),AND(AG14="Baja",AI14="Menor"),AND(AG14="Baja",AI14="Moderado"),AND(AG14="Media",AI14="Leve"),AND(AG14="Media",AI14="Menor"),AND(AG14="Media",AI14="Moderado"),AND(AG14="Alta",AI14="Leve"),AND(AG14="Alta",AI14="Menor")),"Moderado",IF(OR(AND(AG14="Muy Baja",AI14="Mayor"),AND(AG14="Baja",AI14="Mayor"),AND(AG14="Media",AI14="Mayor"),AND(AG14="Alta",AI14="Moderado"),AND(AG14="Alta",AI14="Mayor"),AND(AG14="Muy Alta",AI14="Leve"),AND(AG14="Muy Alta",AI14="Menor"),AND(AG14="Muy Alta",AI14="Moderado"),AND(AG14="Muy Alta",AI14="Mayor")),"Alto",IF(OR(AND(AG14="Muy Baja",AI14="Catastrófico"),AND(AG14="Baja",AI14="Catastrófico"),AND(AG14="Media",AI14="Catastrófico"),AND(AG14="Alta",AI14="Catastrófico"),AND(AG14="Muy Alta",AI14="Catastrófico")),"Extremo","")))),"") -> Moderado | AL14: Aceptar
S15: =IF(NOT(ISERROR(MATCH(R15,_xlfn.ANCHORARRAY(H26),0))),Q28&"Por favor no seleccionar los criterios de impacto",R15) -> 0 | W15: 3 | Y15: =IF(OR(Z15="Preventivo",Z15="Detectivo"),"Probabilidad",IF(Z15="Correctivo","Impacto","")) | AB15: =IF(AND(Z15="Preventivo",AA15="Automático"),"50%",IF(AND(Z15="Preventivo",AA15="Manual"),"40%",IF(AND(Z15="Detectivo",AA15="Automático"),"40%",IF(AND(Z15="Detectivo",AA15="Manual"),"30%",IF(AND(Z15="Correctivo",AA15="Automático"),"35%",IF(AND(Z15="Correctivo",AA15="Manual"),"25%","")))))) | AF15: =IFERROR(IF(AND(Y14="Probabilidad",Y15="Probabilidad"),(AH14-(+AH14*AB15)),IF(Y15="Probabilidad",(Q14-(+Q14*AB15)),IF(Y15="Impacto",AH14,""))),"") | AG15: =IFERROR(IF(AF15="","",IF(AF15<=0.2,"Muy Baja",IF(AF15<=0.4,"Baja",IF(AF15<=0.6,"Media",IF(AF15<=0.8,"Alta","Muy Alta"))))),"") | AH15: =+AF15 | AI15: =IFERROR(IF(AJ15="","",IF(AJ15<=0.2,"Leve",IF(AJ15<=0.4,"Menor",IF(AJ15<=0.6,"Moderado",IF(AJ15<=0.8,"Mayor","Catastrófico"))))),"") | AJ15: =IFERROR(IF(AND(Y14="Impacto",Y15="Impacto"),(AJ14-(+AJ14*AB15)),IF(AND(Y14="Probabilidad",Y15="Impacto"),(AJ13-(+AJ13*AB15)),IF(Y15="Probabilidad",AJ14,""))),"") | AK15: =IFERROR(IF(OR(AND(AG15="Muy Baja",AI15="Leve"),AND(AG15="Muy Baja",AI15="Menor"),AND(AG15="Baja",AI15="Leve")),"Bajo",IF(OR(AND(AG15="Muy baja",AI15="Moderado"),AND(AG15="Baja",AI15="Menor"),AND(AG15="Baja",AI15="Moderado"),AND(AG15="Media",AI15="Leve"),AND(AG15="Media",AI15="Menor"),AND(AG15="Media",AI15="Moderado"),AND(AG15="Alta",AI15="Leve"),AND(AG15="Alta",AI15="Menor")),"Moderado",IF(OR(AND(AG15="Muy Baja",AI15="Mayor"),AND(AG15="Baja",AI15="Mayor"),AND(AG15="Media",AI15="Mayor"),AND(AG15="Alta",AI15="Moderado"),AND(AG15="Alta",AI15="Mayor"),AND(AG15="Muy Alta",AI15="Leve"),AND(AG15="Muy Alta",AI15="Menor"),AND(AG15="Muy Alta",AI15="Moderado"),AND(AG15="Muy Alta",AI15="Mayor")),"Alto",IF(OR(AND(AG15="Muy Baja",AI15="Catastrófico"),AND(AG15="Baja",AI15="Catastrófico"),AND(AG15="Media",AI15="Catastrófico"),AND(AG15="Alta",AI15="Catastrófico"),AND(AG15="Muy Alta",AI15="Catastrófico")),"Extremo","")))),"")
S16: =IF(NOT(ISERROR(MATCH(R16,_xlfn.ANCHORARRAY(H27),0))),Q29&"Por favor no seleccionar los criterios de impacto",R16) -> 0 | W16: 4 | Y16: =IF(OR(Z16="Preventivo",Z16="Detectivo"),"Probabilidad",IF(Z16="Correctivo","Impacto","")) | AB16: =IF(AND(Z16="Preventivo",AA16="Automático"),"50%",IF(AND(Z16="Preventivo",AA16="Manual"),"40%",IF(AND(Z16="Detectivo",AA16="Automático"),"40%",IF(AND(Z16="Detectivo",AA16="Manual"),"30%",IF(AND(Z16="Correctivo",AA16="Automático"),"35%",IF(AND(Z16="Correctivo",AA16="Manual"),"25%","")))))) | AF16: =IFERROR(IF(AND(Y15="Probabilidad",Y16="Probabilidad"),(AH15-(+AH15*AB16)),IF(Y16="Probabilidad",(Q15-(+Q15*AB16)),IF(Y16="Impacto",AH15,""))),"") | AG16: =IFERROR(IF(AF16="","",IF(AF16<=0.2,"Muy Baja",IF(AF16<=0.4,"Baja",IF(AF16<=0.6,"Media",IF(AF16<=0.8,"Alta","Muy Alta"))))),"") | AH16: =+AF16 | AI16: =IFERROR(IF(AJ16="","",IF(AJ16<=0.2,"Leve",IF(AJ16<=0.4,"Menor",IF(AJ16<=0.6,"Moderado",IF(AJ16<=0.8,"Mayor","Catastrófico"))))),"") | AJ16: =IFERROR(IF(AND(Y15="Impacto",Y16="Impacto"),(AJ15-(+AJ15*AB16)),IF(AND(Y15="Probabilidad",Y16="Impacto"),(AJ14-(+AJ14*AB16)),IF(Y16="Probabilidad",AJ15,""))),"") | AK16: =IFERROR(IF(OR(AND(AG16="Muy Baja",AI16="Leve"),AND(AG16="Muy Baja",AI16="Menor"),AND(AG16="Baja",AI16="Leve")),"Bajo",IF(OR(AND(AG16="Muy baja",AI16="Moderado"),AND(AG16="Baja",AI16="Menor"),AND(AG16="Baja",AI16="Moderado"),AND(AG16="Media",AI16="Leve"),AND(AG16="Media",AI16="Menor"),AND(AG16="Media",AI16="Moderado"),AND(AG16="Alta",AI16="Leve"),AND(AG16="Alta",AI16="Menor")),"Moderado",IF(OR(AND(AG16="Muy Baja",AI16="Mayor"),AND(AG16="Baja",AI16="Mayor"),AND(AG16="Media",AI16="Mayor"),AND(AG16="Alta",AI16="Moderado"),AND(AG16="Alta",AI16="Mayor"),AND(AG16="Muy Alta",AI16="Leve"),AND(AG16="Muy Alta",AI16="Menor"),AND(AG16="Muy Alta",AI16="Moderado"),AND(AG16="Muy Alta",AI16="Mayor")),"Alto",IF(OR(AND(AG16="Muy Baja",AI16="Catastrófico"),AND(AG16="Baja",AI16="Catastrófico"),AND(AG16="Media",AI16="Catastrófico"),AND(AG16="Alta",AI16="Catastrófico"),AND(AG16="Muy Alta",AI16="Catastrófico")),"Extremo","")))),"")
S17: =IF(NOT(ISERROR(MATCH(R17,_xlfn.ANCHORARRAY(H28),0))),Q30&"Por favor no seleccionar los criterios de impacto",R17) -> 0 | W17: 5 | Y17: =IF(OR(Z17="Preventivo",Z17="Detectivo"),"Probabilidad",IF(Z17="Correctivo","Impacto","")) | AB17: =IF(AND(Z17="Preventivo",AA17="Automático"),"50%",IF(AND(Z17="Preventivo",AA17="Manual"),"40%",IF(AND(Z17="Detectivo",AA17="Automático"),"40%",IF(AND(Z17="Detectivo",AA17="Manual"),"30%",IF(AND(Z17="Correctivo",AA17="Automático"),"35%",IF(AND(Z17="Correctivo",AA17="Manual"),"25%","")))))) | AF17: =IFERROR(IF(AND(Y16="Probabilidad",Y17="Probabilidad"),(AH16-(+AH16*AB17)),IF(Y17="Probabilidad",(Q16-(+Q16*AB17)),IF(Y17="Impacto",AH16,""))),"") | AG17: =IFERROR(IF(AF17="","",IF(AF17<=0.2,"Muy Baja",IF(AF17<=0.4,"Baja",IF(AF17<=0.6,"Media",IF(AF17<=0.8,"Alta","Muy Alta"))))),"") | AH17: =+AF17 | AI17: =IFERROR(IF(AJ17="","",IF(AJ17<=0.2,"Leve",IF(AJ17<=0.4,"Menor",IF(AJ17<=0.6,"Moderado",IF(AJ17<=0.8,"Mayor","Catastrófico"))))),"") | AJ17: =IFERROR(IF(AND(Y16="Impacto",Y17="Impacto"),(AJ16-(+AJ16*AB17)),IF(AND(Y16="Probabilidad",Y17="Impacto"),(AJ15-(+AJ15*AB17)),IF(Y17="Probabilidad",AJ16,""))),"") | AK17: =IFERROR(IF(OR(AND(AG17="Muy Baja",AI17="Leve"),AND(AG17="Muy Baja",AI17="Menor"),AND(AG17="Baja",AI17="Leve")),"Bajo",IF(OR(AND(AG17="Muy baja",AI17="Moderado"),AND(AG17="Baja",AI17="Menor"),AND(AG17="Baja",AI17="Moderado"),AND(AG17="Media",AI17="Leve"),AND(AG17="Media",AI17="Menor"),AND(AG17="Media",AI17="Moderado"),AND(AG17="Alta",AI17="Leve"),AND(AG17="Alta",AI17="Menor")),"Moderado",IF(OR(AND(AG17="Muy Baja",AI17="Mayor"),AND(AG17="Baja",AI17="Mayor"),AND(AG17="Media",AI17="Mayor"),AND(AG17="Alta",AI17="Moderado"),AND(AG17="Alta",AI17="Mayor"),AND(AG17="Muy Alta",AI17="Leve"),AND(AG17="Muy Alta",AI17="Menor"),AND(AG17="Muy Alta",AI17="Moderado"),AND(AG17="Muy Alta",AI17="Mayor")),"Alto",IF(OR(AND(AG17="Muy Baja",AI17="Catastrófico"),AND(AG17="Baja",AI17="Catastrófico"),AND(AG17="Media",AI17="Catastrófico"),AND(AG17="Alta",AI17="Catastrófico"),AND(AG17="Muy Alta",AI17="Catastrófico")),"Extremo","")))),"")
S18: =IF(NOT(ISERROR(MATCH(R18,_xlfn.ANCHORARRAY(H29),0))),Q31&"Por favor no seleccionar los criterios de impacto",R18) -> 0 | W18: 6 | Y18: =IF(OR(Z18="Preventivo",Z18="Detectivo"),"Probabilidad",IF(Z18="Correctivo","Impacto","")) | AB18: =IF(AND(Z18="Preventivo",AA18="Automático"),"50%",IF(AND(Z18="Preventivo",AA18="Manual"),"40%",IF(AND(Z18="Detectivo",AA18="Automático"),"40%",IF(AND(Z18="Detectivo",AA18="Manual"),"30%",IF(AND(Z18="Correctivo",AA18="Automático"),"35%",IF(AND(Z18="Correctivo",AA18="Manual"),"25%","")))))) | AF18: =IFERROR(IF(AND(Y17="Probabilidad",Y18="Probabilidad"),(AH17-(+AH17*AB18)),IF(Y18="Probabilidad",(Q17-(+Q17*AB18)),IF(Y18="Impacto",AH17,""))),"") | AG18: =IFERROR(IF(AF18="","",IF(AF18<=0.2,"Muy Baja",IF(AF18<=0.4,"Baja",IF(AF18<=0.6,"Media",IF(AF18<=0.8,"Alta","Muy Alta"))))),"") | AH18: =+AF18 | AI18: =IFERROR(IF(AJ18="","",IF(AJ18<=0.2,"Leve",IF(AJ18<=0.4,"Menor",IF(AJ18<=0.6,"Moderado",IF(AJ18<=0.8,"Mayor","Catastrófico"))))),"") | AJ18: =IFERROR(IF(AND(Y17="Impacto",Y18="Impacto"),(AJ17-(+AJ17*AB18)),IF(AND(Y17="Probabilidad",Y18="Impacto"),(AJ16-(+AJ16*AB18)),IF(Y18="Probabilidad",AJ17,""))),"") | AK18: =IFERROR(IF(OR(AND(AG18="Muy Baja",AI18="Leve"),AND(AG18="Muy Baja",AI18="Menor"),AND(AG18="Baja",AI18="Leve")),"Bajo",IF(OR(AND(AG18="Muy baja",AI18="Moderado"),AND(AG18="Baja",AI18="Menor"),AND(AG18="Baja",AI18="Moderado"),AND(AG18="Media",AI18="Leve"),AND(AG18="Media",AI18="Menor"),AND(AG18="Media",AI18="Moderado"),AND(AG18="Alta",AI18="Leve"),AND(AG18="Alta",AI18="Menor")),"Moderado",IF(OR(AND(AG18="Muy Baja",AI18="Mayor"),AND(AG18="Baja",AI18="Mayor"),AND(AG18="Media",AI18="Mayor"),AND(AG18="Alta",AI18="Moderado"),AND(AG18="Alta",AI18="Mayor"),AND(AG18="Muy Alta",AI18="Leve"),AND(AG18="Muy Alta",AI18="Menor"),AND(AG18="Muy Alta",AI18="Moderado"),AND(AG18="Muy Alta",AI18="Mayor")),"Alto",IF(OR(AND(AG18="Muy Baja",AI18="Catastrófico"),AND(AG18="Baja",AI18="Catastrófico"),AND(AG18="Media",AI18="Catastrófico"),AND(AG18="Alta",AI18="Catastrófico"),AND(AG18="Muy Alta",AI18="Catastrófico")),"Extremo","")))),"")
A19: 2 | B19: GBG_03 | C19: Gerencia y Buen Gobierno | D19: Gestión Ética y Buen Gobierno Responsables de los Grupos de trabajo Presidentes de los comités institucionales. | E19: Económico y Reputacional | F19: Demandas Legales y Sanciones | G19: Omitir la declaración de impedimento o recusación ante la posibilidad real o aparente de un conflicto de interés. | H19: Posibilidad de afectación económica y reputacional por demandas legales y sanciones, debido a la omisiòn de la declaración de impedimento o recusación ante la posibilidad real o aparente de un conflicto de interés. | M19: Ejecución y Administración de procesos | O19: 500 | P19: =IF(O19<=0,"",IF(O19<=2,"Muy Baja",IF(O19<=24,"Baja",IF(O19<=500,"Media",IF(O19<=5000,"Alta","Muy Alta"))))) -> Media | Q19: =IF(P19="","",IF(P19="Muy Baja",0.2,IF(P19="Baja",0.4,IF(P19="Media",0.6,IF(P19="Alta",0.8,IF(P19="Muy Alta",1,)))))) -> 0.6 | R19: El riesgo afecta la imagen de la entidad con algunos usuarios de relevancia frente al logro de los objetivos | S19: =IF(NOT(ISERROR(MATCH(R19,'Tabla Impacto'!$B$221:$B$223,0))),'Tabla Impacto'!$F$223&"Por favor no seleccionar los criterios de impacto(Afectación Económica o presupuestal y Pérdida Reputacional)",R19) -> El riesgo afecta la imagen de la entidad con algunos usuarios de relevancia frente al logro de los objetivos | T19: =+IF(OR(S19='[1]Tabla Impacto'!$C$11,S19='[1]Tabla Impacto'!$D$11),"Leve",IF(OR(S19='[1]Tabla Impacto'!$C$12,S19='[1]Tabla Impacto'!$D$12),"Menor",IF(OR(S19='[1]Tabla Impacto'!$C$13,S19='[1]Tabla Impacto'!$D$13),"Moderado",IF(OR(S19='[1]Tabla Impacto'!$C$14,S19='[1]Tabla Impacto'!$D$14),"Mayor",IF(OR(S19='[1]Tabla Impacto'!$C$15,S19='[1]Tabla Impacto'!$D$15),"Catastrófico",""))))) -> Moderado | U19: =IF(T19="","",IF(T19="Leve",0.2,IF(T19="Menor",0.4,IF(T19="Moderado",0.6,IF(T19="Mayor",0.8,IF(T19="Catastrófico",1,)))))) -> 0.6 | V19: =IF(OR(AND(P19="Muy Baja",T19="Leve"),AND(P19="Muy Baja",T19="Menor"),AND(P19="Baja",T19="Leve")),"Bajo",IF(OR(AND(P19="Muy baja",T19="Moderado"),AND(P19="Baja",T19="Menor"),AND(P19="Baja",T19="Moderado"),AND(P19="Media",T19="Leve"),AND(P19="Media",T19="Menor"),AND(P19="Media",T19="Moderado"),AND(P19="Alta",T19="Leve"),AND(P19="Alta",T19="Menor")),"Moderado",IF(OR(AND(P19="Muy Baja",T19="Mayor"),AND(P19="Baja",T19="Mayor"),AND(P19="Media",T19="Mayor"),AND(P19="Alta",T19="Moderado"),AND(P19="Alta",T19="Mayor"),AND(P19="Muy Alta",T19="Leve"),AND(P19="Muy Alta",T19="Menor"),AND(P19="Muy Alta",T19="Moderado"),AND(P19="Muy Alta",T19="Mayor")),"Alto",IF(OR(AND(P19="Muy Baja",T19="Catastrófico"),AND(P19="Baja",T19="Catastrófico"),AND(P19="Media",T19="Catastrófico"),AND(P19="Alta",T19="Catastrófico"),AND(P19="Muy Alta",T19="Catastrófico")),"Extremo","")))) -> Moderado | W19: 1 | X19: Los responsables de los grupos de trabajo realizan cada vez que se requiera el seguimiento a la presentación de posibles situaciones de conflicto de interés o recusación, con el fin de mitigar el riesgo. Realizan reporte trimestral al Grupo de integridad. | Y19: =IF(OR(Z19="Preventivo",Z19="Detectivo"),"Probabilidad",IF(Z19="Correctivo","Impacto","")) -> Probabilidad | Z19: Preventivo | AA19: Manual | AB19: =IF(AND(Z19="Preventivo",AA19="Automático"),"50%",IF(AND(Z19="Preventivo",AA19="Manual"),"40%",IF(AND(Z19="Detectivo",AA19="Automático"),"40%",IF(AND(Z19="Detectivo",AA19="Manual"),"30%",IF(AND(Z19="Correctivo",AA19="Automático"),"35%",IF(AND(Z19="Correctivo",AA19="Manual"),"25%","")))))) -> 40% | AC19: Documentado | AD19: Continua | AE19: Con Registro | AF19: =IFERROR(IF(Y19="Probabilidad",(Q19-(+Q19*AB19)),IF(Y19="Impacto",Q19,"")),"") -> 0.36 | AG19: =IFERROR(IF(AF19="","",IF(AF19<=0.2,"Muy Baja",IF(AF19<=0.4,"Baja",IF(AF19<=0.6,"Media",IF(AF19<=0.8,"Alta","Muy Alta"))))),"") -> Baja | AH19: =+AF19 -> 0.36 | AI19: =IFERROR(IF(AJ19="","",IF(AJ19<=0.2,"Leve",IF(AJ19<=0.4,"Menor",IF(AJ19<=0.6,"Moderado",IF(AJ19<=0.8,"Mayor","Catastrófico"))))),"") -> Moderado | AJ19: =IFERROR(IF(Y19="Impacto",(U19-(+U19*AB19)),IF(Y19="Probabilidad",U19,"")),"") -> 0.6 | AK19: =IFERROR(IF(OR(AND(AG19="Muy Baja",AI19="Leve"),AND(AG19="Muy Baja",AI19="Menor"),AND(AG19="Baja",AI19="Leve")),"Bajo",IF(OR(AND(AG19="Muy baja",AI19="Moderado"),AND(AG19="Baja",AI19="Menor"),AND(AG19="Baja",AI19="Moderado"),AND(AG19="Media",AI19="Leve"),AND(AG19="Media",AI19="Menor"),AND(AG19="Media",AI19="Moderado"),AND(AG19="Alta",AI19="Leve"),AND(AG19="Alta",AI19="Menor")),"Moderado",IF(OR(AND(AG19="Muy Baja",AI19="Mayor"),AND(AG19="Baja",AI19="Mayor"),AND(AG19="Media",AI19="Mayor"),AND(AG19="Alta",AI19="Moderado"),AND(AG19="Alta",AI19="Mayor"),AND(AG19="Muy Alta",AI19="Leve"),AND(AG19="Muy Alta",AI19="Menor"),AND(AG19="Muy Alta",AI19="Moderado"),AND(AG19="Muy Alta",AI19="Mayor")),"Alto",IF(OR(AND(AG19="Muy Baja",AI19="Catastrófico"),AND(AG19="Baja",AI19="Catastrófico"),AND(AG19="Media",AI19="Catastrófico"),AND(AG19="Alta",AI19="Catastrófico"),AND(AG19="Muy Alta",AI19="Catastrófico")),"Extremo","")))),"") -> Moderado | AL19: Aceptar
S20: =IF(NOT(ISERROR(MATCH(R20,_xlfn.ANCHORARRAY(H31),0))),Q33&"Por favor no seleccionar los criterios de impacto",R20) -> 0 | W20: 2 | X20: Los presidentes o secretarios de los comités institucionales incluyen en el orden del día cada vez que se requiera, la pregunta sobre posible declaración de conflicto de interés o recusación a los miembros de cada comité, con el fin de mitigar el riesgo. Lo registran en actas y realizan reporte trimestral al Grupo Gestor de Integridad. | Y20: =IF(OR(Z20="Preventivo",Z20="Detectivo"),"Probabilidad",IF(Z20="Correctivo","Impacto","")) -> Probabilidad | Z20: Preventivo | AA20: Manual | AB20: =IF(AND(Z20="Preventivo",AA20="Automático"),"50%",IF(AND(Z20="Preventivo",AA20="Manual"),"40%",IF(AND(Z20="Detectivo",AA20="Automático"),"40%",IF(AND(Z20="Detectivo",AA20="Manual"),"30%",IF(AND(Z20="Correctivo",AA20="Automático"),"35%",IF(AND(Z20="Correctivo",AA20="Manual"),"25%","")))))) -> 40% | AC20: Documentado | AD20: Continua | AE20: Con Registro | AF20: =IFERROR(IF(AND(Y19="Probabilidad",Y20="Probabilidad"),(AH19-(+AH19*AB20)),IF(Y20="Probabilidad",(Q19-(+Q19*AB20)),IF(Y20="Impacto",AH19,""))),"") -> 0.216 | AG20: =IFERROR(IF(AF20="","",IF(AF20<=0.2,"Muy Baja",IF(AF20<=0.4,"Baja",IF(AF20<=0.6,"Media",IF(AF20<=0.8,"Alta","Muy Alta"))))),"") -> Baja | AH20: =+AF20 -> 0.216 | AI20: =IFERROR(IF(AJ20="","",IF(AJ20<=0.2,"Leve",IF(AJ20<=0.4,"Menor",IF(AJ20<=0.6,"Moderado",IF(AJ20<=0.8,"Mayor","Catastrófico"))))),"") -> Moderado | AJ20: =IFERROR(IF(AND(Y19="Impacto",Y20="Impacto"),(AJ19-(+AJ19*AB20)),IF(Y20="Impacto",(U19-(+U19*AB20)),IF(Y20="Probabilidad",AJ19,""))),"") -> 0.6 | AK20: =IFERROR(IF(OR(AND(AG20="Muy Baja",AI20="Leve"),AND(AG20="Muy Baja",AI20="Menor"),AND(AG20="Baja",AI20="Leve")),"Bajo",IF(OR(AND(AG20="Muy baja",AI20="Moderado"),AND(AG20="Baja",AI20="Menor"),AND(AG20="Baja",AI20="Moderado"),AND(AG20="Media",AI20="Leve"),AND(AG20="Media",AI20="Menor"),AND(AG20="Media",AI20="Moderado"),AND(AG20="Alta",AI20="Leve"),AND(AG20="Alta",AI20="Menor")),"Moderado",IF(OR(AND(AG20="Muy Baja",AI20="Mayor"),AND(AG20="Baja",AI20="Mayor"),AND(AG20="Media",AI20="Mayor"),AND(AG20="Alta",AI20="Moderado"),AND(AG20="Alta",AI20="Mayor"),AND(AG20="Muy Alta",AI20="Leve"),AND(AG20="Muy Alta",AI20="Menor"),AND(AG20="Muy Alta",AI20="Moderado"),AND(AG20="Muy Alta",AI20="Mayor")),"Alto",IF(OR(AND(AG20="Muy Baja",AI20="Catastrófico"),AND(AG20="Baja",AI20="Catastrófico"),AND(AG20="Media",AI20="Catastrófico"),AND(AG20="Alta",AI20="Catastrófico"),AND(AG20="Muy Alta",AI20="Catastrófico")),"Extremo","")))),"") -> Moderado | AL20: Aceptar
S21: =IF(NOT(ISERROR(MATCH(R21,_xlfn.ANCHORARRAY(H32),0))),Q34&"Por favor no seleccionar los criterios de impacto",R21) -> 0 | W21: 3 | Y21: =IF(OR(Z21="Preventivo",Z21="Detectivo"),"Probabilidad",IF(Z21="Correctivo","Impacto","")) | AB21: =IF(AND(Z21="Preventivo",AA21="Automático"),"50%",IF(AND(Z21="Preventivo",AA21="Manual"),"40%",IF(AND(Z21="Detectivo",AA21="Automático"),"40%",IF(AND(Z21="Detectivo",AA21="Manual"),"30%",IF(AND(Z21="Correctivo",AA21="Automático"),"35%",IF(AND(Z21="Correctivo",AA21="Manual"),"25%","")))))) | AF21: =IFERROR(IF(AND(Y20="Probabilidad",Y21="Probabilidad"),(AH20-(+AH20*AB21)),IF(Y21="Probabilidad",(Q20-(+Q20*AB21)),IF(Y21="Impacto",AH20,""))),"") | AG21: =IFERROR(IF(AF21="","",IF(AF21<=0.2,"Muy Baja",IF(AF21<=0.4,"Baja",IF(AF21<=0.6,"Media",IF(AF21<=0.8,"Alta","Muy Alta"))))),"") | AH21: =+AF21 | AI21: =IFERROR(IF(AJ21="","",IF(AJ21<=0.2,"Leve",IF(AJ21<=0.4,"Menor",IF(AJ21<=0.6,"Moderado",IF(AJ21<=0.8,"Mayor","Catastrófico"))))),"") | AJ21: =IFERROR(IF(AND(Y20="Impacto",Y21="Impacto"),(AJ20-(+AJ20*AB21)),IF(AND(Y20="Probabilidad",Y21="Impacto"),(AJ19-(+AJ19*AB21)),IF(Y21="Probabilidad",AJ20,""))),"") | AK21: =IFERROR(IF(OR(AND(AG21="Muy Baja",AI21="Leve"),AND(AG21="Muy Baja",AI21="Menor"),AND(AG21="Baja",AI21="Leve")),"Bajo",IF(OR(AND(AG21="Muy baja",AI21="Moderado"),AND(AG21="Baja",AI21="Menor"),AND(AG21="Baja",AI21="Moderado"),AND(AG21="Media",AI21="Leve"),AND(AG21="Media",AI21="Menor"),AND(AG21="Media",AI21="Moderado"),AND(AG21="Alta",AI21="Leve"),AND(AG21="Alta",AI21="Menor")),"Moderado",IF(OR(AND(AG21="Muy Baja",AI21="Mayor"),AND(AG21="Baja",AI21="Mayor"),AND(AG21="Media",AI21="Mayor"),AND(AG21="Alta",AI21="Moderado"),AND(AG21="Alta",AI21="Mayor"),AND(AG21="Muy Alta",AI21="Leve"),AND(AG21="Muy Alta",AI21="Menor"),AND(AG21="Muy Alta",AI21="Moderado"),AND(AG21="Muy Alta",AI21="Mayor")),"Alto",IF(OR(AND(AG21="Muy Baja",AI21="Catastrófico"),AND(AG21="Baja",AI21="Catastrófico"),AND(AG21="Media",AI21="Catastrófico"),AND(AG21="Alta",AI21="Catastrófico"),AND(AG21="Muy Alta",AI21="Catastrófico")),"Extremo","")))),"")
S22: =IF(NOT(ISERROR(MATCH(R22,_xlfn.ANCHORARRAY(H33),0))),Q35&"Por favor no seleccionar los criterios de impacto",R22) -> 0 | W22: 4 | Y22: =IF(OR(Z22="Preventivo",Z22="Detectivo"),"Probabilidad",IF(Z22="Correctivo","Impacto","")) | AB22: =IF(AND(Z22="Preventivo",AA22="Automático"),"50%",IF(AND(Z22="Preventivo",AA22="Manual"),"40%",IF(AND(Z22="Detectivo",AA22="Automático"),"40%",IF(AND(Z22="Detectivo",AA22="Manual"),"30%",IF(AND(Z22="Correctivo",AA22="Automático"),"35%",IF(AND(Z22="Correctivo",AA22="Manual"),"25%","")))))) | AF22: =IFERROR(IF(AND(Y21="Probabilidad",Y22="Probabilidad"),(AH21-(+AH21*AB22)),IF(Y22="Probabilidad",(Q21-(+Q21*AB22)),IF(Y22="Impacto",AH21,""))),"") | AG22: =IFERROR(IF(AF22="","",IF(AF22<=0.2,"Muy Baja",IF(AF22<=0.4,"Baja",IF(AF22<=0.6,"Media",IF(AF22<=0.8,"Alta","Muy Alta"))))),"") | AH22: =+AF22 | AI22: =IFERROR(IF(AJ22="","",IF(AJ22<=0.2,"Leve",IF(AJ22<=0.4,"Menor",IF(AJ22<=0.6,"Moderado",IF(AJ22<=0.8,"Mayor","Catastrófico"))))),"") | AJ22: =IFERROR(IF(AND(Y21="Impacto",Y22="Impacto"),(AJ21-(+AJ21*AB22)),IF(AND(Y21="Probabilidad",Y22="Impacto"),(AJ20-(+AJ20*AB22)),IF(Y22="Probabilidad",AJ21,""))),"") | AK22: =IFERROR(IF(OR(AND(AG22="Muy Baja",AI22="Leve"),AND(AG22="Muy Baja",AI22="Menor"),AND(AG22="Baja",AI22="Leve")),"Bajo",IF(OR(AND(AG22="Muy baja",AI22="Moderado"),AND(AG22="Baja",AI22="Menor"),AND(AG22="Baja",AI22="Moderado"),AND(AG22="Media",AI22="Leve"),AND(AG22="Media",AI22="Menor"),AND(AG22="Media",AI22="Moderado"),AND(AG22="Alta",AI22="Leve"),AND(AG22="Alta",AI22="Menor")),"Moderado",IF(OR(AND(AG22="Muy Baja",AI22="Mayor"),AND(AG22="Baja",AI22="Mayor"),AND(AG22="Media",AI22="Mayor"),AND(AG22="Alta",AI22="Moderado"),AND(AG22="Alta",AI22="Mayor"),AND(AG22="Muy Alta",AI22="Leve"),AND(AG22="Muy Alta",AI22="Menor"),AND(AG22="Muy Alta",AI22="Moderado"),AND(AG22="Muy Alta",AI22="Mayor")),"Alto",IF(OR(AND(AG22="Muy Baja",AI22="Catastrófico"),AND(AG22="Baja",AI22="Catastrófico"),AND(AG22="Media",AI22="Catastrófico"),AND(AG22="Alta",AI22="Catastrófico"),AND(AG22="Muy Alta",AI22="Catastrófico")),"Extremo","")))),"")
S23: =IF(NOT(ISERROR(MATCH(R23,_xlfn.ANCHORARRAY(H34),0))),Q36&"Por favor no seleccionar los criterios de impacto",R23) -> 0 | W23: 5 | Y23: =IF(OR(Z23="Preventivo",Z23="Detectivo"),"Probabilidad",IF(Z23="Correctivo","Impacto","")) | AB23: =IF(AND(Z23="Preventivo",AA23="Automático"),"50%",IF(AND(Z23="Preventivo",AA23="Manual"),"40%",IF(AND(Z23="Detectivo",AA23="Automático"),"40%",IF(AND(Z23="Detectivo",AA23="Manual"),"30%",IF(AND(Z23="Correctivo",AA23="Automático"),"35%",IF(AND(Z23="Correctivo",AA23="Manual"),"25%","")))))) | AF23: =IFERROR(IF(AND(Y22="Probabilidad",Y23="Probabilidad"),(AH22-(+AH22*AB23)),IF(Y23="Probabilidad",(Q22-(+Q22*AB23)),IF(Y23="Impacto",AH22,""))),"") | AG23: =IFERROR(IF(AF23="","",IF(AF23<=0.2,"Muy Baja",IF(AF23<=0.4,"Baja",IF(AF23<=0.6,"Media",IF(AF23<=0.8,"Alta","Muy Alta"))))),"") | AH23: =+AF23 | AI23: =IFERROR(IF(AJ23="","",IF(AJ23<=0.2,"Leve",IF(AJ23<=0.4,"Menor",IF(AJ23<=0.6,"Moderado",IF(AJ23<=0.8,"Mayor","Catastrófico"))))),"") | AJ23: =IFERROR(IF(AND(Y22="Impacto",Y23="Impacto"),(AJ22-(+AJ22*AB23)),IF(AND(Y22="Probabilidad",Y23="Impacto"),(AJ21-(+AJ21*AB23)),IF(Y23="Probabilidad",AJ22,""))),"") | AK23: =IFERROR(IF(OR(AND(AG23="Muy Baja",AI23="Leve"),AND(AG23="Muy Baja",AI23="Menor"),AND(AG23="Baja",AI23="Leve")),"Bajo",IF(OR(AND(AG23="Muy baja",AI23="Moderado"),AND(AG23="Baja",AI23="Menor"),AND(AG23="Baja",AI23="Moderado"),AND(AG23="Media",AI23="Leve"),AND(AG23="Media",AI23="Menor"),AND(AG23="Media",AI23="Moderado"),AND(AG23="Alta",AI23="Leve"),AND(AG23="Alta",AI23="Menor")),"Moderado",IF(OR(AND(AG23="Muy Baja",AI23="Mayor"),AND(AG23="Baja",AI23="Mayor"),AND(AG23="Media",AI23="Mayor"),AND(AG23="Alta",AI23="Moderado"),AND(AG23="Alta",AI23="Mayor"),AND(AG23="Muy Alta",AI23="Leve"),AND(AG23="Muy Alta",AI23="Menor"),AND(AG23="Muy Alta",AI23="Moderado"),AND(AG23="Muy Alta",AI23="Mayor")),"Alto",IF(OR(AND(AG23="Muy Baja",AI23="Catastrófico"),AND(AG23="Baja",AI23="Catastrófico"),AND(AG23="Media",AI23="Catastrófico"),AND(AG23="Alta",AI23="Catastrófico"),AND(AG23="Muy Alta",AI23="Catastrófico")),"Extremo","")))),"")
S24: =IF(NOT(ISERROR(MATCH(R24,_xlfn.ANCHORARRAY(H35),0))),Q37&"Por favor no seleccionar los criterios de impacto",R24) -> 0 | W24: 6 | Y24: =IF(OR(Z24="Preventivo",Z24="Detectivo"),"Probabilidad",IF(Z24="Correctivo","Impacto","")) | AB24: =IF(AND(Z24="Preventivo",AA24="Automático"),"50%",IF(AND(Z24="Preventivo",AA24="Manual"),"40%",IF(AND(Z24="Detectivo",AA24="Automático"),"40%",IF(AND(Z24="Detectivo",AA24="Manual"),"30%",IF(AND(Z24="Correctivo",AA24="Automático"),"35%",IF(AND(Z24="Correctivo",AA24="Manual"),"25%","")))))) | AF24: =IFERROR(IF(AND(Y23="Probabilidad",Y24="Probabilidad"),(AH23-(+AH23*AB24)),IF(Y24="Probabilidad",(Q23-(+Q23*AB24)),IF(Y24="Impacto",AH23,""))),"") | AG24: =IFERROR(IF(AF24="","",IF(AF24<=0.2,"Muy Baja",IF(AF24<=0.4,"Baja",IF(AF24<=0.6,"Media",IF(AF24<=0.8,"Alta","Muy Alta"))))),"") | AH24: =+AF24 | AI24: =IFERROR(IF(AJ24="","",IF(AJ24<=0.2,"Leve",IF(AJ24<=0.4,"Menor",IF(AJ24<=0.6,"Moderado",IF(AJ24<=0.8,"Mayor","Catastrófico"))))),"") | AJ24: =IFERROR(IF(AND(Y23="Impacto",Y24="Impacto"),(AJ23-(+AJ23*AB24)),IF(AND(Y23="Probabilidad",Y24="Impacto"),(AJ22-(+AJ22*AB24)),IF(Y24="Probabilidad",AJ23,""))),"") | AK24: =IFERROR(IF(OR(AND(AG24="Muy Baja",AI24="Leve"),AND(AG24="Muy Baja",AI24="Menor"),AND(AG24="Baja",AI24="Leve")),"Bajo",IF(OR(AND(AG24="Muy baja",AI24="Moderado"),AND(AG24="Baja",AI24="Menor"),AND(AG24="Baja",AI24="Moderado"),AND(AG24="Media",AI24="Leve"),AND(AG24="Media",AI24="Menor"),AND(AG24="Media",AI24="Moderado"),AND(AG24="Alta",AI24="Leve"),AND(AG24="Alta",AI24="Menor")),"Moderado",IF(OR(AND(AG24="Muy Baja",AI24="Mayor"),AND(AG24="Baja",AI24="Mayor"),AND(AG24="Media",AI24="Mayor"),AND(AG24="Alta",AI24="Moderado"),AND(AG24="Alta",AI24="Mayor"),AND(AG24="Muy Alta",AI24="Leve"),AND(AG24="Muy Alta",AI24="Menor"),AND(AG24="Muy Alta",AI24="Moderado"),AND(AG24="Muy Alta",AI24="Mayor")),"Alto",IF(OR(AND(AG24="Muy Baja",AI24="Catastrófico"),AND(AG24="Baja",AI24="Catastrófico"),AND(AG24="Media",AI24="Catastrófico"),AND(AG24="Alta",AI24="Catastrófico"),AND(AG24="Muy Alta",AI24="Catastrófico")),"Extremo","")))),"")
A25: 3 | B25: OAP_01 | C25: Planeación | D25: Oficina Asesora de Planeación | E25: Económico y Reputacional | F25: No prestación en la atención integral de los servicios de salud a los usuarios del Subsistema de las Fuerzas Militares. | G25: Inadecuada identificación de necesidades para la adquisición de bienes y/o servicios. | H25: Posibilidad de afectación económica por la no prestación integral de los servicios de salud a los usuarios del HOMIL, debido a la inadecuada identificación de necesidades para la adquisición de bienes y/o servicios. | M25: Ejecución y Administración de procesos | O25: 1 | P25: =IF(O25<=0,"",IF(O25<=2,"Muy Baja",IF(O25<=24,"Baja",IF(O25<=500,"Media",IF(O25<=5000,"Alta","Muy Alta"))))) -> Muy Baja | Q25: =IF(P25="","",IF(P25="Muy Baja",0.2,IF(P25="Baja",0.4,IF(P25="Media",0.6,IF(P25="Alta",0.8,IF(P25="Muy Alta",1,)))))) -> 0.2 | R25: Entre 100 y 500 SMLMV | S25: =IF(NOT(ISERROR(MATCH(R25,'Tabla Impacto'!$B$221:$B$223,0))),'Tabla Impacto'!$F$223&"Por favor no seleccionar los criterios de impacto(Afectación Económica o presupuestal y Pérdida Reputacional)",R25) -> Entre 100 y 500 SMLMV | T25: =+IF(OR(S25='[1]Tabla Impacto'!$C$11,S25='[1]Tabla Impacto'!$D$11),"Leve",IF(OR(S25='[1]Tabla Impacto'!$C$12,S25='[1]Tabla Impacto'!$D$12),"Menor",IF(OR(S25='[1]Tabla Impacto'!$C$13,S25='[1]Tabla Impacto'!$D$13),"Moderado",IF(OR(S25='[1]Tabla Impacto'!$C$14,S25='[1]Tabla Impacto'!$D$14),"Mayor",IF(OR(S25='[1]Tabla Impacto'!$C$15,S25='[1]Tabla Impacto'!$D$15),"Catastrófico",""))))) -> Mayor | U25: =IF(T25="","",IF(T25="Leve",0.2,IF(T25="Menor",0.4,IF(T25="Moderado",0.6,IF(T25="Mayor",0.8,IF(T25="Catastrófico",1,)))))) -> 0.8 | V25: =IF(OR(AND(P25="Muy Baja",T25="Leve"),AND(P25="Muy Baja",T25="Menor"),AND(P25="Baja",T25="Leve")),"Bajo",IF(OR(AND(P25="Muy baja",T25="Moderado"),AND(P25="Baja",T25="Menor"),AND(P25="Baja",T25="Moderado"),AND(P25="Media",T25="Leve"),AND(P25="Media",T25="Menor"),AND(P25="Media",T25="Moderado"),AND(P25="Alta",T25="Leve"),AND(P25="Alta",T25="Menor")),"Moderado",IF(OR(AND(P25="Muy Baja",T25="Mayor"),AND(P25="Baja",T25="Mayor"),AND(P25="Media",T25="Mayor"),AND(P25="Alta",T25="Moderado"),AND(P25="Alta",T25="Mayor"),AND(P25="Muy Alta",T25="Leve"),AND(P25="Muy Alta",T25="Menor"),AND(P25="Muy Alta",T25="Moderado"),AND(P25="Muy Alta",T25="Mayor")),"Alto",IF(OR(AND(P25="Muy Baja",T25="Catastrófico"),AND(P25="Baja",T25="Catastrófico"),AND(P25="Media",T25="Catastrófico"),AND(P25="Alta",T25="Catastrófico"),AND(P25="Muy Alta",T25="Catastrófico")),"Extremo","")))) -> Alto | W25: 1 | X25: El profesional de la Oficina Asesora de Planeación elabora la directiva y envía formato del Plan de Adquisiciones de manera anual a los Subdirectores, jefes de unidad, jefes de Oficina y demás responsables de áreas o servicios, con el fin de emitir los lineamientos para identificación y consolidación de necesidades de bienes y/o servicios a contratar en la siguiente vigencia. | Y25: =IF(OR(Z25="Preventivo",Z25="Detectivo"),"Probabilidad",IF(Z25="Correctivo","Impacto","")) -> Probabilidad | Z25: Preventivo | AA25: Manual | AB25: =IF(AND(Z25="Preventivo",AA25="Automático"),"50%",IF(AND(Z25="Preventivo",AA25="Manual"),"40%",IF(AND(Z25="Detectivo",AA25="Automático"),"40%",IF(AND(Z25="Detectivo",AA25="Manual"),"30%",IF(AND(Z25="Correctivo",AA25="Automático"),"35%",IF(AND(Z25="Correctivo",AA25="Manual"),"25%","")))))) -> 40% | AC25: Documentado | AD25: Continua | AE25: Con Registro | AF25: =IFERROR(IF(Y25="Probabilidad",(Q25-(+Q25*AB25)),IF(Y25="Impacto",Q25,"")),"") -> 0.12 | AG25: =IFERROR(IF(AF25="","",IF(AF25<=0.2,"Muy Baja",IF(AF25<=0.4,"Baja",IF(AF25<=0.6,"Media",IF(AF25<=0.8,"Alta","Muy Alta"))))),"") -> Muy Baja | AH25: =+AF25 -> 0.12 | AI25: =IFERROR(IF(AJ25="","",IF(AJ25<=0.2,"Leve",IF(AJ25<=0.4,"Menor",IF(AJ25<=0.6,"Moderado",IF(AJ25<=0.8,"Mayor","Catastrófico"))))),"") -> Mayor | AJ25: =IFERROR(IF(Y25="Impacto",(U25-(+U25*AB25)),IF(Y25="Probabilidad",U25,"")),"") -> 0.8 | AK25: =IFERROR(IF(OR(AND(AG25="Muy Baja",AI25="Leve"),AND(AG25="Muy Baja",AI25="Menor"),AND(AG25="Baja",AI25="Leve")),"Bajo",IF(OR(AND(AG25="Muy baja",AI25="Moderado"),AND(AG25="Baja",AI25="Menor"),AND(AG25="Baja",AI25="Moderado"),AND(AG25="Media",AI25="Leve"),AND(AG25="Media",AI25="Menor"),AND(AG25="Media",AI25="Moderado"),AND(AG25="Alta",AI25="Leve"),AND(AG25="Alta",AI25="Menor")),"Moderado",IF(OR(AND(AG25="Muy Baja",AI25="Mayor"),AND(AG25="Baja",AI25="Mayor"),AND(AG25="Media",AI25="Mayor"),AND(AG25="Alta",AI25="Moderado"),AND(AG25="Alta",AI25="Mayor"),AND(AG25="Muy Alta",AI25="Leve"),AND(AG25="Muy Alta",AI25="Menor"),AND(AG25="Muy Alta",AI25="Moderado"),AND(AG25="Muy Alta",AI25="Mayor")),"Alto",IF(OR(AND(AG25="Muy Baja",AI25="Catastrófico"),AND(AG25="Baja",AI25="Catastrófico"),AND(AG25="Media",AI25="Catastrófico"),AND(AG25="Alta",AI25="Catastrófico"),AND(AG25="Muy Alta",AI25="Catastrófico")),"Extremo","")))),"") -> Alto | AL25: Reducir (mitigar) | AM25: Realización de mesa de trabajo para la Socialización de la Directiva y diligenciamiento del formato de requerimientos del Plan Anual de Adquisiciones | AN25: Andrea Polanía González | AO25: 04 de Octubre | AP25: 04 de Octubre | AQ25: Acta de reunión, listado de asistencia, envío de correo electrónico con documentos presentados en la socialización | AR25: Finalizado
S26: =IF(NOT(ISERROR(MATCH(R26,_xlfn.ANCHORARRAY(H37),0))),Q39&"Por favor no seleccionar los criterios de impacto",R26) -> 0 | W26: 2 | X26: El profesional de la Oficina Asesora de Planeación desarrolla de manera anual mesas de trabajo con jefes de unidad, jefes de oficina y demás responsables de áreas y servicios, según cronograma establecido en la directiva del Plan anual de Adquisiciones, para realizar divulgación de los lineamientos definidos y brindar acompañamiento en la identificación y diligenciamiento de los formatos solicitados, así como para la validación y aprobación de las necesidades proyectadas por cada una de las unidades por parte de los Subdirectores. | Y26: =IF(OR(Z26="Preventivo",Z26="Detectivo"),"Probabilidad",IF(Z26="Correctivo","Impacto","")) -> Probabilidad | Z26: Preventivo | AA26: Manual | AB26: =IF(AND(Z26="Preventivo",AA26="Automático"),"50%",IF(AND(Z26="Preventivo",AA26="Manual"),"40%",IF(AND(Z26="Detectivo",AA26="Automático"),"40%",IF(AND(Z26="Detectivo",AA26="Manual"),"30%",IF(AND(Z26="Correctivo",AA26="Automático"),"35%",IF(AND(Z26="Correctivo",AA26="Manual"),"25%","")))))) -> 40% | AC26: documentado | AD26: Continua | AE26: Con Registro | AF26: =IFERROR(IF(AND(Y25="Probabilidad",Y26="Probabilidad"),(AH25-(+AH25*AB26)),IF(Y26="Probabilidad",(Q25-(+Q25*AB26)),IF(Y26="Impacto",AH25,""))),"") -> 0.072 | AG26: =IFERROR(IF(AF26="","",IF(AF26<=0.2,"Muy Baja",IF(AF26<=0.4,"Baja",IF(AF26<=0.6,"Media",IF(AF26<=0.8,"Alta","Muy Alta"))))),"") -> Muy Baja | AH26: =+AF26 -> 0.072 | AI26: =IFERROR(IF(AJ26="","",IF(AJ26<=0.2,"Leve",IF(AJ26<=0.4,"Menor",IF(AJ26<=0.6,"Moderado",IF(AJ26<=0.8,"Mayor","Catastrófico"))))),"") -> Mayor | AJ26: =IFERROR(IF(AND(Y25="Impacto",Y26="Impacto"),(AJ25-(+AJ25*AB26)),IF(Y26="Impacto",(U25-(+U25*AB26)),IF(Y26="Probabilidad",AJ25,""))),"") -> 0.8 | AK26: =IFERROR(IF(OR(AND(AG26="Muy Baja",AI26="Leve"),AND(AG26="Muy Baja",AI26="Menor"),AND(AG26="Baja",AI26="Leve")),"Bajo",IF(OR(AND(AG26="Muy baja",AI26="Moderado"),AND(AG26="Baja",AI26="Menor"),AND(AG26="Baja",AI26="Moderado"),AND(AG26="Media",AI26="Leve"),AND(AG26="Media",AI26="Menor"),AND(AG26="Media",AI26="Moderado"),AND(AG26="Alta",AI26="Leve"),AND(AG26="Alta",AI26="Menor")),"Moderado",IF(OR(AND(AG26="Muy Baja",AI26="Mayor"),AND(AG26="Baja",AI26="Mayor"),AND(AG26="Media",AI26="Mayor"),AND(AG26="Alta",AI26="Moderado"),AND(AG26="Alta",AI26="Mayor"),AND(AG26="Muy Alta",AI26="Leve"),AND(AG26="Muy Alta",AI26="Menor"),AND(AG26="Muy Alta",AI26="Moderado"),AND(AG26="Muy Alta",AI26="Mayor")),"Alto",IF(OR(AND(AG26="Muy Baja",AI26="Catastrófico"),AND(AG26="Baja",AI26="Catastrófico"),AND(AG26="Media",AI26="Catastrófico"),AND(AG26="Alta",AI26="Catastrófico"),AND(AG26="Muy Alta",AI26="Catastrófico")),"Extremo","")))),"") -> Alto | AL26: Reducir (mitigar) | AM26: Realización de mesas de trabajo adicionales, para aquellas áreas y/o servicios en los que se hace necesario validar de manera detallada la información remitida o re-valiar requerimientos planteados | AN26: Andrea Polanía González | AO26: 30 de noviembre | AP26: 30 de noviembre | AQ26: Acta de reunión, listado de asistencia, envío de correo electrónico con solicitud de ajustes | AR26: Finalizado
S27: =IF(NOT(ISERROR(MATCH(R27,_xlfn.ANCHORARRAY(H38),0))),Q40&"Por favor no seleccionar los criterios de impacto",R27) -> 0 | W27: 3 | X27: El profesional de la Oficina Asesora de Planeación convoca al Comité Institucional de Gestión y Desempeño de manera anual, para la presentación de la desagregación presupuestal según Decreto de Liquidación de la vigencia y aprobación del Plan de Adquisiciones consolidado. | Y27: =IF(OR(Z27="Preventivo",Z27="Detectivo"),"Probabilidad",IF(Z27="Correctivo","Impacto","")) -> Probabilidad | Z27: Preventivo | AA27: Manual | AB27: =IF(AND(Z27="Preventivo",AA27="Automático"),"50%",IF(AND(Z27="Preventivo",AA27="Manual"),"40%",IF(AND(Z27="Detectivo",AA27="Automático"),"40%",IF(AND(Z27="Detectivo",AA27="Manual"),"30%",IF(AND(Z27="Correctivo",AA27="Automático"),"35%",IF(AND(Z27="Correctivo",AA27="Manual"),"25%","")))))) -> 40% | AC27: Documentado | AD27: Continua | AE27: Con Registro | AF27: =IFERROR(IF(AND(Y26="Probabilidad",Y27="Probabilidad"),(AH26-(+AH26*AB27)),IF(Y27="Probabilidad",(Q26-(+Q26*AB27)),IF(Y27="Impacto",AH26,""))),"") -> 0.0432 | AG27: =IFERROR(IF(AF27="","",IF(AF27<=0.2,"Muy Baja",IF(AF27<=0.4,"Baja",IF(AF27<=0.6,"Media",IF(AF27<=0.8,"Alta","Muy Alta"))))),"") -> Muy Baja | AH27: =+AF27 -> 0.0432 | AI27: =IFERROR(IF(AJ27="","",IF(AJ27<=0.2,"Leve",IF(AJ27<=0.4,"Menor",IF(AJ27<=0.6,"Moderado",IF(AJ27<=0.8,"Mayor","Catastrófico"))))),"") -> Mayor | AJ27: =IFERROR(IF(AND(Y26="Impacto",Y27="Impacto"),(AJ26-(+AJ26*AB27)),IF(AND(Y26="Probabilidad",Y27="Impacto"),(AJ25-(+AJ25*AB27)),IF(Y27="Probabilidad",AJ26,""))),"") -> 0.8 | AK27: =IFERROR(IF(OR(AND(AG27="Muy Baja",AI27="Leve"),AND(AG27="Muy Baja",AI27="Menor"),AND(AG27="Baja",AI27="Leve")),"Bajo",IF(OR(AND(AG27="Muy baja",AI27="Moderado"),AND(AG27="Baja",AI27="Menor"),AND(AG27="Baja",AI27="Moderado"),AND(AG27="Media",AI27="Leve"),AND(AG27="Media",AI27="Menor"),AND(AG27="Media",AI27="Moderado"),AND(AG27="Alta",AI27="Leve"),AND(AG27="Alta",AI27="Menor")),"Moderado",IF(OR(AND(AG27="Muy Baja",AI27="Mayor"),AND(AG27="Baja",AI27="Mayor"),AND(AG27="Media",AI27="Mayor"),AND(AG27="Alta",AI27="Moderado"),AND(AG27="Alta",AI27="Mayor"),AND(AG27="Muy Alta",AI27="Leve"),AND(AG27="Muy Alta",AI27="Menor"),AND(AG27="Muy Alta",AI27="Moderado"),AND(AG27="Muy Alta",AI27="Mayor")),"Alto",IF(OR(AND(AG27="Muy Baja",AI27="Catastrófico"),AND(AG27="Baja",AI27="Catastrófico"),AND(AG27="Media",AI27="Catastrófico"),AND(AG27="Alta",AI27="Catastrófico"),AND(AG27="Muy Alta",AI27="Catastrófico")),"Extremo","")))),"") -> Alto | AL27: Reducir (mitigar)
S28: =IF(NOT(ISERROR(MATCH(R28,_xlfn.ANCHORARRAY(H39),0))),Q41&"Por favor no seleccionar los criterios de impacto",R28) -> 0 | W28: 4 | Y28: =IF(OR(Z28="Preventivo",Z28="Detectivo"),"Probabilidad",IF(Z28="Correctivo","Impacto","")) | AB28: =IF(AND(Z28="Preventivo",AA28="Automático"),"50%",IF(AND(Z28="Preventivo",AA28="Manual"),"40%",IF(AND(Z28="Detectivo",AA28="Automático"),"40%",IF(AND(Z28="Detectivo",AA28="Manual"),"30%",IF(AND(Z28="Correctivo",AA28="Automático"),"35%",IF(AND(Z28="Correctivo",AA28="Manual"),"25%","")))))) | AF28: =IFERROR(IF(AND(Y27="Probabilidad",Y28="Probabilidad"),(AH27-(+AH27*AB28)),IF(Y28="Probabilidad",(Q27-(+Q27*AB28)),IF(Y28="Impacto",AH27,""))),"") | AG28: =IFERROR(IF(AF28="","",IF(AF28<=0.2,"Muy Baja",IF(AF28<=0.4,"Baja",IF(AF28<=0.6,"Media",IF(AF28<=0.8,"Alta","Muy Alta"))))),"") | AH28: =+AF28 | AI28: =IFERROR(IF(AJ28="","",IF(AJ28<=0.2,"Leve",IF(AJ28<=0.4,"Menor",IF(AJ28<=0.6,"Moderado",IF(AJ28<=0.8,"Mayor","Catastrófico"))))),"") | AJ28: =IFERROR(IF(AND(Y27="Impacto",Y28="Impacto"),(AJ27-(+AJ27*AB28)),IF(AND(Y27="Probabilidad",Y28="Impacto"),(AJ26-(+AJ26*AB28)),IF(Y28="Probabilidad",AJ27,""))),"") | AK28: =IFERROR(IF(OR(AND(AG28="Muy Baja",AI28="Leve"),AND(AG28="Muy Baja",AI28="Menor"),AND(AG28="Baja",AI28="Leve")),"Bajo",IF(OR(AND(AG28="Muy baja",AI28="Moderado"),AND(AG28="Baja",AI28="Menor"),AND(AG28="Baja",AI28="Moderado"),AND(AG28="Media",AI28="Leve"),AND(AG28="Media",AI28="Menor"),AND(AG28="Media",AI28="Moderado"),AND(AG28="Alta",AI28="Leve"),AND(AG28="Alta",AI28="Menor")),"Moderado",IF(OR(AND(AG28="Muy Baja",AI28="Mayor"),AND(AG28="Baja",AI28="Mayor"),AND(AG28="Media",AI28="Mayor"),AND(AG28="Alta",AI28="Moderado"),AND(AG28="Alta",AI28="Mayor"),AND(AG28="Muy Alta",AI28="Leve"),AND(AG28="Muy Alta",AI28="Menor"),AND(AG28="Muy Alta",AI28="Moderado"),AND(AG28="Muy Alta",AI28="Mayor")),"Alto",IF(OR(AND(AG28="Muy Baja",AI28="Catastrófico"),AND(AG28="Baja",AI28="Catastrófico"),AND(AG28="Media",AI28="Catastrófico"),AND(AG28="Alta",AI28="Catastrófico"),AND(AG28="Muy Alta",AI28="Catastrófico")),"Extremo","")))),"")
S29: =IF(NOT(ISERROR(MATCH(R29,_xlfn.ANCHORARRAY(H40),0))),Q42&"Por favor no seleccionar los criterios de impacto",R29) -> 0 | W29: 5 | Y29: =IF(OR(Z29="Preventivo",Z29="Detectivo"),"Probabilidad",IF(Z29="Correctivo","Impacto","")) | AB29: =IF(AND(Z29="Preventivo",AA29="Automático"),"50%",IF(AND(Z29="Preventivo",AA29="Manual"),"40%",IF(AND(Z29="Detectivo",AA29="Automático"),"40%",IF(AND(Z29="Detectivo",AA29="Manual"),"30%",IF(AND(Z29="Correctivo",AA29="Automático"),"35%",IF(AND(Z29="Correctivo",AA29="Manual"),"25%","")))))) | AF29: =IFERROR(IF(AND(Y28="Probabilidad",Y29="Probabilidad"),(AH28-(+AH28*AB29)),IF(Y29="Probabilidad",(Q28-(+Q28*AB29)),IF(Y29="Impacto",AH28,""))),"") | AG29: =IFERROR(IF(AF29="","",IF(AF29<=0.2,"Muy Baja",IF(AF29<=0.4,"Baja",IF(AF29<=0.6,"Media",IF(AF29<=0.8,"Alta","Muy Alta"))))),"") | AH29: =+AF29 | AI29: =IFERROR(IF(AJ29="","",IF(AJ29<=0.2,"Leve",IF(AJ29<=0.4,"Menor",IF(AJ29<=0.6,"Moderado",IF(AJ29<=0.8,"Mayor","Catastrófico"))))),"") | AJ29: =IFERROR(IF(AND(Y28="Impacto",Y29="Impacto"),(AJ28-(+AJ28*AB29)),IF(AND(Y28="Probabilidad",Y29="Impacto"),(AJ27-(+AJ27*AB29)),IF(Y29="Probabilidad",AJ28,""))),"") | AK29: =IFERROR(IF(OR(AND(AG29="Muy Baja",AI29="Leve"),AND(AG29="Muy Baja",AI29="Menor"),AND(AG29="Baja",AI29="Leve")),"Bajo",IF(OR(AND(AG29="Muy baja",AI29="Moderado"),AND(AG29="Baja",AI29="Menor"),AND(AG29="Baja",AI29="Moderado"),AND(AG29="Media",AI29="Leve"),AND(AG29="Media",AI29="Menor"),AND(AG29="Media",AI29="Moderado"),AND(AG29="Alta",AI29="Leve"),AND(AG29="Alta",AI29="Menor")),"Moderado",IF(OR(AND(AG29="Muy Baja",AI29="Mayor"),AND(AG29="Baja",AI29="Mayor"),AND(AG29="Media",AI29="Mayor"),AND(AG29="Alta",AI29="Moderado"),AND(AG29="Alta",AI29="Mayor"),AND(AG29="Muy Alta",AI29="Leve"),AND(AG29="Muy Alta",AI29="Menor"),AND(AG29="Muy Alta",AI29="Moderado"),AND(AG29="Muy Alta",AI29="Mayor")),"Alto",IF(OR(AND(AG29="Muy Baja",AI29="Catastrófico"),AND(AG29="Baja",AI29="Catastrófico"),AND(AG29="Media",AI29="Catastrófico"),AND(AG29="Alta",AI29="Catastrófico"),AND(AG29="Muy Alta",AI29="Catastrófico")),"Extremo","")))),"")
S30: =IF(NOT(ISERROR(MATCH(R30,_xlfn.ANCHORARRAY(H41),0))),Q43&"Por favor no seleccionar los criterios de impacto",R30) -> 0 | W30: 6 | Y30: =IF(OR(Z30="Preventivo",Z30="Detectivo"),"Probabilidad",IF(Z30="Correctivo","Impacto","")) | AB30: =IF(AND(Z30="Preventivo",AA30="Automático"),"50%",IF(AND(Z30="Preventivo",AA30="Manual"),"40%",IF(AND(Z30="Detectivo",AA30="Automático"),"40%",IF(AND(Z30="Detectivo",AA30="Manual"),"30%",IF(AND(Z30="Correctivo",AA30="Automático"),"35%",IF(AND(Z30="Correctivo",AA30="Manual"),"25%","")))))) | AF30: =IFERROR(IF(AND(Y29="Probabilidad",Y30="Probabilidad"),(AH29-(+AH29*AB30)),IF(Y30="Probabilidad",(Q29-(+Q29*AB30)),IF(Y30="Impacto",AH29,""))),"") | AG30: =IFERROR(IF(AF30="","",IF(AF30<=0.2,"Muy Baja",IF(AF30<=0.4,"Baja",IF(AF30<=0.6,"Media",IF(AF30<=0.8,"Alta","Muy Alta"))))),"") | AH30: =+AF30 | AI30: =IFERROR(IF(AJ30="","",IF(AJ30<=0.2,"Leve",IF(AJ30<=0.4,"Menor",IF(AJ30<=0.6,"Moderado",IF(AJ30<=0.8,"Mayor","Catastrófico"))))),"") | AJ30: =IFERROR(IF(AND(Y29="Impacto",Y30="Impacto"),(AJ29-(+AJ29*AB30)),IF(AND(Y29="Probabilidad",Y30="Impacto"),(AJ28-(+AJ28*AB30)),IF(Y30="Probabilidad",AJ29,""))),"") | AK30: =IFERROR(IF(OR(AND(AG30="Muy Baja",AI30="Leve"),AND(AG30="Muy Baja",AI30="Menor"),AND(AG30="Baja",AI30="Leve")),"Bajo",IF(OR(AND(AG30="Muy baja",AI30="Moderado"),AND(AG30="Baja",AI30="Menor"),AND(AG30="Baja",AI30="Moderado"),AND(AG30="Media",AI30="Leve"),AND(AG30="Media",AI30="Menor"),AND(AG30="Media",AI30="Moderado"),AND(AG30="Alta",AI30="Leve"),AND(AG30="Alta",AI30="Menor")),"Moderado",IF(OR(AND(AG30="Muy Baja",AI30="Mayor"),AND(AG30="Baja",AI30="Mayor"),AND(AG30="Media",AI30="Mayor"),AND(AG30="Alta",AI30="Moderado"),AND(AG30="Alta",AI30="Mayor"),AND(AG30="Muy Alta",AI30="Leve"),AND(AG30="Muy Alta",AI30="Menor"),AND(AG30="Muy Alta",AI30="Moderado"),AND(AG30="Muy Alta",AI30="Mayor")),"Alto",IF(OR(AND(AG30="Muy Baja",AI30="Catastrófico"),AND(AG30="Baja",AI30="Catastrófico"),AND(AG30="Media",AI30="Catastrófico"),AND(AG30="Alta",AI30="Catastrófico"),AND(AG30="Muy Alta",AI30="Catastrófico")),"Extremo","")))),"")
A31: 4 | B31: OAP_02 | C31: Planeación | D31: Oficina Asesora de Planeación | E31: Económico y Reputacional | F31: Multas, sanciones por parte de entes de control y desconfianza por parte de la ciudadanía, grupos de valor, usuarios internos y externos. | G31: Fallas en la verificación de la información reportada en el aplicativo (Suite Visión Empresarial) y errores en la transcripción y procesamiento de datos. | H31: Posibilidad de afectación económica y reputacional por multas, sanciones por parte de entes de control y desconfianza por parte de la ciudadanía, grupos de valor, usuarios internos y externos, debido a fallas en la verificación de la información reportada en el aplicativo (Suite Visión Empresarial) y errores en la transcripción y procesamiento de datos. | M31: Ejecución y Administración de procesos | O31: 12 | P31: =IF(O31<=0,"",IF(O31<=2,"Muy Baja",IF(O31<=24,"Baja",IF(O31<=500,"Media",IF(O31<=5000,"Alta","Muy Alta"))))) -> Baja | Q31: =IF(P31="","",IF(P31="Muy Baja",0.2,IF(P31="Baja",0.4,IF(P31="Media",0.6,IF(P31="Alta",0.8,IF(P31="Muy Alta",1,)))))) -> 0.4 | R31: El riesgo afecta la imagen de la entidad con algunos usuarios de relevancia frente al logro de los objetivos | S31: =IF(NOT(ISERROR(MATCH(R31,'Tabla Impacto'!$B$221:$B$223,0))),'Tabla Impacto'!$F$223&"Por favor no seleccionar los criterios de impacto(Afectación Económica o presupuestal y Pérdida Reputacional)",R31) -> El riesgo afecta la imagen de la entidad con algunos usuarios de relevancia frente al logro de los objetivos | T31: =+IF(OR(S31='[1]Tabla Impacto'!$C$11,S31='[1]Tabla Impacto'!$D$11),"Leve",IF(OR(S31='[1]Tabla Impacto'!$C$12,S31='[1]Tabla Impacto'!$D$12),"Menor",IF(OR(S31='[1]Tabla Impacto'!$C$13,S31='[1]Tabla Impacto'!$D$13),"Moderado",IF(OR(S31='[1]Tabla Impacto'!$C$14,S31='[1]Tabla Impacto'!$D$14),"Mayor",IF(OR(S31='[1]Tabla Impacto'!$C$15,S31='[1]Tabla Impacto'!$D$15),"Catastrófico",""))))) -> Moderado | U31: =IF(T31="","",IF(T31="Leve",0.2,IF(T31="Menor",0.4,IF(T31="Moderado",0.6,IF(T31="Mayor",0.8,IF(T31="Catastrófico",1,)))))) -> 0.6 | V31: =IF(OR(AND(P31="Muy Baja",T31="Leve"),AND(P31="Muy Baja",T31="Menor"),AND(P31="Baja",T31="Leve")),"Bajo",IF(OR(AND(P31="Muy baja",T31="Moderado"),AND(P31="Baja",T31="Menor"),AND(P31="Baja",T31="Moderado"),AND(P31="Media",T31="Leve"),AND(P31="Media",T31="Menor"),AND(P31="Media",T31="Moderado"),AND(P31="Alta",T31="Leve"),AND(P31="Alta",T31="Menor")),"Moderado",IF(OR(AND(P31="Muy Baja",T31="Mayor"),AND(P31="Baja",T31="Mayor"),AND(P31="Media",T31="Mayor"),AND(P31="Alta",T31="Moderado"),AND(P31="Alta",T31="Mayor"),AND(P31="Muy Alta",T31="Leve"),AND(P31="Muy Alta",T31="Menor"),AND(P31="Muy Alta",T31="Moderado"),AND(P31="Muy Alta",T31="Mayor")),"Alto",IF(OR(AND(P31="Muy Baja",T31="Catastrófico"),AND(P31="Baja",T31="Catastrófico"),AND(P31="Media",T31="Catastrófico"),AND(P31="Alta",T31="Catastrófico"),AND(P31="Muy Alta",T31="Catastrófico")),"Extremo","")))) -> Moderado | W31: 1 | X31: El profesional de la Oficina Asesora de Planeación realiza trimestralmente la verificación de datos de los indicadores estratégicos, comparando lo reportado en el aplicativo (Suite Visión Empresarial) Vs el formato PL-OAPL-PR-09-FT-02, con el fin de cotejar la información suministrada por parte de las dependencias. | Y31: =IF(OR(Z31="Preventivo",Z31="Detectivo"),"Probabilidad",IF(Z31="Correctivo","Impacto","")) -> Probabilidad | Z31: Detectivo | AA31: Manual | AB31: =IF(AND(Z31="Preventivo",AA31="Automático"),"50%",IF(AND(Z31="Preventivo",AA31="Manual"),"40%",IF(AND(Z31="Detectivo",AA31="Automático"),"40%",IF(AND(Z31="Detectivo",AA31="Manual"),"30%",IF(AND(Z31="Correctivo",AA31="Automático"),"35%",IF(AND(Z31="Correctivo",AA31="Manual"),"25%","")))))) -> 30% | AC31: Documentado | AD31: Continua | AE31: Con Registro | AF31: =IFERROR(IF(Y31="Probabilidad",(Q31-(+Q31*AB31)),IF(Y31="Impacto",Q31,"")),"") -> 0.28 | AG31: =IFERROR(IF(AF31="","",IF(AF31<=0.2,"Muy Baja",IF(AF31<=0.4,"Baja",IF(AF31<=0.6,"Media",IF(AF31<=0.8,"Alta","Muy Alta"))))),"") -> Baja | AH31: =+AF31 -> 0.28 | AI31: =IFERROR(IF(AJ31="","",IF(AJ31<=0.2,"Leve",IF(AJ31<=0.4,"Menor",IF(AJ31<=0.6,"Moderado",IF(AJ31<=0.8,"Mayor","Catastrófico"))))),"") -> Moderado | AJ31: =IFERROR(IF(Y31="Impacto",(U31-(+U31*AB31)),IF(Y31="Probabilidad",U31,"")),"") -> 0.6 | AK31: =IFERROR(IF(OR(AND(AG31="Muy Baja",AI31="Leve"),AND(AG31="Muy Baja",AI31="Menor"),AND(AG31="Baja",AI31="Leve")),"Bajo",IF(OR(AND(AG31="Muy baja",AI31="Moderado"),AND(AG31="Baja",AI31="Menor"),AND(AG31="Baja",AI31="Moderado"),AND(AG31="Media",AI31="Leve"),AND(AG31="Media",AI31="Menor"),AND(AG31="Media",AI31="Moderado"),AND(AG31="Alta",AI31="Leve"),AND(AG31="Alta",AI31="Menor")),"Moderado",IF(OR(AND(AG31="Muy Baja",AI31="Mayor"),AND(AG31="Baja",AI31="Mayor"),AND(AG31="Media",AI31="Mayor"),AND(AG31="Alta",AI31="Moderado"),AND(AG31="Alta",AI31="Mayor"),AND(AG31="Muy Alta",AI31="Leve"),AND(AG31="Muy Alta",AI31="Menor"),AND(AG31="Muy Alta",AI31="Moderado"),AND(AG31="Muy Alta",AI31="Mayor")),"Alto",IF(OR(AND(AG31="Muy Baja",AI31="Catastrófico"),AND(AG31="Baja",AI31="Catastrófico"),AND(AG31="Media",AI31="Catastrófico"),AND(AG31="Alta",AI31="Catastrófico"),AND(AG31="Muy Alta",AI31="Catastrófico")),"Extremo","")))),"") -> Moderado | AL31: Aceptar
S32: =IF(NOT(ISERROR(MATCH(R32,_xlfn.ANCHORARRAY(H43),0))),Q45&"Por favor no seleccionar los criterios de impacto",R32) -> 0 | W32: 2 | X32: El profesional de la Oficina Asesora de Planeación realiza mesas de trabajo de manera trimestral con subdirectores y jefes de unidad, con el fin de validar y verificar los resultados obtenidos en los indicadores y actividades estratégicas que conforman el Plan de Acción Institucional. | Y32: =IF(OR(Z32="Preventivo",Z32="Detectivo"),"Probabilidad",IF(Z32="Correctivo","Impacto","")) -> Probabilidad | Z32: Detectivo | AA32: Manual | AB32: =IF(AND(Z32="Preventivo",AA32="Automático"),"50%",IF(AND(Z32="Preventivo",AA32="Manual"),"40%",IF(AND(Z32="Detectivo",AA32="Automático"),"40%",IF(AND(Z32="Detectivo",AA32="Manual"),"30%",IF(AND(Z32="Correctivo",AA32="Automático"),"35%",IF(AND(Z32="Correctivo",AA32="Manual"),"25%","")))))) -> 30% | AC32: Documentado | AD32: Continua | AE32: Con Registro | AF32: =IFERROR(IF(AND(Y31="Probabilidad",Y32="Probabilidad"),(AH31-(+AH31*AB32)),IF(Y32="Probabilidad",(Q31-(+Q31*AB32)),IF(Y32="Impacto",AH31,""))),"") -> 0.196 | AG32: =IFERROR(IF(AF32="","",IF(AF32<=0.2,"Muy Baja",IF(AF32<=0.4,"Baja",IF(AF32<=0.6,"Media",IF(AF32<=0.8,"Alta","Muy Alta"))))),"") -> Muy Baja | AH32: =+AF32 -> 0.196 | AI32: =IFERROR(IF(AJ32="","",IF(AJ32<=0.2,"Leve",IF(AJ32<=0.4,"Menor",IF(AJ32<=0.6,"Moderado",IF(AJ32<=0.8,"Mayor","Catastrófico"))))),"") -> Moderado | AJ32: =IFERROR(IF(AND(Y31="Impacto",Y32="Impacto"),(AJ31-(+AJ31*AB32)),IF(Y32="Impacto",(U31-(+U31*AB32)),IF(Y32="Probabilidad",AJ31,""))),"") -> 0.6 | AK32: =IFERROR(IF(OR(AND(AG32="Muy Baja",AI32="Leve"),AND(AG32="Muy Baja",AI32="Menor"),AND(AG32="Baja",AI32="Leve")),"Bajo",IF(OR(AND(AG32="Muy baja",AI32="Moderado"),AND(AG32="Baja",AI32="Menor"),AND(AG32="Baja",AI32="Moderado"),AND(AG32="Media",AI32="Leve"),AND(AG32="Media",AI32="Menor"),AND(AG32="Media",AI32="Moderado"),AND(AG32="Alta",AI32="Leve"),AND(AG32="Alta",AI32="Menor")),"Moderado",IF(OR(AND(AG32="Muy Baja",AI32="Mayor"),AND(AG32="Baja",AI32="Mayor"),AND(AG32="Media",AI32="Mayor"),AND(AG32="Alta",AI32="Moderado"),AND(AG32="Alta",AI32="Mayor"),AND(AG32="Muy Alta",AI32="Leve"),AND(AG32="Muy Alta",AI32="Menor"),AND(AG32="Muy Alta",AI32="Moderado"),AND(AG32="Muy Alta",AI32="Mayor")),"Alto",IF(OR(AND(AG32="Muy Baja",AI32="Catastrófico"),AND(AG32="Baja",AI32="Catastrófico"),AND(AG32="Media",AI32="Catastrófico"),AND(AG32="Alta",AI32="Catastrófico"),AND(AG32="Muy Alta",AI32="Catastrófico")),"Extremo","")))),"") -> Moderado | AL32: Aceptar
S33: =IF(NOT(ISERROR(MATCH(R33,_xlfn.ANCHORARRAY(H44),0))),Q46&"Por favor no seleccionar los criterios de impacto",R33) -> 0 | W33: 3 | Y33: =IF(OR(Z33="Preventivo",Z33="Detectivo"),"Probabilidad",IF(Z33="Correctivo","Impacto","")) | AB33: =IF(AND(Z33="Preventivo",AA33="Automático"),"50%",IF(AND(Z33="Preventivo",AA33="Manual"),"40%",IF(AND(Z33="Detectivo",AA33="Automático"),"40%",IF(AND(Z33="Detectivo",AA33="Manual"),"30%",IF(AND(Z33="Correctivo",AA33="Automático"),"35%",IF(AND(Z33="Correctivo",AA33="Manual"),"25%","")))))) | AF33: =IFERROR(IF(AND(Y32="Probabilidad",Y33="Probabilidad"),(AH32-(+AH32*AB33)),IF(Y33="Probabilidad",(Q32-(+Q32*AB33)),IF(Y33="Impacto",AH32,""))),"") | AG33: =IFERROR(IF(AF33="","",IF(AF33<=0.2,"Muy Baja",IF(AF33<=0.4,"Baja",IF(AF33<=0.6,"Media",IF(AF33<=0.8,"Alta","Muy Alta"))))),"") | AH33: =+AF33 | AI33: =IFERROR(IF(AJ33="","",IF(AJ33<=0.2,"Leve",IF(AJ33<=0.4,"Menor",IF(AJ33<=0.6,"Moderado",IF(AJ33<=0.8,"Mayor","Catastrófico"))))),"") | AJ33: =IFERROR(IF(AND(Y32="Impacto",Y33="Impacto"),(AJ32-(+AJ32*AB33)),IF(AND(Y32="Probabilidad",Y33="Impacto"),(AJ31-(+AJ31*AB33)),IF(Y33="Probabilidad",AJ32,""))),"") | AK33: =IFERROR(IF(OR(AND(AG33="Muy Baja",AI33="Leve"),AND(AG33="Muy Baja",AI33="Menor"),AND(AG33="Baja",AI33="Leve")),"Bajo",IF(OR(AND(AG33="Muy baja",AI33="Moderado"),AND(AG33="Baja",AI33="Menor"),AND(AG33="Baja",AI33="Moderado"),AND(AG33="Media",AI33="Leve"),AND(AG33="Media",AI33="Menor"),AND(AG33="Media",AI33="Moderado"),AND(AG33="Alta",AI33="Leve"),AND(AG33="Alta",AI33="Menor")),"Moderado",IF(OR(AND(AG33="Muy Baja",AI33="Mayor"),AND(AG33="Baja",AI33="Mayor"),AND(AG33="Media",AI33="Mayor"),AND(AG33="Alta",AI33="Moderado"),AND(AG33="Alta",AI33="Mayor"),AND(AG33="Muy Alta",AI33="Leve"),AND(AG33="Muy Alta",AI33="Menor"),AND(AG33="Muy Alta",AI33="Moderado"),AND(AG33="Muy Alta",AI33="Mayor")),"Alto",IF(OR(AND(AG33="Muy Baja",AI33="Catastrófico"),AND(AG33="Baja",AI33="Catastrófico"),AND(AG33="Media",AI33="Catastrófico"),AND(AG33="Alta",AI33="Catastrófico"),AND(AG33="Muy Alta",AI33="Catastrófico")),"Extremo","")))),"")
S34: =IF(NOT(ISERROR(MATCH(R34,_xlfn.ANCHORARRAY(H45),0))),Q47&"Por favor no seleccionar los criterios de impacto",R34) -> 0 | W34: 4 | Y34: =IF(OR(Z34="Preventivo",Z34="Detectivo"),"Probabilidad",IF(Z34="Correctivo","Impacto","")) | AB34: =IF(AND(Z34="Preventivo",AA34="Automático"),"50%",IF(AND(Z34="Preventivo",AA34="Manual"),"40%",IF(AND(Z34="Detectivo",AA34="Automático"),"40%",IF(AND(Z34="Detectivo",AA34="Manual"),"30%",IF(AND(Z34="Correctivo",AA34="Automático"),"35%",IF(AND(Z34="Correctivo",AA34="Manual"),"25%","")))))) | AF34: =IFERROR(IF(AND(Y33="Probabilidad",Y34="Probabilidad"),(AH33-(+AH33*AB34)),IF(Y34="Probabilidad",(Q33-(+Q33*AB34)),IF(Y34="Impacto",AH33,""))),"") | AG34: =IFERROR(IF(AF34="","",IF(AF34<=0.2,"Muy Baja",IF(AF34<=0.4,"Baja",IF(AF34<=0.6,"Media",IF(AF34<=0.8,"Alta","Muy Alta"))))),"") | AH34: =+AF34 | AI34: =IFERROR(IF(AJ34="","",IF(AJ34<=0.2,"Leve",IF(AJ34<=0.4,"Menor",IF(AJ34<=0.6,"Moderado",IF(AJ34<=0.8,"Mayor","Catastrófico"))))),"") | AJ34: =IFERROR(IF(AND(Y33="Impacto",Y34="Impacto"),(AJ33-(+AJ33*AB34)),IF(AND(Y33="Probabilidad",Y34="Impacto"),(AJ32-(+AJ32*AB34)),IF(Y34="Probabilidad",AJ33,""))),"") | AK34: =IFERROR(IF(OR(AND(AG34="Muy Baja",AI34="Leve"),AND(AG34="Muy Baja",AI34="Menor"),AND(AG34="Baja",AI34="Leve")),"Bajo",IF(OR(AND(AG34="Muy baja",AI34="Moderado"),AND(AG34="Baja",AI34="Menor"),AND(AG34="Baja",AI34="Moderado"),AND(AG34="Media",AI34="Leve"),AND(AG34="Media",AI34="Menor"),AND(AG34="Media",AI34="Moderado"),AND(AG34="Alta",AI34="Leve"),AND(AG34="Alta",AI34="Menor")),"Moderado",IF(OR(AND(AG34="Muy Baja",AI34="Mayor"),AND(AG34="Baja",AI34="Mayor"),AND(AG34="Media",AI34="Mayor"),AND(AG34="Alta",AI34="Moderado"),AND(AG34="Alta",AI34="Mayor"),AND(AG34="Muy Alta",AI34="Leve"),AND(AG34="Muy Alta",AI34="Menor"),AND(AG34="Muy Alta",AI34="Moderado"),AND(AG34="Muy Alta",AI34="Mayor")),"Alto",IF(OR(AND(AG34="Muy Baja",AI34="Catastrófico"),AND(AG34="Baja",AI34="Catastrófico"),AND(AG34="Media",AI34="Catastrófico"),AND(AG34="Alta",AI34="Catastrófico"),AND(AG34="Muy Alta",AI34="Catastrófico")),"Extremo","")))),"")
S35: =IF(NOT(ISERROR(MATCH(R35,_xlfn.ANCHORARRAY(H46),0))),Q48&"Por favor no seleccionar los criterios de impacto",R35) -> 0 | W35: 5 | Y35: =IF(OR(Z35="Preventivo",Z35="Detectivo"),"Probabilidad",IF(Z35="Correctivo","Impacto","")) | AB35: =IF(AND(Z35="Preventivo",AA35="Automático"),"50%",IF(AND(Z35="Preventivo",AA35="Manual"),"40%",IF(AND(Z35="Detectivo",AA35="Automático"),"40%",IF(AND(Z35="Detectivo",AA35="Manual"),"30%",IF(AND(Z35="Correctivo",AA35="Automático"),"35%",IF(AND(Z35="Correctivo",AA35="Manual"),"25%","")))))) | AF35: =IFERROR(IF(AND(Y34="Probabilidad",Y35="Probabilidad"),(AH34-(+AH34*AB35)),IF(Y35="Probabilidad",(Q34-(+Q34*AB35)),IF(Y35="Impacto",AH34,""))),"") | AG35: =IFERROR(IF(AF35="","",IF(AF35<=0.2,"Muy Baja",IF(AF35<=0.4,"Baja",IF(AF35<=0.6,"Media",IF(AF35<=0.8,"Alta","Muy Alta"))))),"") | AH35: =+AF35 | AI35: =IFERROR(IF(AJ35="","",IF(AJ35<=0.2,"Leve",IF(AJ35<=0.4,"Menor",IF(AJ35<=0.6,"Moderado",IF(AJ35<=0.8,"Mayor","Catastrófico"))))),"") | AJ35: =IFERROR(IF(AND(Y34="Impacto",Y35="Impacto"),(AJ34-(+AJ34*AB35)),IF(AND(Y34="Probabilidad",Y35="Impacto"),(AJ33-(+AJ33*AB35)),IF(Y35="Probabilidad",AJ34,""))),"") | AK35: =IFERROR(IF(OR(AND(AG35="Muy Baja",AI35="Leve"),AND(AG35="Muy Baja",AI35="Menor"),AND(AG35="Baja",AI35="Leve")),"Bajo",IF(OR(AND(AG35="Muy baja",AI35="Moderado"),AND(AG35="Baja",AI35="Menor"),AND(AG35="Baja",AI35="Moderado"),AND(AG35="Media",AI35="Leve"),AND(AG35="Media",AI35="Menor"),AND(AG35="Media",AI35="Moderado"),AND(AG35="Alta",AI35="Leve"),AND(AG35="Alta",AI35="Menor")),"Moderado",IF(OR(AND(AG35="Muy Baja",AI35="Mayor"),AND(AG35="Baja",AI35="Mayor"),AND(AG35="Media",AI35="Mayor"),AND(AG35="Alta",AI35="Moderado"),AND(AG35="Alta",AI35="Mayor"),AND(AG35="Muy Alta",AI35="Leve"),AND(AG35="Muy Alta",AI35="Menor"),AND(AG35="Muy Alta",AI35="Moderado"),AND(AG35="Muy Alta",AI35="Mayor")),"Alto",IF(OR(AND(AG35="Muy Baja",AI35="Catastrófico"),AND(AG35="Baja",AI35="Catastrófico"),AND(AG35="Media",AI35="Catastrófico"),AND(AG35="Alta",AI35="Catastrófico"),AND(AG35="Muy Alta",AI35="Catastrófico")),"Extremo","")))),"")
S36: =IF(NOT(ISERROR(MATCH(R36,_xlfn.ANCHORARRAY(H47),0))),Q49&"Por favor no seleccionar los criterios de impacto",R36) -> 0 | W36: 6 | Y36: =IF(OR(Z36="Preventivo",Z36="Detectivo"),"Probabilidad",IF(Z36="Correctivo","Impacto","")) | AB36: =IF(AND(Z36="Preventivo",AA36="Automático"),"50%",IF(AND(Z36="Preventivo",AA36="Manual"),"40%",IF(AND(Z36="Detectivo",AA36="Automático"),"40%",IF(AND(Z36="Detectivo",AA36="Manual"),"30%",IF(AND(Z36="Correctivo",AA36="Automático"),"35%",IF(AND(Z36="Correctivo",AA36="Manual"),"25%","")))))) | AF36: =IFERROR(IF(AND(Y35="Probabilidad",Y36="Probabilidad"),(AH35-(+AH35*AB36)),IF(Y36="Probabilidad",(Q35-(+Q35*AB36)),IF(Y36="Impacto",AH35,""))),"") | AG36: =IFERROR(IF(AF36="","",IF(AF36<=0.2,"Muy Baja",IF(AF36<=0.4,"Baja",IF(AF36<=0.6,"Media",IF(AF36<=0.8,"Alta","Muy Alta"))))),"") | AH36: =+AF36 | AI36: =IFERROR(IF(AJ36="","",IF(AJ36<=0.2,"Leve",IF(AJ36<=0.4,"Menor",IF(AJ36<=0.6,"Moderado",IF(AJ36<=0.8,"Mayor","Catastrófico"))))),"") | AJ36: =IFERROR(IF(AND(Y35="Impacto",Y36="Impacto"),(AJ35-(+AJ35*AB36)),IF(AND(Y35="Probabilidad",Y36="Impacto"),(AJ34-(+AJ34*AB36)),IF(Y36="Probabilidad",AJ35,""))),"") | AK36: =IFERROR(IF(OR(AND(AG36="Muy Baja",AI36="Leve"),AND(AG36="Muy Baja",AI36="Menor"),AND(AG36="Baja",AI36="Leve")),"Bajo",IF(OR(AND(AG36="Muy baja",AI36="Moderado"),AND(AG36="Baja",AI36="Menor"),AND(AG36="Baja",AI36="Moderado"),AND(AG36="Media",AI36="Leve"),AND(AG36="Media",AI36="Menor"),AND(AG36="Media",AI36="Moderado"),AND(AG36="Alta",AI36="Leve"),AND(AG36="Alta",AI36="Menor")),"Moderado",IF(OR(AND(AG36="Muy Baja",AI36="Mayor"),AND(AG36="Baja",AI36="Mayor"),AND(AG36="Media",AI36="Mayor"),AND(AG36="Alta",AI36="Moderado"),AND(AG36="Alta",AI36="Mayor"),AND(AG36="Muy Alta",AI36="Leve"),AND(AG36="Muy Alta",AI36="Menor"),AND(AG36="Muy Alta",AI36="Moderado"),AND(AG36="Muy Alta",AI36="Mayor")),"Alto",IF(OR(AND(AG36="Muy Baja",AI36="Catastrófico"),AND(AG36="Baja",AI36="Catastrófico"),AND(AG36="Media",AI36="Catastrófico"),AND(AG36="Alta",AI36="Catastrófico"),AND(AG36="Muy Alta",AI36="Catastrófico")),"Extremo","")))),"")
A37: 5 | B37: OAP_03 | C37: Planeación | D37: Oficina Asesora de Planeación | E37: Reputacional | F37: Pérdida de credibilidad y desconfianza por parte de la ciudadanía, grupos de valor y usuarios internos y externos. | G37: Respuestas inexactas o sin soportes en el Formulario Único de Avances de la Gestión - FURAG, por parte de las áreas y servicios de la entidad. | H37: Posibilidad de afectación reputacional por pérdida de credibilidad y desconfianza por parte de la ciudadanía, grupos de valor y usuarios internos y externos, debido a respuestas inexactas o sin soportes en el Formulario Único de Avances de la Gestión - FURAG, por parte de las áreas y servicios de la entidad. | M37: Ejecución y Administración de procesos | O37: 1 | P37: =IF(O37<=0,"",IF(O37<=2,"Muy Baja",IF(O37<=24,"Baja",IF(O37<=500,"Media",IF(O37<=5000,"Alta","Muy Alta"))))) -> Muy Baja | Q37: =IF(P37="","",IF(P37="Muy Baja",0.2,IF(P37="Baja",0.4,IF(P37="Media",0.6,IF(P37="Alta",0.8,IF(P37="Muy Alta",1,)))))) -> 0.2 | R37: El riesgo afecta la imagen de de la entidad con efecto publicitario sostenido a nivel de sector administrativo, nivel departamental o municipal | S37: =IF(NOT(ISERROR(MATCH(R37,'Tabla Impacto'!$B$221:$B$223,0))),'Tabla Impacto'!$F$223&"Por favor no seleccionar los criterios de impacto(Afectación Económica o presupuestal y Pérdida Reputacional)",R37) -> El riesgo afecta la imagen de de la entidad con efecto publicitario sostenido a nivel de sector administrativo, nivel departamental o municipal | T37: =+IF(OR(S37='[1]Tabla Impacto'!$C$11,S37='[1]Tabla Impacto'!$D$11),"Leve",IF(OR(S37='[1]Tabla Impacto'!$C$12,S37='[1]Tabla Impacto'!$D$12),"Menor",IF(OR(S37='[1]Tabla Impacto'!$C$13,S37='[1]Tabla Impacto'!$D$13),"Moderado",IF(OR(S37='[1]Tabla Impacto'!$C$14,S37='[1]Tabla Impacto'!$D$14),"Mayor",IF(OR(S37='[1]Tabla Impacto'!$C$15,S37='[1]Tabla Impacto'!$D$15),"Catastrófico",""))))) -> Mayor | U37: =IF(T37="","",IF(T37="Leve",0.2,IF(T37="Menor",0.4,IF(T37="Moderado",0.6,IF(T37="Mayor",0.8,IF(T37="Catastrófico",1,)))))) -> 0.8 | V37: =IF(OR(AND(P37="Muy Baja",T37="Leve"),AND(P37="Muy Baja",T37="Menor"),AND(P37="Baja",T37="Leve")),"Bajo",IF(OR(AND(P37="Muy baja",T37="Moderado"),AND(P37="Baja",T37="Menor"),AND(P37="Baja",T37="Moderado"),AND(P37="Media",T37="Leve"),AND(P37="Media",T37="Menor"),AND(P37="Media",T37="Moderado"),AND(P37="Alta",T37="Leve"),AND(P37="Alta",T37="Menor")),"Moderado",IF(OR(AND(P37="Muy Baja",T37="Mayor"),AND(P37="Baja",T37="Mayor"),AND(P37="Media",T37="Mayor"),AND(P37="Alta",T37="Moderado"),AND(P37="Alta",T37="Mayor"),AND(P37="Muy Alta",T37="Leve"),AND(P37="Muy Alta",T37="Menor"),AND(P37="Muy Alta",T37="Moderado"),AND(P37="Muy Alta",T37="Mayor")),"Alto",IF(OR(AND(P37="Muy Baja",T37="Catastrófico"),AND(P37="Baja",T37="Catastrófico"),AND(P37="Media",T37="Catastrófico"),AND(P37="Alta",T37="Catastrófico"),AND(P37="Muy Alta",T37="Catastrófico")),"Extremo","")))) -> Alto | W37: 1 | X37: El profesional de la Oficina Asesora de Planeación envía anualmente vía correo electrónico el Formulario Único de Reporte de Avances de la Gestión - Furag de la vigencia evaluada a los Jefes de Unidad, líderes de proceso y demás responsables del diligenciamiento del furag, con el fin de revisar y dar repuesta según corresponda a cada una de las diferentes políticas del Modelo Integrado de Planeación y Gestión. | Y37: =IF(OR(Z37="Preventivo",Z37="Detectivo"),"Probabilidad",IF(Z37="Correctivo","Impacto","")) -> Probabilidad | Z37: Preventivo | AA37: Manual | AB37: =IF(AND(Z37="Preventivo",AA37="Automático"),"50%",IF(AND(Z37="Preventivo",AA37="Manual"),"40%",IF(AND(Z37="Detectivo",AA37="Automático"),"40%",IF(AND(Z37="Detectivo",AA37="Manual"),"30%",IF(AND(Z37="Correctivo",AA37="Automático"),"35%",IF(AND(Z37="Correctivo",AA37="Manual"),"25%","")))))) -> 40% | AC37: Sin Documentar | AD37: Continua | AE37: Con Registro | AF37: =IFERROR(IF(Y37="Probabilidad",(Q37-(+Q37*AB37)),IF(Y37="Impacto",Q37,"")),"") -> 0.12 | AG37: =IFERROR(IF(AF37="","",IF(AF37<=0.2,"Muy Baja",IF(AF37<=0.4,"Baja",IF(AF37<=0.6,"Media",IF(AF37<=0.8,"Alta","Muy Alta"))))),"") -> Muy Baja | AH37: =+AF37 -> 0.12 | AI37: =IFERROR(IF(AJ37="","",IF(AJ37<=0.2,"Leve",IF(AJ37<=0.4,"Menor",IF(AJ37<=0.6,"Moderado",IF(AJ37<=0.8,"Mayor","Catastrófico"))))),"") -> Mayor | AJ37: =IFERROR(IF(Y37="Impacto",(U37-(+U37*AB37)),IF(Y37="Probabilidad",U37,"")),"") -> 0.8 | AK37: =IFERROR(IF(OR(AND(AG37="Muy Baja",AI37="Leve"),AND(AG37="Muy Baja",AI37="Menor"),AND(AG37="Baja",AI37="Leve")),"Bajo",IF(OR(AND(AG37="Muy baja",AI37="Moderado"),AND(AG37="Baja",AI37="Menor"),AND(AG37="Baja",AI37="Moderado"),AND(AG37="Media",AI37="Leve"),AND(AG37="Media",AI37="Menor"),AND(AG37="Media",AI37="Moderado"),AND(AG37="Alta",AI37="Leve"),AND(AG37="Alta",AI37="Menor")),"Moderado",IF(OR(AND(AG37="Muy Baja",AI37="Mayor"),AND(AG37="Baja",AI37="Mayor"),AND(AG37="Media",AI37="Mayor"),AND(AG37="Alta",AI37="Moderado"),AND(AG37="Alta",AI37="Mayor"),AND(AG37="Muy Alta",AI37="Leve"),AND(AG37="Muy Alta",AI37="Menor"),AND(AG37="Muy Alta",AI37="Moderado"),AND(AG37="Muy Alta",AI37="Mayor")),"Alto",IF(OR(AND(AG37="Muy Baja",AI37="Catastrófico"),AND(AG37="Baja",AI37="Catastrófico"),AND(AG37="Media",AI37="Catastrófico"),AND(AG37="Alta",AI37="Catastrófico"),AND(AG37="Muy Alta",AI37="Catastrófico")),"Extremo","")))),"") -> Alto | AL37: Reducir (mitigar) | AM37: Validación de preguntas FURAG Vs soportes y/o evidencias entregados por los Jefes de Unidad y/o Jefes de Oficina. | AN37: Nicolás Corredor Ramírez | AO37: 20 de Febrero | AP37: 15 de Abril | AQ37: Repositorio Documental (OneDrive) | AR37: En curso
S38: =IF(NOT(ISERROR(MATCH(R38,_xlfn.ANCHORARRAY(H49),0))),Q51&"Por favor no seleccionar los criterios de impacto",R38) -> 0 | W38: 2 | X38: Los Jefes de Unidad, Líderes de Proceso y demás responsables del reporte del Formulario Único de Reporte de Avances de la Gestión, envían anualmente al Profesional de la Oficina Asesora de Planeación el Furag diligenciado según corresponda, junto con los soportes de respuesta de cada pregunta, con el fin de garantizar el total diligenciamiento y cumplimiento a la normatividad legal vigente aplicable a la entidad. | Y38: =IF(OR(Z38="Preventivo",Z38="Detectivo"),"Probabilidad",IF(Z38="Correctivo","Impacto","")) -> Probabilidad | Z38: Preventivo | AA38: Manual | AB38: =IF(AND(Z38="Preventivo",AA38="Automático"),"50%",IF(AND(Z38="Preventivo",AA38="Manual"),"40%",IF(AND(Z38="Detectivo",AA38="Automático"),"40%",IF(AND(Z38="Detectivo",AA38="Manual"),"30%",IF(AND(Z38="Correctivo",AA38="Automático"),"35%",IF(AND(Z38="Correctivo",AA38="Manual"),"25%","")))))) -> 40% | AC38: Sin Documentar | AD38: Continua | AE38: Con Registro | AF38: =IFERROR(IF(AND(Y37="Probabilidad",Y38="Probabilidad"),(AH37-(+AH37*AB38)),IF(Y38="Probabilidad",(Q37-(+Q37*AB38)),IF(Y38="Impacto",AH37,""))),"") -> 0.072 | AG38: =IFERROR(IF(AF38="","",IF(AF38<=0.2,"Muy Baja",IF(AF38<=0.4,"Baja",IF(AF38<=0.6,"Media",IF(AF38<=0.8,"Alta","Muy Alta"))))),"") -> Muy Baja | AH38: =+AF38 -> 0.072 | AI38: =IFERROR(IF(AJ38="","",IF(AJ38<=0.2,"Leve",IF(AJ38<=0.4,"Menor",IF(AJ38<=0.6,"Moderado",IF(AJ38<=0.8,"Mayor","Catastrófico"))))),"") -> Mayor | AJ38: =IFERROR(IF(AND(Y37="Impacto",Y38="Impacto"),(AJ37-(+AJ37*AB38)),IF(Y38="Impacto",(U37-(+U37*AB38)),IF(Y38="Probabilidad",AJ37,""))),"") -> 0.8 | AK38: =IFERROR(IF(OR(AND(AG38="Muy Baja",AI38="Leve"),AND(AG38="Muy Baja",AI38="Menor"),AND(AG38="Baja",AI38="Leve")),"Bajo",IF(OR(AND(AG38="Muy baja",AI38="Moderado"),AND(AG38="Baja",AI38="Menor"),AND(AG38="Baja",AI38="Moderado"),AND(AG38="Media",AI38="Leve"),AND(AG38="Media",AI38="Menor"),AND(AG38="Media",AI38="Moderado"),AND(AG38="Alta",AI38="Leve"),AND(AG38="Alta",AI38="Menor")),"Moderado",IF(OR(AND(AG38="Muy Baja",AI38="Mayor"),AND(AG38="Baja",AI38="Mayor"),AND(AG38="Media",AI38="Mayor"),AND(AG38="Alta",AI38="Moderado"),AND(AG38="Alta",AI38="Mayor"),AND(AG38="Muy Alta",AI38="Leve"),AND(AG38="Muy Alta",AI38="Menor"),AND(AG38="Muy Alta",AI38="Moderado"),AND(AG38="Muy Alta",AI38="Mayor")),"Alto",IF(OR(AND(AG38="Muy Baja",AI38="Catastrófico"),AND(AG38="Baja",AI38="Catastrófico"),AND(AG38="Media",AI38="Catastrófico"),AND(AG38="Alta",AI38="Catastrófico"),AND(AG38="Muy Alta",AI38="Catastrófico")),"Extremo","")))),"") -> Alto | AL38: Reducir (mitigar)
S39: =IF(NOT(ISERROR(MATCH(R39,_xlfn.ANCHORARRAY(H50),0))),Q52&"Por favor no seleccionar los criterios de impacto",R39) -> 0 | W39: 3 | X39: El profesional de la Oficina Asesora de Planeación, diligencia anualmente la herramienta el línea del Formulario Único de Avances de la Gestión - FURAG, con el fin de dar cumplimiento a la normatividad vigente aplicable a la entidad. | Y39: =IF(OR(Z39="Preventivo",Z39="Detectivo"),"Probabilidad",IF(Z39="Correctivo","Impacto","")) -> Probabilidad | Z39: Preventivo | AA39: Manual | AB39: =IF(AND(Z39="Preventivo",AA39="Automático"),"50%",IF(AND(Z39="Preventivo",AA39="Manual"),"40%",IF(AND(Z39="Detectivo",AA39="Automático"),"40%",IF(AND(Z39="Detectivo",AA39="Manual"),"30%",IF(AND(Z39="Correctivo",AA39="Automático"),"35%",IF(AND(Z39="Correctivo",AA39="Manual"),"25%","")))))) -> 40% | AC39: Sin Documentar | AD39: Continua | AE39: Con Registro | AF39: =IFERROR(IF(AND(Y38="Probabilidad",Y39="Probabilidad"),(AH38-(+AH38*AB39)),IF(Y39="Probabilidad",(Q38-(+Q38*AB39)),IF(Y39="Impacto",AH38,""))),"") -> 0.0432 | AG39: =IFERROR(IF(AF39="","",IF(AF39<=0.2,"Muy Baja",IF(AF39<=0.4,"Baja",IF(AF39<=0.6,"Media",IF(AF39<=0.8,"Alta","Muy Alta"))))),"") -> Muy Baja | AH39: =+AF39 -> 0.0432 | AI39: =IFERROR(IF(AJ39="","",IF(AJ39<=0.2,"Leve",IF(AJ39<=0.4,"Menor",IF(AJ39<=0.6,"Moderado",IF(AJ39<=0.8,"Mayor","Catastrófico"))))),"") -> Mayor | AJ39: =IFERROR(IF(AND(Y38="Impacto",Y39="Impacto"),(AJ38-(+AJ38*AB39)),IF(AND(Y38="Probabilidad",Y39="Impacto"),(AJ37-(+AJ37*AB39)),IF(Y39="Probabilidad",AJ38,""))),"") -> 0.8 | AK39: =IFERROR(IF(OR(AND(AG39="Muy Baja",AI39="Leve"),AND(AG39="Muy Baja",AI39="Menor"),AND(AG39="Baja",AI39="Leve")),"Bajo",IF(OR(AND(AG39="Muy baja",AI39="Moderado"),AND(AG39="Baja",AI39="Menor"),AND(AG39="Baja",AI39="Moderado"),AND(AG39="Media",AI39="Leve"),AND(AG39="Media",AI39="Menor"),AND(AG39="Media",AI39="Moderado"),AND(AG39="Alta",AI39="Leve"),AND(AG39="Alta",AI39="Menor")),"Moderado",IF(OR(AND(AG39="Muy Baja",AI39="Mayor"),AND(AG39="Baja",AI39="Mayor"),AND(AG39="Media",AI39="Mayor"),AND(AG39="Alta",AI39="Moderado"),AND(AG39="Alta",AI39="Mayor"),AND(AG39="Muy Alta",AI39="Leve"),AND(AG39="Muy Alta",AI39="Menor"),AND(AG39="Muy Alta",AI39="Moderado"),AND(AG39="Muy Alta",AI39="Mayor")),"Alto",IF(OR(AND(AG39="Muy Baja",AI39="Catastrófico"),AND(AG39="Baja",AI39="Catastrófico"),AND(AG39="Media",AI39="Catastrófico"),AND(AG39="Alta",AI39="Catastrófico"),AND(AG39="Muy Alta",AI39="Catastrófico")),"Extremo","")))),"") -> Alto | AL39: Reducir (mitigar)
S40: =IF(NOT(ISERROR(MATCH(R40,_xlfn.ANCHORARRAY(H51),0))),Q53&"Por favor no seleccionar los criterios de impacto",R40) -> 0 | W40: 4 | Y40: =IF(OR(Z40="Preventivo",Z40="Detectivo"),"Probabilidad",IF(Z40="Correctivo","Impacto","")) | AB40: =IF(AND(Z40="Preventivo",AA40="Automático"),"50%",IF(AND(Z40="Preventivo",AA40="Manual"),"40%",IF(AND(Z40="Detectivo",AA40="Automático"),"40%",IF(AND(Z40="Detectivo",AA40="Manual"),"30%",IF(AND(Z40="Correctivo",AA40="Automático"),"35%",IF(AND(Z40="Correctivo",AA40="Manual"),"25%","")))))) | AF40: =IFERROR(IF(AND(Y39="Probabilidad",Y40="Probabilidad"),(AH39-(+AH39*AB40)),IF(Y40="Probabilidad",(Q39-(+Q39*AB40)),IF(Y40="Impacto",AH39,""))),"") | AG40: =IFERROR(IF(AF40="","",IF(AF40<=0.2,"Muy Baja",IF(AF40<=0.4,"Baja",IF(AF40<=0.6,"Media",IF(AF40<=0.8,"Alta","Muy Alta"))))),"") | AH40: =+AF40 | AI40: =IFERROR(IF(AJ40="","",IF(AJ40<=0.2,"Leve",IF(AJ40<=0.4,"Menor",IF(AJ40<=0.6,"Moderado",IF(AJ40<=0.8,"Mayor","Catastrófico"))))),"") | AJ40: =IFERROR(IF(AND(Y39="Impacto",Y40="Impacto"),(AJ39-(+AJ39*AB40)),IF(AND(Y39="Probabilidad",Y40="Impacto"),(AJ38-(+AJ38*AB40)),IF(Y40="Probabilidad",AJ39,""))),"") | AK40: =IFERROR(IF(OR(AND(AG40="Muy Baja",AI40="Leve"),AND(AG40="Muy Baja",AI40="Menor"),AND(AG40="Baja",AI40="Leve")),"Bajo",IF(OR(AND(AG40="Muy baja",AI40="Moderado"),AND(AG40="Baja",AI40="Menor"),AND(AG40="Baja",AI40="Moderado"),AND(AG40="Media",AI40="Leve"),AND(AG40="Media",AI40="Menor"),AND(AG40="Media",AI40="Moderado"),AND(AG40="Alta",AI40="Leve"),AND(AG40="Alta",AI40="Menor")),"Moderado",IF(OR(AND(AG40="Muy Baja",AI40="Mayor"),AND(AG40="Baja",AI40="Mayor"),AND(AG40="Media",AI40="Mayor"),AND(AG40="Alta",AI40="Moderado"),AND(AG40="Alta",AI40="Mayor"),AND(AG40="Muy Alta",AI40="Leve"),AND(AG40="Muy Alta",AI40="Menor"),AND(AG40="Muy Alta",AI40="Moderado"),AND(AG40="Muy Alta",AI40="Mayor")),"Alto",IF(OR(AND(AG40="Muy Baja",AI40="Catastrófico"),AND(AG40="Baja",AI40="Catastrófico"),AND(AG40="Media",AI40="Catastrófico"),AND(AG40="Alta",AI40="Catastrófico"),AND(AG40="Muy Alta",AI40="Catastrófico")),"Extremo","")))),"")
S41: =IF(NOT(ISERROR(MATCH(R41,_xlfn.ANCHORARRAY(H52),0))),Q54&"Por favor no seleccionar los criterios de impacto",R41) -> 0 | W41: 5 | Y41: =IF(OR(Z41="Preventivo",Z41="Detectivo"),"Probabilidad",IF(Z41="Correctivo","Impacto","")) | AB41: =IF(AND(Z41="Preventivo",AA41="Automático"),"50%",IF(AND(Z41="Preventivo",AA41="Manual"),"40%",IF(AND(Z41="Detectivo",AA41="Automático"),"40%",IF(AND(Z41="Detectivo",AA41="Manual"),"30%",IF(AND(Z41="Correctivo",AA41="Automático"),"35%",IF(AND(Z41="Correctivo",AA41="Manual"),"25%","")))))) | AF41: =IFERROR(IF(AND(Y40="Probabilidad",Y41="Probabilidad"),(AH40-(+AH40*AB41)),IF(Y41="Probabilidad",(Q40-(+Q40*AB41)),IF(Y41="Impacto",AH40,""))),"") | AG41: =IFERROR(IF(AF41="","",IF(AF41<=0.2,"Muy Baja",IF(AF41<=0.4,"Baja",IF(AF41<=0.6,"Media",IF(AF41<=0.8,"Alta","Muy Alta"))))),"") | AH41: =+AF41 | AI41: =IFERROR(IF(AJ41="","",IF(AJ41<=0.2,"Leve",IF(AJ41<=0.4,"Menor",IF(AJ41<=0.6,"Moderado",IF(AJ41<=0.8,"Mayor","Catastrófico"))))),"") | AJ41: =IFERROR(IF(AND(Y40="Impacto",Y41="Impacto"),(AJ40-(+AJ40*AB41)),IF(AND(Y40="Probabilidad",Y41="Impacto"),(AJ39-(+AJ39*AB41)),IF(Y41="Probabilidad",AJ40,""))),"") | AK41: =IFERROR(IF(OR(AND(AG41="Muy Baja",AI41="Leve"),AND(AG41="Muy Baja",AI41="Menor"),AND(AG41="Baja",AI41="Leve")),"Bajo",IF(OR(AND(AG41="Muy baja",AI41="Moderado"),AND(AG41="Baja",AI41="Menor"),AND(AG41="Baja",AI41="Moderado"),AND(AG41="Media",AI41="Leve"),AND(AG41="Media",AI41="Menor"),AND(AG41="Media",AI41="Moderado"),AND(AG41="Alta",AI41="Leve"),AND(AG41="Alta",AI41="Menor")),"Moderado",IF(OR(AND(AG41="Muy Baja",AI41="Mayor"),AND(AG41="Baja",AI41="Mayor"),AND(AG41="Media",AI41="Mayor"),AND(AG41="Alta",AI41="Moderado"),AND(AG41="Alta",AI41="Mayor"),AND(AG41="Muy Alta",AI41="Leve"),AND(AG41="Muy Alta",AI41="Menor"),AND(AG41="Muy Alta",AI41="Moderado"),AND(AG41="Muy Alta",AI41="Mayor")),"Alto",IF(OR(AND(AG41="Muy Baja",AI41="Catastrófico"),AND(AG41="Baja",AI41="Catastrófico"),AND(AG41="Media",AI41="Catastrófico"),AND(AG41="Alta",AI41="Catastrófico"),AND(AG41="Muy Alta",AI41="Catastrófico")),"Extremo","")))),"")
S42: =IF(NOT(ISERROR(MATCH(R42,_xlfn.ANCHORARRAY(H53),0))),Q55&"Por favor no seleccionar los criterios de impacto",R42) -> 0 | W42: 6 | Y42: =IF(OR(Z42="Preventivo",Z42="Detectivo"),"Probabilidad",IF(Z42="Correctivo","Impacto","")) | AB42: =IF(AND(Z42="Preventivo",AA42="Automático"),"50%",IF(AND(Z42="Preventivo",AA42="Manual"),"40%",IF(AND(Z42="Detectivo",AA42="Automático"),"40%",IF(AND(Z42="Detectivo",AA42="Manual"),"30%",IF(AND(Z42="Correctivo",AA42="Automático"),"35%",IF(AND(Z42="Correctivo",AA42="Manual"),"25%","")))))) | AF42: =IFERROR(IF(AND(Y41="Probabilidad",Y42="Probabilidad"),(AH41-(+AH41*AB42)),IF(Y42="Probabilidad",(Q41-(+Q41*AB42)),IF(Y42="Impacto",AH41,""))),"") | AG42: =IFERROR(IF(AF42="","",IF(AF42<=0.2,"Muy Baja",IF(AF42<=0.4,"Baja",IF(AF42<=0.6,"Media",IF(AF42<=0.8,"Alta","Muy Alta"))))),"") | AH42: =+AF42 | AI42: =IFERROR(IF(AJ42="","",IF(AJ42<=0.2,"Leve",IF(AJ42<=0.4,"Menor",IF(AJ42<=0.6,"Moderado",IF(AJ42<=0.8,"Mayor","Catastrófico"))))),"") | AJ42: =IFERROR(IF(AND(Y41="Impacto",Y42="Impacto"),(AJ41-(+AJ41*AB42)),IF(AND(Y41="Probabilidad",Y42="Impacto"),(AJ40-(+AJ40*AB42)),IF(Y42="Probabilidad",AJ41,""))),"") | AK42: =IFERROR(IF(OR(AND(AG42="Muy Baja",AI42="Leve"),AND(AG42="Muy Baja",AI42="Menor"),AND(AG42="Baja",AI42="Leve")),"Bajo",IF(OR(AND(AG42="Muy baja",AI42="Moderado"),AND(AG42="Baja",AI42="Menor"),AND(AG42="Baja",AI42="Moderado"),AND(AG42="Media",AI42="Leve"),AND(AG42="Media",AI42="Menor"),AND(AG42="Media",AI42="Moderado"),AND(AG42="Alta",AI42="Leve"),AND(AG42="Alta",AI42="Menor")),"Moderado",IF(OR(AND(AG42="Muy Baja",AI42="Mayor"),AND(AG42="Baja",AI42="Mayor"),AND(AG42="Media",AI42="Mayor"),AND(AG42="Alta",AI42="Moderado"),AND(AG42="Alta",AI42="Mayor"),AND(AG42="Muy Alta",AI42="Leve"),AND(AG42="Muy Alta",AI42="Menor"),AND(AG42="Muy Alta",AI42="Moderado"),AND(AG42="Muy Alta",AI42="Mayor")),"Alto",IF(OR(AND(AG42="Muy Baja",AI42="Catastrófico"),AND(AG42="Baja",AI42="Catastrófico"),AND(AG42="Media",AI42="Catastrófico"),AND(AG42="Alta",AI42="Catastrófico"),AND(AG42="Muy Alta",AI42="Catastrófico")),"Extremo","")))),"")
A43: 6 | B43: OAP_04 | C43: Planeación | D43: Gestión de Calidad | E43: Económico y Reputacional | F43: Desarticulación de las partes interesadas en el desarrollo e implementación del sistema de gestión basado en procesos | G43: Inadecuada administración del sistema de gestión de calidad. (Planificación de los procesos). | H43: Posibilidad de afectación económica y reputacional por desarticulación de las partes interesadas en el desarrollo e implementación del sistema de gestión basado en procesos, debido a la no implantación de los sistemas de gestión de calidad en la organización. Planificación de los procesos. | M43: Ejecución y Administración de procesos | O43: 365 | P43: =IF(O43<=0,"",IF(O43<=2,"Muy Baja",IF(O43<=24,"Baja",IF(O43<=500,"Media",IF(O43<=5000,"Alta","Muy Alta"))))) -> Media | Q43: 0 | R43: El riesgo afecta la imagen de la entidad con algunos usuarios de relevancia frente al logro de los objetivos | S43: =IF(NOT(ISERROR(MATCH(R43,'Tabla Impacto'!$B$221:$B$223,0))),'Tabla Impacto'!$F$223&"Por favor no seleccionar los criterios de impacto(Afectación Económica o presupuestal y Pérdida Reputacional)",R43) -> El riesgo afecta la imagen de la entidad con algunos usuarios de relevancia frente al logro de los objetivos | T43: =+IF(OR(S43='[1]Tabla Impacto'!$C$11,S43='[1]Tabla Impacto'!$D$11),"Leve",IF(OR(S43='[1]Tabla Impacto'!$C$12,S43='[1]Tabla Impacto'!$D$12),"Menor",IF(OR(S43='[1]Tabla Impacto'!$C$13,S43='[1]Tabla Impacto'!$D$13),"Moderado",IF(OR(S43='[1]Tabla Impacto'!$C$14,S43='[1]Tabla Impacto'!$D$14),"Mayor",IF(OR(S43='[1]Tabla Impacto'!$C$15,S43='[1]Tabla Impacto'!$D$15),"Catastrófico",""))))) -> Moderado | U43: =IF(T43="","",IF(T43="Leve",0.2,IF(T43="Menor",0.4,IF(T43="Moderado",0.6,IF(T43="Mayor",0.8,IF(T43="Catastrófico",1,)))))) -> 0.6 | V43: =IF(OR(AND(P43="Muy Baja",T43="Leve"),AND(P43="Muy Baja",T43="Menor"),AND(P43="Baja",T43="Leve")),"Bajo",IF(OR(AND(P43="Muy baja",T43="Moderado"),AND(P43="Baja",T43="Menor"),AND(P43="Baja",T43="Moderado"),AND(P43="Media",T43="Leve"),AND(P43="Media",T43="Menor"),AND(P43="Media",T43="Moderado"),AND(P43="Alta",T43="Leve"),AND(P43="Alta",T43="Menor")),"Moderado",IF(OR(AND(P43="Muy Baja",T43="Mayor"),AND(P43="Baja",T43="Mayor"),AND(P43="Media",T43="Mayor"),AND(P43="Alta",T43="Moderado"),AND(P43="Alta",T43="Mayor"),AND(P43="Muy Alta",T43="Leve"),AND(P43="Muy Alta",T43="Menor"),AND(P43="Muy Alta",T43="Moderado"),AND(P43="Muy Alta",T43="Mayor")),"Alto",IF(OR(AND(P43="Muy Baja",T43="Catastrófico"),AND(P43="Baja",T43="Catastrófico"),AND(P43="Media",T43="Catastrófico"),AND(P43="Alta",T43="Catastrófico"),AND(P43="Muy Alta",T43="Catastrófico")),"Extremo","")))) -> Moderado | W43: 1 | X43: El profesional del área de calidad verifica de manera mensual y trimestral el estado de vigencia de los documentos, realiza seguimiento a la implementación de los diferentes sistemas adoptados en la entidad y seguimiento a las acciones de mejora generadas en el sistema de gestión retroalimentando los resultados con el propósito de mantener articulado el sistema de gestión. (Informe mensual de Documentos e indicador de proporción de actualización de documentos que componen SIG). | Y43: =IF(OR(Z43="Preventivo",Z43="Detectivo"),"Probabilidad",IF(Z43="Correctivo","Impacto","")) -> Probabilidad | Z43: Preventivo | AA43: Manual | AB43: =IF(AND(Z43="Preventivo",AA43="Automático"),"50%",IF(AND(Z43="Preventivo",AA43="Manual"),"40%",IF(AND(Z43="Detectivo",AA43="Automático"),"40%",IF(AND(Z43="Detectivo",AA43="Manual"),"30%",IF(AND(Z43="Correctivo",AA43="Automático"),"35%",IF(AND(Z43="Correctivo",AA43="Manual"),"25%","")))))) -> 40% | AC43: Documentado | AD43: Continua | AE43: Con Registro | AF43: =IFERROR(IF(Y43="Probabilidad",(Q43-(+Q43*AB43)),IF(Y43="Impacto",Q43,"")),"") -> 0 | AG43: =IFERROR(IF(AF43="","",IF(AF43<=0.2,"Muy Baja",IF(AF43<=0.4,"Baja",IF(AF43<=0.6,"Media",IF(AF43<=0.8,"Alta","Muy Alta"))))),"") -> Muy Baja | AH43: =+AF43 -> 0 | AI43: =IFERROR(IF(AJ43="","",IF(AJ43<=0.2,"Leve",IF(AJ43<=0.4,"Menor",IF(AJ43<=0.6,"Moderado",IF(AJ43<=0.8,"Mayor","Catastrófico"))))),"") -> Moderado | AJ43: =IFERROR(IF(Y43="Impacto",(U43-(+U43*AB43)),IF(Y43="Probabilidad",U43,"")),"") -> 0.6 | AK43: =IFERROR(IF(OR(AND(AG43="Muy Baja",AI43="Leve"),AND(AG43="Muy Baja",AI43="Menor"),AND(AG43="Baja",AI43="Leve")),"Bajo",IF(OR(AND(AG43="Muy baja",AI43="Moderado"),AND(AG43="Baja",AI43="Menor"),AND(AG43="Baja",AI43="Moderado"),AND(AG43="Media",AI43="Leve"),AND(AG43="Media",AI43="Menor"),AND(AG43="Media",AI43="Moderado"),AND(AG43="Alta",AI43="Leve"),AND(AG43="Alta",AI43="Menor")),"Moderado",IF(OR(AND(AG43="Muy Baja",AI43="Mayor"),AND(AG43="Baja",AI43="Mayor"),AND(AG43="Media",AI43="Mayor"),AND(AG43="Alta",AI43="Moderado"),AND(AG43="Alta",AI43="Mayor"),AND(AG43="Muy Alta",AI43="Leve"),AND(AG43="Muy Alta",AI43="Menor"),AND(AG43="Muy Alta",AI43="Moderado"),AND(AG43="Muy Alta",AI43="Mayor")),"Alto",IF(OR(AND(AG43="Muy Baja",AI43="Catastrófico"),AND(AG43="Baja",AI43="Catastrófico"),AND(AG43="Media",AI43="Catastrófico"),AND(AG43="Alta",AI43="Catastrófico"),AND(AG43="Muy Alta",AI43="Catastrófico")),"Extremo","")))),"") -> Moderado | AL43: Aceptar
S44: =IF(NOT(ISERROR(MATCH(R44,_xlfn.ANCHORARRAY(H55),0))),Q57&"Por favor no seleccionar los criterios de impacto",R44) -> 0 | W44: 2 | X44: El profesional del área de Calidad realiza mensualmente capacitaciones y socializaciones a las diferentes áreas de la entidad, con el fin de fortalecer el acompañamiento metodológico requerido por las áreas. (Seguimiento a la implementación de los diferentes sistemas adoptados en la entidad y seguimiento a las acciones de mejora generadas se reporta con un informe de seguimiento de habilitación, BPE, BPM estas últimas son de gases medicinales) | Y44: =IF(OR(Z44="Preventivo",Z44="Detectivo"),"Probabilidad",IF(Z44="Correctivo","Impacto","")) -> Probabilidad | Z44: Preventivo | AA44: Manual | AB44: =IF(AND(Z44="Preventivo",AA44="Automático"),"50%",IF(AND(Z44="Preventivo",AA44="Manual"),"40%",IF(AND(Z44="Detectivo",AA44="Automático"),"40%",IF(AND(Z44="Detectivo",AA44="Manual"),"30%",IF(AND(Z44="Correctivo",AA44="Automático"),"35%",IF(AND(Z44="Correctivo",AA44="Manual"),"25%","")))))) -> 40% | AC44: Documentado | AD44: Continua | AE44: Con Registro | AF44: =IFERROR(IF(AND(Y43="Probabilidad",Y44="Probabilidad"),(AH43-(+AH43*AB44)),IF(Y44="Probabilidad",(Q43-(+Q43*AB44)),IF(Y44="Impacto",AH43,""))),"") -> 0 | AG44: =IFERROR(IF(AF44="","",IF(AF44<=0.2,"Muy Baja",IF(AF44<=0.4,"Baja",IF(AF44<=0.6,"Media",IF(AF44<=0.8,"Alta","Muy Alta"))))),"") -> Muy Baja | AH44: =+AF44 -> 0 | AI44: =IFERROR(IF(AJ44="","",IF(AJ44<=0.2,"Leve",IF(AJ44<=0.4,"Menor",IF(AJ44<=0.6,"Moderado",IF(AJ44<=0.8,"Mayor","Catastrófico"))))),"") -> Moderado | AJ44: =IFERROR(IF(AND(Y43="Impacto",Y44="Impacto"),(AJ43-(+AJ43*AB44)),IF(Y44="Impacto",(U43-(+U43*AB44)),IF(Y44="Probabilidad",AJ43,""))),"") -> 0.6 | AK44: =IFERROR(IF(OR(AND(AG44="Muy Baja",AI44="Leve"),AND(AG44="Muy Baja",AI44="Menor"),AND(AG44="Baja",AI44="Leve")),"Bajo",IF(OR(AND(AG44="Muy baja",AI44="Moderado"),AND(AG44="Baja",AI44="Menor"),AND(AG44="Baja",AI44="Moderado"),AND(AG44="Media",AI44="Leve"),AND(AG44="Media",AI44="Menor"),AND(AG44="Media",AI44="Moderado"),AND(AG44="Alta",AI44="Leve"),AND(AG44="Alta",AI44="Menor")),"Moderado",IF(OR(AND(AG44="Muy Baja",AI44="Mayor"),AND(AG44="Baja",AI44="Mayor"),AND(AG44="Media",AI44="Mayor"),AND(AG44="Alta",AI44="Moderado"),AND(AG44="Alta",AI44="Mayor"),AND(AG44="Muy Alta",AI44="Leve"),AND(AG44="Muy Alta",AI44="Menor"),AND(AG44="Muy Alta",AI44="Moderado"),AND(AG44="Muy Alta",AI44="Mayor")),"Alto",IF(OR(AND(AG44="Muy Baja",AI44="Catastrófico"),AND(AG44="Baja",AI44="Catastrófico"),AND(AG44="Media",AI44="Catastrófico"),AND(AG44="Alta",AI44="Catastrófico"),AND(AG44="Muy Alta",AI44="Catastrófico")),"Extremo","")))),"") -> Moderado | AL44: Aceptar
S45: =IF(NOT(ISERROR(MATCH(R45,_xlfn.ANCHORARRAY(H56),0))),Q58&"Por favor no seleccionar los criterios de impacto",R45) -> 0 | W45: 3 | Y45: =IF(OR(Z45="Preventivo",Z45="Detectivo"),"Probabilidad",IF(Z45="Correctivo","Impacto","")) | AB45: =IF(AND(Z45="Preventivo",AA45="Automático"),"50%",IF(AND(Z45="Preventivo",AA45="Manual"),"40%",IF(AND(Z45="Detectivo",AA45="Automático"),"40%",IF(AND(Z45="Detectivo",AA45="Manual"),"30%",IF(AND(Z45="Correctivo",AA45="Automático"),"35%",IF(AND(Z45="Correctivo",AA45="Manual"),"25%","")))))) | AF45: =IFERROR(IF(AND(Y44="Probabilidad",Y45="Probabilidad"),(AH44-(+AH44*AB45)),IF(Y45="Probabilidad",(Q44-(+Q44*AB45)),IF(Y45="Impacto",AH44,""))),"") | AG45: =IFERROR(IF(AF45="","",IF(AF45<=0.2,"Muy Baja",IF(AF45<=0.4,"Baja",IF(AF45<=0.6,"Media",IF(AF45<=0.8,"Alta","Muy Alta"))))),"") | AH45: =+AF45 | AI45: =IFERROR(IF(AJ45="","",IF(AJ45<=0.2,"Leve",IF(AJ45<=0.4,"Menor",IF(AJ45<=0.6,"Moderado",IF(AJ45<=0.8,"Mayor","Catastrófico"))))),"") | AJ45: =IFERROR(IF(AND(Y44="Impacto",Y45="Impacto"),(AJ44-(+AJ44*AB45)),IF(AND(Y44="Probabilidad",Y45="Impacto"),(AJ43-(+AJ43*AB45)),IF(Y45="Probabilidad",AJ44,""))),"") | AK45: =IFERROR(IF(OR(AND(AG45="Muy Baja",AI45="Leve"),AND(AG45="Muy Baja",AI45="Menor"),AND(AG45="Baja",AI45="Leve")),"Bajo",IF(OR(AND(AG45="Muy baja",AI45="Moderado"),AND(AG45="Baja",AI45="Menor"),AND(AG45="Baja",AI45="Moderado"),AND(AG45="Media",AI45="Leve"),AND(AG45="Media",AI45="Menor"),AND(AG45="Media",AI45="Moderado"),AND(AG45="Alta",AI45="Leve"),AND(AG45="Alta",AI45="Menor")),"Moderado",IF(OR(AND(AG45="Muy Baja",AI45="Mayor"),AND(AG45="Baja",AI45="Mayor"),AND(AG45="Media",AI45="Mayor"),AND(AG45="Alta",AI45="Moderado"),AND(AG45="Alta",AI45="Mayor"),AND(AG45="Muy Alta",AI45="Leve"),AND(AG45="Muy Alta",AI45="Menor"),AND(AG45="Muy Alta",AI45="Moderado"),AND(AG45="Muy Alta",AI45="Mayor")),"Alto",IF(OR(AND(AG45="Muy Baja",AI45="Catastrófico"),AND(AG45="Baja",AI45="Catastrófico"),AND(AG45="Media",AI45="Catastrófico"),AND(AG45="Alta",AI45="Catastrófico"),AND(AG45="Muy Alta",AI45="Catastrófico")),"Extremo","")))),"")
S46: =IF(NOT(ISERROR(MATCH(R46,_xlfn.ANCHORARRAY(H57),0))),Q59&"Por favor no seleccionar los criterios de impacto",R46) -> 0 | W46: 4 | Y46: =IF(OR(Z46="Preventivo",Z46="Detectivo"),"Probabilidad",IF(Z46="Correctivo","Impacto","")) | AB46: =IF(AND(Z46="Preventivo",AA46="Automático"),"50%",IF(AND(Z46="Preventivo",AA46="Manual"),"40%",IF(AND(Z46="Detectivo",AA46="Automático"),"40%",IF(AND(Z46="Detectivo",AA46="Manual"),"30%",IF(AND(Z46="Correctivo",AA46="Automático"),"35%",IF(AND(Z46="Correctivo",AA46="Manual"),"25%","")))))) | AF46: =IFERROR(IF(AND(Y45="Probabilidad",Y46="Probabilidad"),(AH45-(+AH45*AB46)),IF(Y46="Probabilidad",(Q45-(+Q45*AB46)),IF(Y46="Impacto",AH45,""))),"") | AG46: =IFERROR(IF(AF46="","",IF(AF46<=0.2,"Muy Baja",IF(AF46<=0.4,"Baja",IF(AF46<=0.6,"Media",IF(AF46<=0.8,"Alta","Muy Alta"))))),"") | AH46: =+AF46 | AI46: =IFERROR(IF(AJ46="","",IF(AJ46<=0.2,"Leve",IF(AJ46<=0.4,"Menor",IF(AJ46<=0.6,"Moderado",IF(AJ46<=0.8,"Mayor","Catastrófico"))))),"") | AJ46: =IFERROR(IF(AND(Y45="Impacto",Y46="Impacto"),(AJ45-(+AJ45*AB46)),IF(AND(Y45="Probabilidad",Y46="Impacto"),(AJ44-(+AJ44*AB46)),IF(Y46="Probabilidad",AJ45,""))),"") | AK46: =IFERROR(IF(OR(AND(AG46="Muy Baja",AI46="Leve"),AND(AG46="Muy Baja",AI46="Menor"),AND(AG46="Baja",AI46="Leve")),"Bajo",IF(OR(AND(AG46="Muy baja",AI46="Moderado"),AND(AG46="Baja",AI46="Menor"),AND(AG46="Baja",AI46="Moderado"),AND(AG46="Media",AI46="Leve"),AND(AG46="Media",AI46="Menor"),AND(AG46="Media",AI46="Moderado"),AND(AG46="Alta",AI46="Leve"),AND(AG46="Alta",AI46="Menor")),"Moderado",IF(OR(AND(AG46="Muy Baja",AI46="Mayor"),AND(AG46="Baja",AI46="Mayor"),AND(AG46="Media",AI46="Mayor"),AND(AG46="Alta",AI46="Moderado"),AND(AG46="Alta",AI46="Mayor"),AND(AG46="Muy Alta",AI46="Leve"),AND(AG46="Muy Alta",AI46="Menor"),AND(AG46="Muy Alta",AI46="Moderado"),AND(AG46="Muy Alta",AI46="Mayor")),"Alto",IF(OR(AND(AG46="Muy Baja",AI46="Catastrófico"),AND(AG46="Baja",AI46="Catastrófico"),AND(AG46="Media",AI46="Catastrófico"),AND(AG46="Alta",AI46="Catastrófico"),AND(AG46="Muy Alta",AI46="Catastrófico")),"Extremo","")))),"")
S47: =IF(NOT(ISERROR(MATCH(R47,_xlfn.ANCHORARRAY(H58),0))),Q60&"Por favor no seleccionar los criterios de impacto",R47) -> 0 | W47: 5 | Y47: =IF(OR(Z47="Preventivo",Z47="Detectivo"),"Probabilidad",IF(Z47="Correctivo","Impacto","")) | AB47: =IF(AND(Z47="Preventivo",AA47="Automático"),"50%",IF(AND(Z47="Preventivo",AA47="Manual"),"40%",IF(AND(Z47="Detectivo",AA47="Automático"),"40%",IF(AND(Z47="Detectivo",AA47="Manual"),"30%",IF(AND(Z47="Correctivo",AA47="Automático"),"35%",IF(AND(Z47="Correctivo",AA47="Manual"),"25%","")))))) | AF47: =IFERROR(IF(AND(Y46="Probabilidad",Y47="Probabilidad"),(AH46-(+AH46*AB47)),IF(Y47="Probabilidad",(Q46-(+Q46*AB47)),IF(Y47="Impacto",AH46,""))),"") | AG47: =IFERROR(IF(AF47="","",IF(AF47<=0.2,"Muy Baja",IF(AF47<=0.4,"Baja",IF(AF47<=0.6,"Media",IF(AF47<=0.8,"Alta","Muy Alta"))))),"") | AH47: =+AF47 | AI47: =IFERROR(IF(AJ47="","",IF(AJ47<=0.2,"Leve",IF(AJ47<=0.4,"Menor",IF(AJ47<=0.6,"Moderado",IF(AJ47<=0.8,"Mayor","Catastrófico"))))),"") | AJ47: =IFERROR(IF(AND(Y46="Impacto",Y47="Impacto"),(AJ46-(+AJ46*AB47)),IF(AND(Y46="Probabilidad",Y47="Impacto"),(AJ45-(+AJ45*AB47)),IF(Y47="Probabilidad",AJ46,""))),"") | AK47: =IFERROR(IF(OR(AND(AG47="Muy Baja",AI47="Leve"),AND(AG47="Muy Baja",AI47="Menor"),AND(AG47="Baja",AI47="Leve")),"Bajo",IF(OR(AND(AG47="Muy baja",AI47="Moderado"),AND(AG47="Baja",AI47="Menor"),AND(AG47="Baja",AI47="Moderado"),AND(AG47="Media",AI47="Leve"),AND(AG47="Media",AI47="Menor"),AND(AG47="Media",AI47="Moderado"),AND(AG47="Alta",AI47="Leve"),AND(AG47="Alta",AI47="Menor")),"Moderado",IF(OR(AND(AG47="Muy Baja",AI47="Mayor"),AND(AG47="Baja",AI47="Mayor"),AND(AG47="Media",AI47="Mayor"),AND(AG47="Alta",AI47="Moderado"),AND(AG47="Alta",AI47="Mayor"),AND(AG47="Muy Alta",AI47="Leve"),AND(AG47="Muy Alta",AI47="Menor"),AND(AG47="Muy Alta",AI47="Moderado"),AND(AG47="Muy Alta",AI47="Mayor")),"Alto",IF(OR(AND(AG47="Muy Baja",AI47="Catastrófico"),AND(AG47="Baja",AI47="Catastrófico"),AND(AG47="Media",AI47="Catastrófico"),AND(AG47="Alta",AI47="Catastrófico"),AND(AG47="Muy Alta",AI47="Catastrófico")),"Extremo","")))),"")
S48: =IF(NOT(ISERROR(MATCH(R48,_xlfn.ANCHORARRAY(H59),0))),Q61&"Por favor no seleccionar los criterios de impacto",R48) -> 0 | W48: 6 | Y48: =IF(OR(Z48="Preventivo",Z48="Detectivo"),"Probabilidad",IF(Z48="Correctivo","Impacto","")) | AB48: =IF(AND(Z48="Preventivo",AA48="Automático"),"50%",IF(AND(Z48="Preventivo",AA48="Manual"),"40%",IF(AND(Z48="Detectivo",AA48="Automático"),"40%",IF(AND(Z48="Detectivo",AA48="Manual"),"30%",IF(AND(Z48="Correctivo",AA48="Automático"),"35%",IF(AND(Z48="Correctivo",AA48="Manual"),"25%","")))))) | AF48: =IFERROR(IF(AND(Y47="Probabilidad",Y48="Probabilidad"),(AH47-(+AH47*AB48)),IF(Y48="Probabilidad",(Q47-(+Q47*AB48)),IF(Y48="Impacto",AH47,""))),"") | AG48: =IFERROR(IF(AF48="","",IF(AF48<=0.2,"Muy Baja",IF(AF48<=0.4,"Baja",IF(AF48<=0.6,"Media",IF(AF48<=0.8,"Alta","Muy Alta"))))),"") | AH48: =+AF48 | AI48: =IFERROR(IF(AJ48="","",IF(AJ48<=0.2,"Leve",IF(AJ48<=0.4,"Menor",IF(AJ48<=0.6,"Moderado",IF(AJ48<=0.8,"Mayor","Catastrófico"))))),"") | AJ48: =IFERROR(IF(AND(Y47="Impacto",Y48="Impacto"),(AJ47-(+AJ47*AB48)),IF(AND(Y47="Probabilidad",Y48="Impacto"),(AJ46-(+AJ46*AB48)),IF(Y48="Probabilidad",AJ47,""))),"") | AK48: =IFERROR(IF(OR(AND(AG48="Muy Baja",AI48="Leve"),AND(AG48="Muy Baja",AI48="Menor"),AND(AG48="Baja",AI48="Leve")),"Bajo",IF(OR(AND(AG48="Muy baja",AI48="Moderado"),AND(AG48="Baja",AI48="Menor"),AND(AG48="Baja",AI48="Moderado"),AND(AG48="Media",AI48="Leve"),AND(AG48="Media",AI48="Menor"),AND(AG48="Media",AI48="Moderado"),AND(AG48="Alta",AI48="Leve"),AND(AG48="Alta",AI48="Menor")),"Moderado",IF(OR(AND(AG48="Muy Baja",AI48="Mayor"),AND(AG48="Baja",AI48="Mayor"),AND(AG48="Media",AI48="Mayor"),AND(AG48="Alta",AI48="Moderado"),AND(AG48="Alta",AI48="Mayor"),AND(AG48="Muy Alta",AI48="Leve"),AND(AG48="Muy Alta",AI48="Menor"),AND(AG48="Muy Alta",AI48="Moderado"),AND(AG48="Muy Alta",AI48="Mayor")),"Alto",IF(OR(AND(AG48="Muy Baja",AI48="Catastrófico"),AND(AG48="Baja",AI48="Catastrófico"),AND(AG48="Media",AI48="Catastrófico"),AND(AG48="Alta",AI48="Catastrófico"),AND(AG48="Muy Alta",AI48="Catastrófico")),"Extremo","")))),"")
A49: 7 | B49: OAP_05 | C49: Planeación | D49: Gestión de Calidad | E49: Económico y Reputacional | F49: Incumplimiento normativo, multas y sanciones por parte de entes de control. | G49: Atenciones inseguras que generan percepción desfavorable de la entidad a los usuarios y los entes reguladores | H49: Posibilidad de afectación económica y reputacional por incumplimiento normativo, multas y sanciones por parte de entes de control, debido a atenciones inseguras que generan percepción desfavorable de la entidad a los usuarios y los entes reguladores. | M49: Ejecución y Administración de procesos | O49: 365 | P49: =IF(O49<=0,"",IF(O49<=2,"Muy Baja",IF(O49<=24,"Baja",IF(O49<=500,"Media",IF(O49<=5000,"Alta","Muy Alta"))))) -> Media | Q49: =IF(P49="","",IF(P49="Muy Baja",0.2,IF(P49="Baja",0.4,IF(P49="Media",0.6,IF(P49="Alta",0.8,IF(P49="Muy Alta",1,)))))) -> 0.6 | R49: El riesgo afecta la imagen de la entidad con algunos usuarios de relevancia frente al logro de los objetivos | S49: =IF(NOT(ISERROR(MATCH(R49,'Tabla Impacto'!$B$221:$B$223,0))),'Tabla Impacto'!$F$223&"Por favor no seleccionar los criterios de impacto(Afectación Económica o presupuestal y Pérdida Reputacional)",R49) -> El riesgo afecta la imagen de la entidad con algunos usuarios de relevancia frente al logro de los objetivos | T49: =+IF(OR(S49='[1]Tabla Impacto'!$C$11,S49='[1]Tabla Impacto'!$D$11),"Leve",IF(OR(S49='[1]Tabla Impacto'!$C$12,S49='[1]Tabla Impacto'!$D$12),"Menor",IF(OR(S49='[1]Tabla Impacto'!$C$13,S49='[1]Tabla Impacto'!$D$13),"Moderado",IF(OR(S49='[1]Tabla Impacto'!$C$14,S49='[1]Tabla Impacto'!$D$14),"Mayor",IF(OR(S49='[1]Tabla Impacto'!$C$15,S49='[1]Tabla Impacto'!$D$15),"Catastrófico",""))))) -> Moderado | U49: =IF(T49="","",IF(T49="Leve",0.2,IF(T49="Menor",0.4,IF(T49="Moderado",0.6,IF(T49="Mayor",0.8,IF(T49="Catastrófico",1,)))))) -> 0.6 | V49: =IF(OR(AND(P49="Muy Baja",T49="Leve"),AND(P49="Muy Baja",T49="Menor"),AND(P49="Baja",T49="Leve")),"Bajo",IF(OR(AND(P49="Muy baja",T49="Moderado"),AND(P49="Baja",T49="Menor"),AND(P49="Baja",T49="Moderado"),AND(P49="Media",T49="Leve"),AND(P49="Media",T49="Menor"),AND(P49="Media",T49="Moderado"),AND(P49="Alta",T49="Leve"),AND(P49="Alta",T49="Menor")),"Moderado",IF(OR(AND(P49="Muy Baja",T49="Mayor"),AND(P49="Baja",T49="Mayor"),AND(P49="Media",T49="Mayor"),AND(P49="Alta",T49="Moderado"),AND(P49="Alta",T49="Mayor"),AND(P49="Muy Alta",T49="Leve"),AND(P49="Muy Alta",T49="Menor"),AND(P49="Muy Alta",T49="Moderado"),AND(P49="Muy Alta",T49="Mayor")),"Alto",IF(OR(AND(P49="Muy Baja",T49="Catastrófico"),AND(P49="Baja",T49="Catastrófico"),AND(P49="Media",T49="Catastrófico"),AND(P49="Alta",T49="Catastrófico"),AND(P49="Muy Alta",T49="Catastrófico")),"Extremo","")))) -> Moderado | W49: 1 | X49: El profesional del área de calidad, realiza semanalmente rondas de seguridad y aplicación de herramientas de evaluación de adherencia, con el fin de aplicar insumos metodológicos para fortalecer la cultura de seguridad en las diferentes áreas. | Y49: =IF(OR(Z49="Preventivo",Z49="Detectivo"),"Probabilidad",IF(Z49="Correctivo","Impacto","")) -> Probabilidad | Z49: Preventivo | AA49: Manual | AB49: =IF(AND(Z49="Preventivo",AA49="Automático"),"50%",IF(AND(Z49="Preventivo",AA49="Manual"),"40%",IF(AND(Z49="Detectivo",AA49="Automático"),"40%",IF(AND(Z49="Detectivo",AA49="Manual"),"30%",IF(AND(Z49="Correctivo",AA49="Automático"),"35%",IF(AND(Z49="Correctivo",AA49="Manual"),"25%","")))))) -> 40% | AC49: Documentado | AD49: Continua | AE49: Con Registro | AF49: =IFERROR(IF(Y49="Probabilidad",(Q49-(+Q49*AB49)),IF(Y49="Impacto",Q49,"")),"") -> 0.36 | AG49: =IFERROR(IF(AF49="","",IF(AF49<=0.2,"Muy Baja",IF(AF49<=0.4,"Baja",IF(AF49<=0.6,"Media",IF(AF49<=0.8,"Alta","Muy Alta"))))),"") -> Baja | AH49: =+AF49 -> 0.36 | AI49: =IFERROR(IF(AJ49="","",IF(AJ49<=0.2,"Leve",IF(AJ49<=0.4,"Menor",IF(AJ49<=0.6,"Moderado",IF(AJ49<=0.8,"Mayor","Catastrófico"))))),"") -> Moderado | AJ49: =IFERROR(IF(Y49="Impacto",(U49-(+U49*AB49)),IF(Y49="Probabilidad",U49,"")),"") -> 0.6 | AK49: =IFERROR(IF(OR(AND(AG49="Muy Baja",AI49="Leve"),AND(AG49="Muy Baja",AI49="Menor"),AND(AG49="Baja",AI49="Leve")),"Bajo",IF(OR(AND(AG49="Muy baja",AI49="Moderado"),AND(AG49="Baja",AI49="Menor"),AND(AG49="Baja",AI49="Moderado"),AND(AG49="Media",AI49="Leve"),AND(AG49="Media",AI49="Menor"),AND(AG49="Media",AI49="Moderado"),AND(AG49="Alta",AI49="Leve"),AND(AG49="Alta",AI49="Menor")),"Moderado",IF(OR(AND(AG49="Muy Baja",AI49="Mayor"),AND(AG49="Baja",AI49="Mayor"),AND(AG49="Media",AI49="Mayor"),AND(AG49="Alta",AI49="Moderado"),AND(AG49="Alta",AI49="Mayor"),AND(AG49="Muy Alta",AI49="Leve"),AND(AG49="Muy Alta",AI49="Menor"),AND(AG49="Muy Alta",AI49="Moderado"),AND(AG49="Muy Alta",AI49="Mayor")),"Alto",IF(OR(AND(AG49="Muy Baja",AI49="Catastrófico"),AND(AG49="Baja",AI49="Catastrófico"),AND(AG49="Media",AI49="Catastrófico"),AND(AG49="Alta",AI49="Catastrófico"),AND(AG49="Muy Alta",AI49="Catastrófico")),"Extremo","")))),"") -> Moderado | AL49: Aceptar
S50: =IF(NOT(ISERROR(MATCH(R50,_xlfn.ANCHORARRAY(H61),0))),Q63&"Por favor no seleccionar los criterios de impacto",R50) -> 0 | W50: 2 | X50: El profesional del área de calidad, realiza trimestralmente capacitación en los paquetes instruccionales al personal asistencial y administrativo, con el fin de evaluar los resultados de la gestión segura en el Comité de seguridad del paciente. | Y50: =IF(OR(Z50="Preventivo",Z50="Detectivo"),"Probabilidad",IF(Z50="Correctivo","Impacto","")) -> Probabilidad | Z50: Preventivo | AA50: Manual | AB50: =IF(AND(Z50="Preventivo",AA50="Automático"),"50%",IF(AND(Z50="Preventivo",AA50="Manual"),"40%",IF(AND(Z50="Detectivo",AA50="Automático"),"40%",IF(AND(Z50="Detectivo",AA50="Manual"),"30%",IF(AND(Z50="Correctivo",AA50="Automático"),"35%",IF(AND(Z50="Correctivo",AA50="Manual"),"25%","")))))) -> 40% | AC50: Documentado | AD50: Continua | AE50: Con Registro | AF50: =IFERROR(IF(AND(Y49="Probabilidad",Y50="Probabilidad"),(AH49-(+AH49*AB50)),IF(Y50="Probabilidad",(Q49-(+Q49*AB50)),IF(Y50="Impacto",AH49,""))),"") -> 0.216 | AG50: =IFERROR(IF(AF50="","",IF(AF50<=0.2,"Muy Baja",IF(AF50<=0.4,"Baja",IF(AF50<=0.6,"Media",IF(AF50<=0.8,"Alta","Muy Alta"))))),"") -> Baja | AH50: =+AF50 -> 0.216 | AI50: =IFERROR(IF(AJ50="","",IF(AJ50<=0.2,"Leve",IF(AJ50<=0.4,"Menor",IF(AJ50<=0.6,"Moderado",IF(AJ50<=0.8,"Mayor","Catastrófico"))))),"") -> Moderado | AJ50: =IFERROR(IF(AND(Y49="Impacto",Y50="Impacto"),(AJ49-(+AJ49*AB50)),IF(Y50="Impacto",(U49-(+U49*AB50)),IF(Y50="Probabilidad",AJ49,""))),"") -> 0.6 | AK50: =IFERROR(IF(OR(AND(AG50="Muy Baja",AI50="Leve"),AND(AG50="Muy Baja",AI50="Menor"),AND(AG50="Baja",AI50="Leve")),"Bajo",IF(OR(AND(AG50="Muy baja",AI50="Moderado"),AND(AG50="Baja",AI50="Menor"),AND(AG50="Baja",AI50="Moderado"),AND(AG50="Media",AI50="Leve"),AND(AG50="Media",AI50="Menor"),AND(AG50="Media",AI50="Moderado"),AND(AG50="Alta",AI50="Leve"),AND(AG50="Alta",AI50="Menor")),"Moderado",IF(OR(AND(AG50="Muy Baja",AI50="Mayor"),AND(AG50="Baja",AI50="Mayor"),AND(AG50="Media",AI50="Mayor"),AND(AG50="Alta",AI50="Moderado"),AND(AG50="Alta",AI50="Mayor"),AND(AG50="Muy Alta",AI50="Leve"),AND(AG50="Muy Alta",AI50="Menor"),AND(AG50="Muy Alta",AI50="Moderado"),AND(AG50="Muy Alta",AI50="Mayor")),"Alto",IF(OR(AND(AG50="Muy Baja",AI50="Catastrófico"),AND(AG50="Baja",AI50="Catastrófico"),AND(AG50="Media",AI50="Catastrófico"),AND(AG50="Alta",AI50="Catastrófico"),AND(AG50="Muy Alta",AI50="Catastrófico")),"Extremo","")))),"") -> Moderado | AL50: Aceptar
S51: =IF(NOT(ISERROR(MATCH(R51,_xlfn.ANCHORARRAY(H62),0))),Q64&"Por favor no seleccionar los criterios de impacto",R51) -> 0 | W51: 3 | Y51: =IF(OR(Z51="Preventivo",Z51="Detectivo"),"Probabilidad",IF(Z51="Correctivo","Impacto","")) | AB51: =IF(AND(Z51="Preventivo",AA51="Automático"),"50%",IF(AND(Z51="Preventivo",AA51="Manual"),"40%",IF(AND(Z51="Detectivo",AA51="Automático"),"40%",IF(AND(Z51="Detectivo",AA51="Manual"),"30%",IF(AND(Z51="Correctivo",AA51="Automático"),"35%",IF(AND(Z51="Correctivo",AA51="Manual"),"25%","")))))) | AF51: =IFERROR(IF(AND(Y50="Probabilidad",Y51="Probabilidad"),(AH50-(+AH50*AB51)),IF(Y51="Probabilidad",(Q50-(+Q50*AB51)),IF(Y51="Impacto",AH50,""))),"") | AG51: =IFERROR(IF(AF51="","",IF(AF51<=0.2,"Muy Baja",IF(AF51<=0.4,"Baja",IF(AF51<=0.6,"Media",IF(AF51<=0.8,"Alta","Muy Alta"))))),"") | AH51: =+AF51 | AI51: =IFERROR(IF(AJ51="","",IF(AJ51<=0.2,"Leve",IF(AJ51<=0.4,"Menor",IF(AJ51<=0.6,"Moderado",IF(AJ51<=0.8,"Mayor","Catastrófico"))))),"") | AJ51: =IFERROR(IF(AND(Y50="Impacto",Y51="Impacto"),(AJ50-(+AJ50*AB51)),IF(AND(Y50="Probabilidad",Y51="Impacto"),(AJ49-(+AJ49*AB51)),IF(Y51="Probabilidad",AJ50,""))),"") | AK51: =IFERROR(IF(OR(AND(AG51="Muy Baja",AI51="Leve"),AND(AG51="Muy Baja",AI51="Menor"),AND(AG51="Baja",AI51="Leve")),"Bajo",IF(OR(AND(AG51="Muy baja",AI51="Moderado"),AND(AG51="Baja",AI51="Menor"),AND(AG51="Baja",AI51="Moderado"),AND(AG51="Media",AI51="Leve"),AND(AG51="Media",AI51="Menor"),AND(AG51="Media",AI51="Moderado"),AND(AG51="Alta",AI51="Leve"),AND(AG51="Alta",AI51="Menor")),"Moderado",IF(OR(AND(AG51="Muy Baja",AI51="Mayor"),AND(AG51="Baja",AI51="Mayor"),AND(AG51="Media",AI51="Mayor"),AND(AG51="Alta",AI51="Moderado"),AND(AG51="Alta",AI51="Mayor"),AND(AG51="Muy Alta",AI51="Leve"),AND(AG51="Muy Alta",AI51="Menor"),AND(AG51="Muy Alta",AI51="Moderado"),AND(AG51="Muy Alta",AI51="Mayor")),"Alto",IF(OR(AND(AG51="Muy Baja",AI51="Catastrófico"),AND(AG51="Baja",AI51="Catastrófico"),AND(AG51="Media",AI51="Catastrófico"),AND(AG51="Alta",AI51="Catastrófico"),AND(AG51="Muy Alta",AI51="Catastrófico")),"Extremo","")))),"")
S52: =IF(NOT(ISERROR(MATCH(R52,_xlfn.ANCHORARRAY(H63),0))),Q65&"Por favor no seleccionar los criterios de impacto",R52) -> 0 | W52: 4 | Y52: =IF(OR(Z52="Preventivo",Z52="Detectivo"),"Probabilidad",IF(Z52="Correctivo","Impacto","")) | AB52: =IF(AND(Z52="Preventivo",AA52="Automático"),"50%",IF(AND(Z52="Preventivo",AA52="Manual"),"40%",IF(AND(Z52="Detectivo",AA52="Automático"),"40%",IF(AND(Z52="Detectivo",AA52="Manual"),"30%",IF(AND(Z52="Correctivo",AA52="Automático"),"35%",IF(AND(Z52="Correctivo",AA52="Manual"),"25%","")))))) | AF52: =IFERROR(IF(AND(Y51="Probabilidad",Y52="Probabilidad"),(AH51-(+AH51*AB52)),IF(Y52="Probabilidad",(Q51-(+Q51*AB52)),IF(Y52="Impacto",AH51,""))),"") | AG52: =IFERROR(IF(AF52="","",IF(AF52<=0.2,"Muy Baja",IF(AF52<=0.4,"Baja",IF(AF52<=0.6,"Media",IF(AF52<=0.8,"Alta","Muy Alta"))))),"") | AH52: =+AF52 | AI52: =IFERROR(IF(AJ52="","",IF(AJ52<=0.2,"Leve",IF(AJ52<=0.4,"Menor",IF(AJ52<=0.6,"Moderado",IF(AJ52<=0.8,"Mayor","Catastrófico"))))),"") | AJ52: =IFERROR(IF(AND(Y51="Impacto",Y52="Impacto"),(AJ51-(+AJ51*AB52)),IF(AND(Y51="Probabilidad",Y52="Impacto"),(AJ50-(+AJ50*AB52)),IF(Y52="Probabilidad",AJ51,""))),"") | AK52: =IFERROR(IF(OR(AND(AG52="Muy Baja",AI52="Leve"),AND(AG52="Muy Baja",AI52="Menor"),AND(AG52="Baja",AI52="Leve")),"Bajo",IF(OR(AND(AG52="Muy baja",AI52="Moderado"),AND(AG52="Baja",AI52="Menor"),AND(AG52="Baja",AI52="Moderado"),AND(AG52="Media",AI52="Leve"),AND(AG52="Media",AI52="Menor"),AND(AG52="Media",AI52="Moderado"),AND(AG52="Alta",AI52="Leve"),AND(AG52="Alta",AI52="Menor")),"Moderado",IF(OR(AND(AG52="Muy Baja",AI52="Mayor"),AND(AG52="Baja",AI52="Mayor"),AND(AG52="Media",AI52="Mayor"),AND(AG52="Alta",AI52="Moderado"),AND(AG52="Alta",AI52="Mayor"),AND(AG52="Muy Alta",AI52="Leve"),AND(AG52="Muy Alta",AI52="Menor"),AND(AG52="Muy Alta",AI52="Moderado"),AND(AG52="Muy Alta",AI52="Mayor")),"Alto",IF(OR(AND(AG52="Muy Baja",AI52="Catastrófico"),AND(AG52="Baja",AI52="Catastrófico"),AND(AG52="Media",AI52="Catastrófico"),AND(AG52="Alta",AI52="Catastrófico"),AND(AG52="Muy Alta",AI52="Catastrófico")),"Extremo","")))),"")
S53: =IF(NOT(ISERROR(MATCH(R53,_xlfn.ANCHORARRAY(H64),0))),Q66&"Por favor no seleccionar los criterios de impacto",R53) -> 0 | W53: 5 | Y53: =IF(OR(Z53="Preventivo",Z53="Detectivo"),"Probabilidad",IF(Z53="Correctivo","Impacto","")) | AB53: =IF(AND(Z53="Preventivo",AA53="Automático"),"50%",IF(AND(Z53="Preventivo",AA53="Manual"),"40%",IF(AND(Z53="Detectivo",AA53="Automático"),"40%",IF(AND(Z53="Detectivo",AA53="Manual"),"30%",IF(AND(Z53="Correctivo",AA53="Automático"),"35%",IF(AND(Z53="Correctivo",AA53="Manual"),"25%","")))))) | AF53: =IFERROR(IF(AND(Y52="Probabilidad",Y53="Probabilidad"),(AH52-(+AH52*AB53)),IF(Y53="Probabilidad",(Q52-(+Q52*AB53)),IF(Y53="Impacto",AH52,""))),"") | AG53: =IFERROR(IF(AF53="","",IF(AF53<=0.2,"Muy Baja",IF(AF53<=0.4,"Baja",IF(AF53<=0.6,"Media",IF(AF53<=0.8,"Alta","Muy Alta"))))),"") | AH53: =+AF53 | AI53: =IFERROR(IF(AJ53="","",IF(AJ53<=0.2,"Leve",IF(AJ53<=0.4,"Menor",IF(AJ53<=0.6,"Moderado",IF(AJ53<=0.8,"Mayor","Catastrófico"))))),"") | AJ53: =IFERROR(IF(AND(Y52="Impacto",Y53="Impacto"),(AJ52-(+AJ52*AB53)),IF(AND(Y52="Probabilidad",Y53="Impacto"),(AJ51-(+AJ51*AB53)),IF(Y53="Probabilidad",AJ52,""))),"") | AK53: =IFERROR(IF(OR(AND(AG53="Muy Baja",AI53="Leve"),AND(AG53="Muy Baja",AI53="Menor"),AND(AG53="Baja",AI53="Leve")),"Bajo",IF(OR(AND(AG53="Muy baja",AI53="Moderado"),AND(AG53="Baja",AI53="Menor"),AND(AG53="Baja",AI53="Moderado"),AND(AG53="Media",AI53="Leve"),AND(AG53="Media",AI53="Menor"),AND(AG53="Media",AI53="Moderado"),AND(AG53="Alta",AI53="Leve"),AND(AG53="Alta",AI53="Menor")),"Moderado",IF(OR(AND(AG53="Muy Baja",AI53="Mayor"),AND(AG53="Baja",AI53="Mayor"),AND(AG53="Media",AI53="Mayor"),AND(AG53="Alta",AI53="Moderado"),AND(AG53="Alta",AI53="Mayor"),AND(AG53="Muy Alta",AI53="Leve"),AND(AG53="Muy Alta",AI53="Menor"),AND(AG53="Muy Alta",AI53="Moderado"),AND(AG53="Muy Alta",AI53="Mayor")),"Alto",IF(OR(AND(AG53="Muy Baja",AI53="Catastrófico"),AND(AG53="Baja",AI53="Catastrófico"),AND(AG53="Media",AI53="Catastrófico"),AND(AG53="Alta",AI53="Catastrófico"),AND(AG53="Muy Alta",AI53="Catastrófico")),"Extremo","")))),"")
S54: =IF(NOT(ISERROR(MATCH(R54,_xlfn.ANCHORARRAY(H65),0))),Q67&"Por favor no seleccionar los criterios de impacto",R54) -> 0 | W54: 6 | Y54: =IF(OR(Z54="Preventivo",Z54="Detectivo"),"Probabilidad",IF(Z54="Correctivo","Impacto","")) | AB54: =IF(AND(Z54="Preventivo",AA54="Automático"),"50%",IF(AND(Z54="Preventivo",AA54="Manual"),"40%",IF(AND(Z54="Detectivo",AA54="Automático"),"40%",IF(AND(Z54="Detectivo",AA54="Manual"),"30%",IF(AND(Z54="Correctivo",AA54="Automático"),"35%",IF(AND(Z54="Correctivo",AA54="Manual"),"25%","")))))) | AF54: =IFERROR(IF(AND(Y53="Probabilidad",Y54="Probabilidad"),(AH53-(+AH53*AB54)),IF(Y54="Probabilidad",(Q53-(+Q53*AB54)),IF(Y54="Impacto",AH53,""))),"") | AG54: =IFERROR(IF(AF54="","",IF(AF54<=0.2,"Muy Baja",IF(AF54<=0.4,"Baja",IF(AF54<=0.6,"Media",IF(AF54<=0.8,"Alta","Muy Alta"))))),"") | AH54: =+AF54 | AI54: =IFERROR(IF(AJ54="","",IF(AJ54<=0.2,"Leve",IF(AJ54<=0.4,"Menor",IF(AJ54<=0.6,"Moderado",IF(AJ54<=0.8,"Mayor","Catastrófico"))))),"") | AJ54: =IFERROR(IF(AND(Y53="Impacto",Y54="Impacto"),(AJ53-(+AJ53*AB54)),IF(AND(Y53="Probabilidad",Y54="Impacto"),(AJ52-(+AJ52*AB54)),IF(Y54="Probabilidad",AJ53,""))),"") | AK54: =IFERROR(IF(OR(AND(AG54="Muy Baja",AI54="Leve"),AND(AG54="Muy Baja",AI54="Menor"),AND(AG54="Baja",AI54="Leve")),"Bajo",IF(OR(AND(AG54="Muy baja",AI54="Moderado"),AND(AG54="Baja",AI54="Menor"),AND(AG54="Baja",AI54="Moderado"),AND(AG54="Media",AI54="Leve"),AND(AG54="Media",AI54="Menor"),AND(AG54="Media",AI54="Moderado"),AND(AG54="Alta",AI54="Leve"),AND(AG54="Alta",AI54="Menor")),"Moderado",IF(OR(AND(AG54="Muy Baja",AI54="Mayor"),AND(AG54="Baja",AI54="Mayor"),AND(AG54="Media",AI54="Mayor"),AND(AG54="Alta",AI54="Moderado"),AND(AG54="Alta",AI54="Mayor"),AND(AG54="Muy Alta",AI54="Leve"),AND(AG54="Muy Alta",AI54="Menor"),AND(AG54="Muy Alta",AI54="Moderado"),AND(AG54="Muy Alta",AI54="Mayor")),"Alto",IF(OR(AND(AG54="Muy Baja",AI54="Catastrófico"),AND(AG54="Baja",AI54="Catastrófico"),AND(AG54="Media",AI54="Catastrófico"),AND(AG54="Alta",AI54="Catastrófico"),AND(AG54="Muy Alta",AI54="Catastrófico")),"Extremo","")))),"")
A55: 8 | B55: TIN_01 | C55: Tecnologías de la Información | D55: Infraestructura y comunicaciones. Gestión de Movilidad y Aplicaciones. Mesa de Servicio de Tecnologías de la Información. | E55: Económico y Reputacional | F55: Registro inoportuno en la Historia Clinica del estado de salud y la atención brindada. | G55: Interrupción en la prestación de los servicios tecnológicos de la entidad. | H55: Posibilidad de afectación económica y reputacional por registro inoportuno en la Historia Clinica del estado de salud y la atención brindada, debido a la interrupción en la prestación de los servicios tecnológicos de la entidad. | M55: Pérdida de Disponibilidad | N55: Sistema de Información Dinámica Gerencial | O55: 8640 | P55: =IF(O55<=0,"",IF(O55<=2,"Muy Baja",IF(O55<=24,"Baja",IF(O55<=500,"Media",IF(O55<=5000,"Alta","Muy Alta"))))) -> Muy Alta | Q55: =IF(P55="","",IF(P55="Muy Baja",0.2,IF(P55="Baja",0.4,IF(P55="Media",0.6,IF(P55="Alta",0.8,IF(P55="Muy Alta",1,)))))) -> 1 | R55: El riesgo afecta la imagen de la entidad con algunos usuarios de relevancia frente al logro de los objetivos | S55: =IF(NOT(ISERROR(MATCH(R55,'Tabla Impacto'!$B$221:$B$223,0))),'Tabla Impacto'!$F$223&"Por favor no seleccionar los criterios de impacto(Afectación Económica o presupuestal y Pérdida Reputacional)",R55) -> El riesgo afecta la imagen de la entidad con algunos usuarios de relevancia frente al logro de los objetivos | T55: =+IF(OR(S55='[1]Tabla Impacto'!$C$11,S55='[1]Tabla Impacto'!$D$11),"Leve",IF(OR(S55='[1]Tabla Impacto'!$C$12,S55='[1]Tabla Impacto'!$D$12),"Menor",IF(OR(S55='[1]Tabla Impacto'!$C$13,S55='[1]Tabla Impacto'!$D$13),"Moderado",IF(OR(S55='[1]Tabla Impacto'!$C$14,S55='[1]Tabla Impacto'!$D$14),"Mayor",IF(OR(S55='[1]Tabla Impacto'!$C$15,S55='[1]Tabla Impacto'!$D$15),"Catastrófico",""))))) -> Moderado | U55: =IF(T55="","",IF(T55="Leve",0.2,IF(T55="Menor",0.4,IF(T55="Moderado",0.6,IF(T55="Mayor",0.8,IF(T55="Catastrófico",1,)))))) -> 0.6 | V55: =IF(OR(AND(P55="Muy Baja",T55="Leve"),AND(P55="Muy Baja",T55="Menor"),AND(P55="Baja",T55="Leve")),"Bajo",IF(OR(AND(P55="Muy baja",T55="Moderado"),AND(P55="Baja",T55="Menor"),AND(P55="Baja",T55="Moderado"),AND(P55="Media",T55="Leve"),AND(P55="Media",T55="Menor"),AND(P55="Media",T55="Moderado"),AND(P55="Alta",T55="Leve"),AND(P55="Alta",T55="Menor")),"Moderado",IF(OR(AND(P55="Muy Baja",T55="Mayor"),AND(P55="Baja",T55="Mayor"),AND(P55="Media",T55="Mayor"),AND(P55="Alta",T55="Moderado"),AND(P55="Alta",T55="Mayor"),AND(P55="Muy Alta",T55="Leve"),AND(P55="Muy Alta",T55="Menor"),AND(P55="Muy Alta",T55="Moderado"),AND(P55="Muy Alta",T55="Mayor")),"Alto",IF(OR(AND(P55="Muy Baja",T55="Catastrófico"),AND(P55="Baja",T55="Catastrófico"),AND(P55="Media",T55="Catastrófico"),AND(P55="Alta",T55="Catastrófico"),AND(P55="Muy Alta",T55="Catastrófico")),"Extremo","")))) -> Alto | W55: 1 | X55: El líder del área de Infraestructura y Comunicaciones - INCO realiza el monitoreo 7*24*365 a través de las herramientas automatizadas de monitoreo (Network Operations Center - NOC) con el fin de verificar el funcionamiento y el estado general de la infraestructura de redes y comunicaciones de la entidad para tomar acciones preventivas y/o correctivas. | Y55: =IF(OR(Z55="Preventivo",Z55="Detectivo"),"Probabilidad",IF(Z55="Correctivo","Impacto","")) -> Probabilidad | Z55: Preventivo | AA55: Automático | AB55: =IF(AND(Z55="Preventivo",AA55="Automático"),"50%",IF(AND(Z55="Preventivo",AA55="Manual"),"40%",IF(AND(Z55="Detectivo",AA55="Automático"),"40%",IF(AND(Z55="Detectivo",AA55="Manual"),"30%",IF(AND(Z55="Correctivo",AA55="Automático"),"35%",IF(AND(Z55="Correctivo",AA55="Manual"),"25%","")))))) -> 50% | AC55: Documentado | AD55: Continua | AE55: Con Registro | AF55: =IFERROR(IF(Y55="Probabilidad",(Q55-(+Q55*AB55)),IF(Y55="Impacto",Q55,"")),"") -> 0.5 | AG55: =IFERROR(IF(AF55="","",IF(AF55<=0.2,"Muy Baja",IF(AF55<=0.4,"Baja",IF(AF55<=0.6,"Media",IF(AF55<=0.8,"Alta","Muy Alta"))))),"") -> Media | AH55: =+AF55 -> 0.5 | AI55: =IFERROR(IF(AJ55="","",IF(AJ55<=0.2,"Leve",IF(AJ55<=0.4,"Menor",IF(AJ55<=0.6,"Moderado",IF(AJ55<=0.8,"Mayor","Catastrófico"))))),"") -> Moderado | AJ55: =IFERROR(IF(Y55="Impacto",(U55-(+U55*AB55)),IF(Y55="Probabilidad",U55,"")),"") -> 0.6 | AK55: =IFERROR(IF(OR(AND(AG55="Muy Baja",AI55="Leve"),AND(AG55="Muy Baja",AI55="Menor"),AND(AG55="Baja",AI55="Leve")),"Bajo",IF(OR(AND(AG55="Muy baja",AI55="Moderado"),AND(AG55="Baja",AI55="Menor"),AND(AG55="Baja",AI55="Moderado"),AND(AG55="Media",AI55="Leve"),AND(AG55="Media",AI55="Menor"),AND(AG55="Media",AI55="Moderado"),AND(AG55="Alta",AI55="Leve"),AND(AG55="Alta",AI55="Menor")),"Moderado",IF(OR(AND(AG55="Muy Baja",AI55="Mayor"),AND(AG55="Baja",AI55="Mayor"),AND(AG55="Media",AI55="Mayor"),AND(AG55="Alta",AI55="Moderado"),AND(AG55="Alta",AI55="Mayor"),AND(AG55="Muy Alta",AI55="Leve"),AND(AG55="Muy Alta",AI55="Menor"),AND(AG55="Muy Alta",AI55="Moderado"),AND(AG55="Muy Alta",AI55="Mayor")),"Alto",IF(OR(AND(AG55="Muy Baja",AI55="Catastrófico"),AND(AG55="Baja",AI55="Catastrófico"),AND(AG55="Media",AI55="Catastrófico"),AND(AG55="Alta",AI55="Catastrófico"),AND(AG55="Muy Alta",AI55="Catastrófico")),"Extremo","")))),"") -> Moderado | AL55: Aceptar
S56: =IF(NOT(ISERROR(MATCH(R56,_xlfn.ANCHORARRAY(H67),0))),Q69&"Por favor no seleccionar los criterios de impacto",R56) -> 0 | W56: 2 | X56: El líder del área de gestión de requerimientos e incidentes - GERE coordina y lidera el comité de cambios conforme el procedimiento (GT-UNIN-PR-01) cada vez que se requiere un cambio de configuración en la infraestructura de redes y comunicaciones; se proyecta el minutograma y las actividades relacionadas con la ejecución del cambio en la infraestructura de redes y comunicaciones que soporta los servicios tecnológicos de la entidad, a través de los formatos establecidos. Con el fin de planear e identificar los impactos que se puedan llegar a generar durante la ejecución. | Y56: =IF(OR(Z56="Preventivo",Z56="Detectivo"),"Probabilidad",IF(Z56="Correctivo","Impacto","")) -> Probabilidad | Z56: Preventivo | AA56: Manual | AB56: =IF(AND(Z56="Preventivo",AA56="Automático"),"50%",IF(AND(Z56="Preventivo",AA56="Manual"),"40%",IF(AND(Z56="Detectivo",AA56="Automático"),"40%",IF(AND(Z56="Detectivo",AA56="Manual"),"30%",IF(AND(Z56="Correctivo",AA56="Automático"),"35%",IF(AND(Z56="Correctivo",AA56="Manual"),"25%","")))))) -> 40% | AC56: Documentado | AD56: Continua | AE56: Con Registro | AF56: =IFERROR(IF(AND(Y55="Probabilidad",Y56="Probabilidad"),(AH55-(+AH55*AB56)),IF(Y56="Probabilidad",(Q55-(+Q55*AB56)),IF(Y56="Impacto",AH55,""))),"") -> 0.3 | AG56: =IFERROR(IF(AF56="","",IF(AF56<=0.2,"Muy Baja",IF(AF56<=0.4,"Baja",IF(AF56<=0.6,"Media",IF(AF56<=0.8,"Alta","Muy Alta"))))),"") -> Baja | AH56: =+AF56 -> 0.3 | AI56: =IFERROR(IF(AJ56="","",IF(AJ56<=0.2,"Leve",IF(AJ56<=0.4,"Menor",IF(AJ56<=0.6,"Moderado",IF(AJ56<=0.8,"Mayor","Catastrófico"))))),"") -> Moderado | AJ56: =IFERROR(IF(AND(Y55="Impacto",Y56="Impacto"),(AJ55-(+AJ55*AB56)),IF(Y56="Impacto",(U55-(+U55*AB56)),IF(Y56="Probabilidad",AJ55,""))),"") -> 0.6 | AK56: =IFERROR(IF(OR(AND(AG56="Muy Baja",AI56="Leve"),AND(AG56="Muy Baja",AI56="Menor"),AND(AG56="Baja",AI56="Leve")),"Bajo",IF(OR(AND(AG56="Muy baja",AI56="Moderado"),AND(AG56="Baja",AI56="Menor"),AND(AG56="Baja",AI56="Moderado"),AND(AG56="Media",AI56="Leve"),AND(AG56="Media",AI56="Menor"),AND(AG56="Media",AI56="Moderado"),AND(AG56="Alta",AI56="Leve"),AND(AG56="Alta",AI56="Menor")),"Moderado",IF(OR(AND(AG56="Muy Baja",AI56="Mayor"),AND(AG56="Baja",AI56="Mayor"),AND(AG56="Media",AI56="Mayor"),AND(AG56="Alta",AI56="Moderado"),AND(AG56="Alta",AI56="Mayor"),AND(AG56="Muy Alta",AI56="Leve"),AND(AG56="Muy Alta",AI56="Menor"),AND(AG56="Muy Alta",AI56="Moderado"),AND(AG56="Muy Alta",AI56="Mayor")),"Alto",IF(OR(AND(AG56="Muy Baja",AI56="Catastrófico"),AND(AG56="Baja",AI56="Catastrófico"),AND(AG56="Media",AI56="Catastrófico"),AND(AG56="Alta",AI56="Catastrófico"),AND(AG56="Muy Alta",AI56="Catastrófico")),"Extremo","")))),"") -> Moderado | AL56: Aceptar
S57: =IF(NOT(ISERROR(MATCH(R57,_xlfn.ANCHORARRAY(H68),0))),Q70&"Por favor no seleccionar los criterios de impacto",R57) -> 0 | W57: 3 | X57: El área de Infraestructura y Comunicaciones - INCO, al menos una vez al año realiza un mantenimiento preventivo a la infraestructura de redes y comunicaciones que soporta los servicios tecnológicos, con el fin de asegurar el funcionamiento adecuado de la misma. | Y57: =IF(OR(Z57="Preventivo",Z57="Detectivo"),"Probabilidad",IF(Z57="Correctivo","Impacto","")) -> Probabilidad | Z57: Preventivo | AA57: Manual | AB57: =IF(AND(Z57="Preventivo",AA57="Automático"),"50%",IF(AND(Z57="Preventivo",AA57="Manual"),"40%",IF(AND(Z57="Detectivo",AA57="Automático"),"40%",IF(AND(Z57="Detectivo",AA57="Manual"),"30%",IF(AND(Z57="Correctivo",AA57="Automático"),"35%",IF(AND(Z57="Correctivo",AA57="Manual"),"25%","")))))) -> 40% | AC57: Documentado | AD57: Continua | AE57: Con Registro | AF57: =IFERROR(IF(AND(Y56="Probabilidad",Y57="Probabilidad"),(AH56-(+AH56*AB57)),IF(Y57="Probabilidad",(Q56-(+Q56*AB57)),IF(Y57="Impacto",AH56,""))),"") -> 0.18 | AG57: =IFERROR(IF(AF57="","",IF(AF57<=0.2,"Muy Baja",IF(AF57<=0.4,"Baja",IF(AF57<=0.6,"Media",IF(AF57<=0.8,"Alta","Muy Alta"))))),"") -> Muy Baja | AH57: =+AF57 -> 0.18 | AI57: =IFERROR(IF(AJ57="","",IF(AJ57<=0.2,"Leve",IF(AJ57<=0.4,"Menor",IF(AJ57<=0.6,"Moderado",IF(AJ57<=0.8,"Mayor","Catastrófico"))))),"") -> Moderado | AJ57: =IFERROR(IF(AND(Y56="Impacto",Y57="Impacto"),(AJ56-(+AJ56*AB57)),IF(AND(Y56="Probabilidad",Y57="Impacto"),(AJ55-(+AJ55*AB57)),IF(Y57="Probabilidad",AJ56,""))),"") -> 0.6 | AK57: =IFERROR(IF(OR(AND(AG57="Muy Baja",AI57="Leve"),AND(AG57="Muy Baja",AI57="Menor"),AND(AG57="Baja",AI57="Leve")),"Bajo",IF(OR(AND(AG57="Muy baja",AI57="Moderado"),AND(AG57="Baja",AI57="Menor"),AND(AG57="Baja",AI57="Moderado"),AND(AG57="Media",AI57="Leve"),AND(AG57="Media",AI57="Menor"),AND(AG57="Media",AI57="Moderado"),AND(AG57="Alta",AI57="Leve"),AND(AG57="Alta",AI57="Menor")),"Moderado",IF(OR(AND(AG57="Muy Baja",AI57="Mayor"),AND(AG57="Baja",AI57="Mayor"),AND(AG57="Media",AI57="Mayor"),AND(AG57="Alta",AI57="Moderado"),AND(AG57="Alta",AI57="Mayor"),AND(AG57="Muy Alta",AI57="Leve"),AND(AG57="Muy Alta",AI57="Menor"),AND(AG57="Muy Alta",AI57="Moderado"),AND(AG57="Muy Alta",AI57="Mayor")),"Alto",IF(OR(AND(AG57="Muy Baja",AI57="Catastrófico"),AND(AG57="Baja",AI57="Catastrófico"),AND(AG57="Media",AI57="Catastrófico"),AND(AG57="Alta",AI57="Catastrófico"),AND(AG57="Muy Alta",AI57="Catastrófico")),"Extremo","")))),"") -> Moderado | AL57: Aceptar
S58: =IF(NOT(ISERROR(MATCH(R58,_xlfn.ANCHORARRAY(H69),0))),Q71&"Por favor no seleccionar los criterios de impacto",R58) -> 0 | W58: 4 | X58: El líder de la Mesa de Servicio de TI - MSTI, cada vez que se requiera realiza los mantenimientos correctivos conforme al procedimiento (GT-GERE-PR-01) a los equipos de cómputo de los diferentes servicios asistenciales, con el fin de asegurar el funcionamiento adecuado de los mismos. | Y58: =IF(OR(Z58="Preventivo",Z58="Detectivo"),"Probabilidad",IF(Z58="Correctivo","Impacto","")) -> Impacto | Z58: Correctivo | AA58: Manual | AB58: =IF(AND(Z58="Preventivo",AA58="Automático"),"50%",IF(AND(Z58="Preventivo",AA58="Manual"),"40%",IF(AND(Z58="Detectivo",AA58="Automático"),"40%",IF(AND(Z58="Detectivo",AA58="Manual"),"30%",IF(AND(Z58="Correctivo",AA58="Automático"),"35%",IF(AND(Z58="Correctivo",AA58="Manual"),"25%","")))))) -> 25% | AC58: Documentado | AD58: Aleatoria | AE58: Con Registro | AF58: =IFERROR(IF(AND(Y57="Probabilidad",Y58="Probabilidad"),(AH57-(+AH57*AB58)),IF(Y58="Probabilidad",(Q57-(+Q57*AB58)),IF(Y58="Impacto",AH57,""))),"") -> 0.18 | AG58: =IFERROR(IF(AF58="","",IF(AF58<=0.2,"Muy Baja",IF(AF58<=0.4,"Baja",IF(AF58<=0.6,"Media",IF(AF58<=0.8,"Alta","Muy Alta"))))),"") -> Muy Baja | AH58: =+AF58 -> 0.18 | AI58: =IFERROR(IF(AJ58="","",IF(AJ58<=0.2,"Leve",IF(AJ58<=0.4,"Menor",IF(AJ58<=0.6,"Moderado",IF(AJ58<=0.8,"Mayor","Catastrófico"))))),"") -> Moderado | AJ58: =IFERROR(IF(AND(Y57="Impacto",Y58="Impacto"),(AJ57-(+AJ57*AB58)),IF(AND(Y57="Probabilidad",Y58="Impacto"),(AJ56-(+AJ56*AB58)),IF(Y58="Probabilidad",AJ57,""))),"") -> 0.45 | AK58: =IFERROR(IF(OR(AND(AG58="Muy Baja",AI58="Leve"),AND(AG58="Muy Baja",AI58="Menor"),AND(AG58="Baja",AI58="Leve")),"Bajo",IF(OR(AND(AG58="Muy baja",AI58="Moderado"),AND(AG58="Baja",AI58="Menor"),AND(AG58="Baja",AI58="Moderado"),AND(AG58="Media",AI58="Leve"),AND(AG58="Media",AI58="Menor"),AND(AG58="Media",AI58="Moderado"),AND(AG58="Alta",AI58="Leve"),AND(AG58="Alta",AI58="Menor")),"Moderado",IF(OR(AND(AG58="Muy Baja",AI58="Mayor"),AND(AG58="Baja",AI58="Mayor"),AND(AG58="Media",AI58="Mayor"),AND(AG58="Alta",AI58="Moderado"),AND(AG58="Alta",AI58="Mayor"),AND(AG58="Muy Alta",AI58="Leve"),AND(AG58="Muy Alta",AI58="Menor"),AND(AG58="Muy Alta",AI58="Moderado"),AND(AG58="Muy Alta",AI58="Mayor")),"Alto",IF(OR(AND(AG58="Muy Baja",AI58="Catastrófico"),AND(AG58="Baja",AI58="Catastrófico"),AND(AG58="Media",AI58="Catastrófico"),AND(AG58="Alta",AI58="Catastrófico"),AND(AG58="Muy Alta",AI58="Catastrófico")),"Extremo","")))),"") -> Moderado | AL58: Reducir (compartir) | AM58: Diseñar y Documentar un proceso de Gestión de problemas de TI. | AN58: Jefe Unidad de Informática | AO58: Marzo de 2022 | AP58: Marzo de 2023 | AR58: En curso
S59: =IF(NOT(ISERROR(MATCH(R59,_xlfn.ANCHORARRAY(H70),0))),Q72&"Por favor no seleccionar los criterios de impacto",R59) -> 0 | W59: 5 | Y59: =IF(OR(Z59="Preventivo",Z59="Detectivo"),"Probabilidad",IF(Z59="Correctivo","Impacto","")) | AB59: =IF(AND(Z59="Preventivo",AA59="Automático"),"50%",IF(AND(Z59="Preventivo",AA59="Manual"),"40%",IF(AND(Z59="Detectivo",AA59="Automático"),"40%",IF(AND(Z59="Detectivo",AA59="Manual"),"30%",IF(AND(Z59="Correctivo",AA59="Automático"),"35%",IF(AND(Z59="Correctivo",AA59="Manual"),"25%","")))))) | AF59: =IFERROR(IF(AND(Y58="Probabilidad",Y59="Probabilidad"),(AH58-(+AH58*AB59)),IF(Y59="Probabilidad",(Q58-(+Q58*AB59)),IF(Y59="Impacto",AH58,""))),"") | AG59: =IFERROR(IF(AF59="","",IF(AF59<=0.2,"Muy Baja",IF(AF59<=0.4,"Baja",IF(AF59<=0.6,"Media",IF(AF59<=0.8,"Alta","Muy Alta"))))),"") | AH59: =+AF59 | AI59: =IFERROR(IF(AJ59="","",IF(AJ59<=0.2,"Leve",IF(AJ59<=0.4,"Menor",IF(AJ59<=0.6,"Moderado",IF(AJ59<=0.8,"Mayor","Catastrófico"))))),"") | AJ59: =IFERROR(IF(AND(Y58="Impacto",Y59="Impacto"),(AJ58-(+AJ58*AB59)),IF(AND(Y58="Probabilidad",Y59="Impacto"),(AJ57-(+AJ57*AB59)),IF(Y59="Probabilidad",AJ58,""))),"") | AK59: =IFERROR(IF(OR(AND(AG59="Muy Baja",AI59="Leve"),AND(AG59="Muy Baja",AI59="Menor"),AND(AG59="Baja",AI59="Leve")),"Bajo",IF(OR(AND(AG59="Muy baja",AI59="Moderado"),AND(AG59="Baja",AI59="Menor"),AND(AG59="Baja",AI59="Moderado"),AND(AG59="Media",AI59="Leve"),AND(AG59="Media",AI59="Menor"),AND(AG59="Media",AI59="Moderado"),AND(AG59="Alta",AI59="Leve"),AND(AG59="Alta",AI59="Menor")),"Moderado",IF(OR(AND(AG59="Muy Baja",AI59="Mayor"),AND(AG59="Baja",AI59="Mayor"),AND(AG59="Media",AI59="Mayor"),AND(AG59="Alta",AI59="Moderado"),AND(AG59="Alta",AI59="Mayor"),AND(AG59="Muy Alta",AI59="Leve"),AND(AG59="Muy Alta",AI59="Menor"),AND(AG59="Muy Alta",AI59="Moderado"),AND(AG59="Muy Alta",AI59="Mayor")),"Alto",IF(OR(AND(AG59="Muy Baja",AI59="Catastrófico"),AND(AG59="Baja",AI59="Catastrófico"),AND(AG59="Media",AI59="Catastrófico"),AND(AG59="Alta",AI59="Catastrófico"),AND(AG59="Muy Alta",AI59="Catastrófico")),"Extremo","")))),"")
S60: =IF(NOT(ISERROR(MATCH(R60,_xlfn.ANCHORARRAY(H71),0))),Q73&"Por favor no seleccionar los criterios de impacto",R60) -> 0 | W60: 6 | Y60: =IF(OR(Z60="Preventivo",Z60="Detectivo"),"Probabilidad",IF(Z60="Correctivo","Impacto","")) | AB60: =IF(AND(Z60="Preventivo",AA60="Automático"),"50%",IF(AND(Z60="Preventivo",AA60="Manual"),"40%",IF(AND(Z60="Detectivo",AA60="Automático"),"40%",IF(AND(Z60="Detectivo",AA60="Manual"),"30%",IF(AND(Z60="Correctivo",AA60="Automático"),"35%",IF(AND(Z60="Correctivo",AA60="Manual"),"25%","")))))) | AF60: =IFERROR(IF(AND(Y59="Probabilidad",Y60="Probabilidad"),(AH59-(+AH59*AB60)),IF(Y60="Probabilidad",(Q59-(+Q59*AB60)),IF(Y60="Impacto",AH59,""))),"") | AG60: =IFERROR(IF(AF60="","",IF(AF60<=0.2,"Muy Baja",IF(AF60<=0.4,"Baja",IF(AF60<=0.6,"Media",IF(AF60<=0.8,"Alta","Muy Alta"))))),"") | AH60: =+AF60 | AI60: =IFERROR(IF(AJ60="","",IF(AJ60<=0.2,"Leve",IF(AJ60<=0.4,"Menor",IF(AJ60<=0.6,"Moderado",IF(AJ60<=0.8,"Mayor","Catastrófico"))))),"") | AJ60: =IFERROR(IF(AND(Y59="Impacto",Y60="Impacto"),(AJ59-(+AJ59*AB60)),IF(AND(Y59="Probabilidad",Y60="Impacto"),(AJ58-(+AJ58*AB60)),IF(Y60="Probabilidad",AJ59,""))),"") | AK60: =IFERROR(IF(OR(AND(AG60="Muy Baja",AI60="Leve"),AND(AG60="Muy Baja",AI60="Menor"),AND(AG60="Baja",AI60="Leve")),"Bajo",IF(OR(AND(AG60="Muy baja",AI60="Moderado"),AND(AG60="Baja",AI60="Menor"),AND(AG60="Baja",AI60="Moderado"),AND(AG60="Media",AI60="Leve"),AND(AG60="Media",AI60="Menor"),AND(AG60="Media",AI60="Moderado"),AND(AG60="Alta",AI60="Leve"),AND(AG60="Alta",AI60="Menor")),"Moderado",IF(OR(AND(AG60="Muy Baja",AI60="Mayor"),AND(AG60="Baja",AI60="Mayor"),AND(AG60="Media",AI60="Mayor"),AND(AG60="Alta",AI60="Moderado"),AND(AG60="Alta",AI60="Mayor"),AND(AG60="Muy Alta",AI60="Leve"),AND(AG60="Muy Alta",AI60="Menor"),AND(AG60="Muy Alta",AI60="Moderado"),AND(AG60="Muy Alta",AI60="Mayor")),"Alto",IF(OR(AND(AG60="Muy Baja",AI60="Catastrófico"),AND(AG60="Baja",AI60="Catastrófico"),AND(AG60="Media",AI60="Catastrófico"),AND(AG60="Alta",AI60="Catastrófico"),AND(AG60="Muy Alta",AI60="Catastrófico")),"Extremo","")))),"")
A61: 9 | B61: TIN_02 | C61: Tecnologías de la Información | D61: Gestión de Seguridad Informática | E61: Reputacional | F61: Acceso a información clínica clasificada o reservada de los usuarios del HOMIL | G61: Falta de control del ciclo de vida de las credenciales de acceso a la infraestructura tecnológica de la entidad. | H61: Posibilidad de afectación reputacional y perdida de la confidencialidad por el acceso a información clasificada o reservada de los usuarios del Homil, debido a falta de control del ciclo de vida de las credenciales de acceso a la infraestructura tecnológica de la entidad. | M61: Pérdida de Confidencialidad | N61: Sistema de Información Dinámica Gerencial | O61: 52 | P61: =IF(O61<=0,"",IF(O61<=2,"Muy Baja",IF(O61<=24,"Baja",IF(O61<=500,"Media",IF(O61<=5000,"Alta","Muy Alta"))))) -> Media | Q61: =IF(P61="","",IF(P61="Muy Baja",0.2,IF(P61="Baja",0.4,IF(P61="Media",0.6,IF(P61="Alta",0.8,IF(P61="Muy Alta",1,)))))) -> 0.6 | R61: El riesgo afecta la imagen de la entidad a nivel nacional, con efecto publicitarios sostenible a nivel país | S61: =IF(NOT(ISERROR(MATCH(R61,'Tabla Impacto'!$B$221:$B$223,0))),'Tabla Impacto'!$F$223&"Por favor no seleccionar los criterios de impacto(Afectación Económica o presupuestal y Pérdida Reputacional)",R61) -> El riesgo afecta la imagen de la entidad a nivel nacional, con efecto publicitarios sostenible a nivel país | T61: =+IF(OR(S61='[1]Tabla Impacto'!$C$11,S61='[1]Tabla Impacto'!$D$11),"Leve",IF(OR(S61='[1]Tabla Impacto'!$C$12,S61='[1]Tabla Impacto'!$D$12),"Menor",IF(OR(S61='[1]Tabla Impacto'!$C$13,S61='[1]Tabla Impacto'!$D$13),"Moderado",IF(OR(S61='[1]Tabla Impacto'!$C$14,S61='[1]Tabla Impacto'!$D$14),"Mayor",IF(OR(S61='[1]Tabla Impacto'!$C$15,S61='[1]Tabla Impacto'!$D$15),"Catastrófico",""))))) -> Catastrófico | U61: =IF(T61="","",IF(T61="Leve",0.2,IF(T61="Menor",0.4,IF(T61="Moderado",0.6,IF(T61="Mayor",0.8,IF(T61="Catastrófico",1,)))))) -> 1 | V61: =IF(OR(AND(P61="Muy Baja",T61="Leve"),AND(P61="Muy Baja",T61="Menor"),AND(P61="Baja",T61="Leve")),"Bajo",IF(OR(AND(P61="Muy baja",T61="Moderado"),AND(P61="Baja",T61="Menor"),AND(P61="Baja",T61="Moderado"),AND(P61="Media",T61="Leve"),AND(P61="Media",T61="Menor"),AND(P61="Media",T61="Moderado"),AND(P61="Alta",T61="Leve"),AND(P61="Alta",T61="Menor")),"Moderado",IF(OR(AND(P61="Muy Baja",T61="Mayor"),AND(P61="Baja",T61="Mayor"),AND(P61="Media",T61="Mayor"),AND(P61="Alta",T61="Moderado"),AND(P61="Alta",T61="Mayor"),AND(P61="Muy Alta",T61="Leve"),AND(P61="Muy Alta",T61="Menor"),AND(P61="Muy Alta",T61="Moderado"),AND(P61="Muy Alta",T61="Mayor")),"Alto",IF(OR(AND(P61="Muy Baja",T61="Catastrófico"),AND(P61="Baja",T61="Catastrófico"),AND(P61="Media",T61="Catastrófico"),AND(P61="Alta",T61="Catastrófico"),AND(P61="Muy Alta",T61="Catastrófico")),"Extremo","")))) -> Extremo | W61: 1 | X61: El área de gestión de seguridad informática - GESU, mensualmente realiza campañas de sensibilización en temas de ciber seguridad. Con el fin de concientizar a los usuarios de los riesgos relacionados con el uso seguro de la infraestructura tecnológica que soporta la prestación de los servicios tecnológicos. | Y61: =IF(OR(Z61="Preventivo",Z61="Detectivo"),"Probabilidad",IF(Z61="Correctivo","Impacto","")) -> Probabilidad | Z61: Preventivo | AA61: Manual | AB61: =IF(AND(Z61="Preventivo",AA61="Automático"),"50%",IF(AND(Z61="Preventivo",AA61="Manual"),"40%",IF(AND(Z61="Detectivo",AA61="Automático"),"40%",IF(AND(Z61="Detectivo",AA61="Manual"),"30%",IF(AND(Z61="Correctivo",AA61="Automático"),"35%",IF(AND(Z61="Correctivo",AA61="Manual"),"25%","")))))) -> 40% | AC61: Documentado | AD61: Continua | AE61: Con Registro | AF61: =IFERROR(IF(Y61="Probabilidad",(Q61-(+Q61*AB61)),IF(Y61="Impacto",Q61,"")),"") -> 0.36 | AG61: =IFERROR(IF(AF61="","",IF(AF61<=0.2,"Muy Baja",IF(AF61<=0.4,"Baja",IF(AF61<=0.6,"Media",IF(AF61<=0.8,"Alta","Muy Alta"))))),"") -> Baja | AH61: =+AF61 -> 0.36 | AI61: =IFERROR(IF(AJ61="","",IF(AJ61<=0.2,"Leve",IF(AJ61<=0.4,"Menor",IF(AJ61<=0.6,"Moderado",IF(AJ61<=0.8,"Mayor","Catastrófico"))))),"") -> Catastrófico | AJ61: =IFERROR(IF(Y61="Impacto",(U61-(+U61*AB61)),IF(Y61="Probabilidad",U61,"")),"") -> 1 | AK61: =IFERROR(IF(OR(AND(AG61="Muy Baja",AI61="Leve"),AND(AG61="Muy Baja",AI61="Menor"),AND(AG61="Baja",AI61="Leve")),"Bajo",IF(OR(AND(AG61="Muy baja",AI61="Moderado"),AND(AG61="Baja",AI61="Menor"),AND(AG61="Baja",AI61="Moderado"),AND(AG61="Media",AI61="Leve"),AND(AG61="Media",AI61="Menor"),AND(AG61="Media",AI61="Moderado"),AND(AG61="Alta",AI61="Leve"),AND(AG61="Alta",AI61="Menor")),"Moderado",IF(OR(AND(AG61="Muy Baja",AI61="Mayor"),AND(AG61="Baja",AI61="Mayor"),AND(AG61="Media",AI61="Mayor"),AND(AG61="Alta",AI61="Moderado"),AND(AG61="Alta",AI61="Mayor"),AND(AG61="Muy Alta",AI61="Leve"),AND(AG61="Muy Alta",AI61="Menor"),AND(AG61="Muy Alta",AI61="Moderado"),AND(AG61="Muy Alta",AI61="Mayor")),"Alto",IF(OR(AND(AG61="Muy Baja",AI61="Catastrófico"),AND(AG61="Baja",AI61="Catastrófico"),AND(AG61="Media",AI61="Catastrófico"),AND(AG61="Alta",AI61="Catastrófico"),AND(AG61="Muy Alta",AI61="Catastrófico")),"Extremo","")))),"") -> Extremo | AL61: Reducir (mitigar) | AM61: Campañas de concientización, simulacros sobre ataques cibernéticos | AN61: Jefe Unidad de Informática | AO61: Diciembre de 2022 | AP61: Trimestral | AR61: En curso
S62: =IF(NOT(ISERROR(MATCH(R62,_xlfn.ANCHORARRAY(H73),0))),Q75&"Por favor no seleccionar los criterios de impacto",R62) -> 0 | W62: 2 | X62: El área de Gestión de Movilidad y Aplicaciones - GEAM informa mensualmente a los jefes de Unidad los usuarios activos en el sistema de Información Dinámica gerencial para recibir retroalimentación de la permanencia en los cargos de los profesionales de la salud. | Y62: =IF(OR(Z62="Preventivo",Z62="Detectivo"),"Probabilidad",IF(Z62="Correctivo","Impacto","")) -> Probabilidad | Z62: Detectivo | AA62: Manual | AB62: =IF(AND(Z62="Preventivo",AA62="Automático"),"50%",IF(AND(Z62="Preventivo",AA62="Manual"),"40%",IF(AND(Z62="Detectivo",AA62="Automático"),"40%",IF(AND(Z62="Detectivo",AA62="Manual"),"30%",IF(AND(Z62="Correctivo",AA62="Automático"),"35%",IF(AND(Z62="Correctivo",AA62="Manual"),"25%","")))))) -> 30% | AC62: Documentado | AD62: Continua | AE62: Con Registro | AF62: =IFERROR(IF(AND(Y61="Probabilidad",Y62="Probabilidad"),(AH61-(+AH61*AB62)),IF(Y62="Probabilidad",(Q61-(+Q61*AB62)),IF(Y62="Impacto",AH61,""))),"") -> 0.252 | AG62: =IFERROR(IF(AF62="","",IF(AF62<=0.2,"Muy Baja",IF(AF62<=0.4,"Baja",IF(AF62<=0.6,"Media",IF(AF62<=0.8,"Alta","Muy Alta"))))),"") -> Baja | AH62: =+AF62 -> 0.252 | AI62: =IFERROR(IF(AJ62="","",IF(AJ62<=0.2,"Leve",IF(AJ62<=0.4,"Menor",IF(AJ62<=0.6,"Moderado",IF(AJ62<=0.8,"Mayor","Catastrófico"))))),"") -> Catastrófico | AJ62: =IFERROR(IF(AND(Y61="Impacto",Y62="Impacto"),(AJ61-(+AJ61*AB62)),IF(Y62="Impacto",(U61-(+U61*AB62)),IF(Y62="Probabilidad",AJ61,""))),"") -> 1 | AK62: =IFERROR(IF(OR(AND(AG62="Muy Baja",AI62="Leve"),AND(AG62="Muy Baja",AI62="Menor"),AND(AG62="Baja",AI62="Leve")),"Bajo",IF(OR(AND(AG62="Muy baja",AI62="Moderado"),AND(AG62="Baja",AI62="Menor"),AND(AG62="Baja",AI62="Moderado"),AND(AG62="Media",AI62="Leve"),AND(AG62="Media",AI62="Menor"),AND(AG62="Media",AI62="Moderado"),AND(AG62="Alta",AI62="Leve"),AND(AG62="Alta",AI62="Menor")),"Moderado",IF(OR(AND(AG62="Muy Baja",AI62="Mayor"),AND(AG62="Baja",AI62="Mayor"),AND(AG62="Media",AI62="Mayor"),AND(AG62="Alta",AI62="Moderado"),AND(AG62="Alta",AI62="Mayor"),AND(AG62="Muy Alta",AI62="Leve"),AND(AG62="Muy Alta",AI62="Menor"),AND(AG62="Muy Alta",AI62="Moderado"),AND(AG62="Muy Alta",AI62="Mayor")),"Alto",IF(OR(AND(AG62="Muy Baja",AI62="Catastrófico"),AND(AG62="Baja",AI62="Catastrófico"),AND(AG62="Media",AI62="Catastrófico"),AND(AG62="Alta",AI62="Catastrófico"),AND(AG62="Muy Alta",AI62="Catastrófico")),"Extremo","")))),"") -> Extremo | AL62: Reducir (mitigar) | AM62: Implementar dentro del proceso de pago de la última cuenta, factura o liquidación el paz y salvo de la Unidad Informática | AN62: Jefe Unidad de Informática | AO62: Marzo de 2023 | AP62: Marzo de 2023 | AR62: En curso
S63: =IF(NOT(ISERROR(MATCH(R63,_xlfn.ANCHORARRAY(H74),0))),Q76&"Por favor no seleccionar los criterios de impacto",R63) -> 0 | W63: 3 | X63: El área de Mesa de Servicio de TI - MSTI, solo crea las cuentas de acceso a las personas que alleguen 100% diligenciado el formato único de solicitud de acceso a servicios informáticos (TI-GESU-PR-01-FT-01) | Y63: =IF(OR(Z63="Preventivo",Z63="Detectivo"),"Probabilidad",IF(Z63="Correctivo","Impacto","")) -> Probabilidad | Z63: Preventivo | AA63: Manual | AB63: =IF(AND(Z63="Preventivo",AA63="Automático"),"50%",IF(AND(Z63="Preventivo",AA63="Manual"),"40%",IF(AND(Z63="Detectivo",AA63="Automático"),"40%",IF(AND(Z63="Detectivo",AA63="Manual"),"30%",IF(AND(Z63="Correctivo",AA63="Automático"),"35%",IF(AND(Z63="Correctivo",AA63="Manual"),"25%","")))))) -> 40% | AC63: Documentado | AD63: Continua | AE63: Con Registro | AF63: =IFERROR(IF(AND(Y62="Probabilidad",Y63="Probabilidad"),(AH62-(+AH62*AB63)),IF(Y63="Probabilidad",(Q62-(+Q62*AB63)),IF(Y63="Impacto",AH62,""))),"") -> 0.1512 | AG63: =IFERROR(IF(AF63="","",IF(AF63<=0.2,"Muy Baja",IF(AF63<=0.4,"Baja",IF(AF63<=0.6,"Media",IF(AF63<=0.8,"Alta","Muy Alta"))))),"") -> Muy Baja | AH63: =+AF63 -> 0.1512 | AI63: =IFERROR(IF(AJ63="","",IF(AJ63<=0.2,"Leve",IF(AJ63<=0.4,"Menor",IF(AJ63<=0.6,"Moderado",IF(AJ63<=0.8,"Mayor","Catastrófico"))))),"") -> Catastrófico | AJ63: =IFERROR(IF(AND(Y62="Impacto",Y63="Impacto"),(AJ62-(+AJ62*AB63)),IF(AND(Y62="Probabilidad",Y63="Impacto"),(AJ61-(+AJ61*AB63)),IF(Y63="Probabilidad",AJ62,""))),"") -> 1 | AK63: =IFERROR(IF(OR(AND(AG63="Muy Baja",AI63="Leve"),AND(AG63="Muy Baja",AI63="Menor"),AND(AG63="Baja",AI63="Leve")),"Bajo",IF(OR(AND(AG63="Muy baja",AI63="Moderado"),AND(AG63="Baja",AI63="Menor"),AND(AG63="Baja",AI63="Moderado"),AND(AG63="Media",AI63="Leve"),AND(AG63="Media",AI63="Menor"),AND(AG63="Media",AI63="Moderado"),AND(AG63="Alta",AI63="Leve"),AND(AG63="Alta",AI63="Menor")),"Moderado",IF(OR(AND(AG63="Muy Baja",AI63="Mayor"),AND(AG63="Baja",AI63="Mayor"),AND(AG63="Media",AI63="Mayor"),AND(AG63="Alta",AI63="Moderado"),AND(AG63="Alta",AI63="Mayor"),AND(AG63="Muy Alta",AI63="Leve"),AND(AG63="Muy Alta",AI63="Menor"),AND(AG63="Muy Alta",AI63="Moderado"),AND(AG63="Muy Alta",AI63="Mayor")),"Alto",IF(OR(AND(AG63="Muy Baja",AI63="Catastrófico"),AND(AG63="Baja",AI63="Catastrófico"),AND(AG63="Media",AI63="Catastrófico"),AND(AG63="Alta",AI63="Catastrófico"),AND(AG63="Muy Alta",AI63="Catastrófico")),"Extremo","")))),"") -> Extremo | AL63: Reducir (mitigar)
S64: =IF(NOT(ISERROR(MATCH(R64,_xlfn.ANCHORARRAY(H75),0))),Q77&"Por favor no seleccionar los criterios de impacto",R64) -> 0 | W64: 4 | X64: La Unidad de Talento Humano, reporta vía correo electrónico las novedades de personal (retiros) a fin de que se deshabiliten los accesos a los diferentes servicios tecnológicos. | Y64: =IF(OR(Z64="Preventivo",Z64="Detectivo"),"Probabilidad",IF(Z64="Correctivo","Impacto","")) -> Probabilidad | Z64: Detectivo | AA64: Manual | AB64: =IF(AND(Z64="Preventivo",AA64="Automático"),"50%",IF(AND(Z64="Preventivo",AA64="Manual"),"40%",IF(AND(Z64="Detectivo",AA64="Automático"),"40%",IF(AND(Z64="Detectivo",AA64="Manual"),"30%",IF(AND(Z64="Correctivo",AA64="Automático"),"35%",IF(AND(Z64="Correctivo",AA64="Manual"),"25%","")))))) -> 30% | AC64: Documentado | AD64: Continua | AE64: Con Registro | AF64: =IFERROR(IF(AND(Y63="Probabilidad",Y64="Probabilidad"),(AH63-(+AH63*AB64)),IF(Y64="Probabilidad",(Q63-(+Q63*AB64)),IF(Y64="Impacto",AH63,""))),"") -> 0.10584 | AG64: =IFERROR(IF(AF64="","",IF(AF64<=0.2,"Muy Baja",IF(AF64<=0.4,"Baja",IF(AF64<=0.6,"Media",IF(AF64<=0.8,"Alta","Muy Alta"))))),"") -> Muy Baja | AH64: =+AF64 -> 0.10584 | AI64: =IFERROR(IF(AJ64="","",IF(AJ64<=0.2,"Leve",IF(AJ64<=0.4,"Menor",IF(AJ64<=0.6,"Moderado",IF(AJ64<=0.8,"Mayor","Catastrófico"))))),"") -> Catastrófico | AJ64: =IFERROR(IF(AND(Y63="Impacto",Y64="Impacto"),(AJ63-(+AJ63*AB64)),IF(AND(Y63="Probabilidad",Y64="Impacto"),(AJ62-(+AJ62*AB64)),IF(Y64="Probabilidad",AJ63,""))),"") -> 1 | AK64: =IFERROR(IF(OR(AND(AG64="Muy Baja",AI64="Leve"),AND(AG64="Muy Baja",AI64="Menor"),AND(AG64="Baja",AI64="Leve")),"Bajo",IF(OR(AND(AG64="Muy baja",AI64="Moderado"),AND(AG64="Baja",AI64="Menor"),AND(AG64="Baja",AI64="Moderado"),AND(AG64="Media",AI64="Leve"),AND(AG64="Media",AI64="Menor"),AND(AG64="Media",AI64="Moderado"),AND(AG64="Alta",AI64="Leve"),AND(AG64="Alta",AI64="Menor")),"Moderado",IF(OR(AND(AG64="Muy Baja",AI64="Mayor"),AND(AG64="Baja",AI64="Mayor"),AND(AG64="Media",AI64="Mayor"),AND(AG64="Alta",AI64="Moderado"),AND(AG64="Alta",AI64="Mayor"),AND(AG64="Muy Alta",AI64="Leve"),AND(AG64="Muy Alta",AI64="Menor"),AND(AG64="Muy Alta",AI64="Moderado"),AND(AG64="Muy Alta",AI64="Mayor")),"Alto",IF(OR(AND(AG64="Muy Baja",AI64="Catastrófico"),AND(AG64="Baja",AI64="Catastrófico"),AND(AG64="Media",AI64="Catastrófico"),AND(AG64="Alta",AI64="Catastrófico"),AND(AG64="Muy Alta",AI64="Catastrófico")),"Extremo","")))),"") -> Extremo | AL64: Reducir (mitigar)
S65: =IF(NOT(ISERROR(MATCH(R65,_xlfn.ANCHORARRAY(H76),0))),Q78&"Por favor no seleccionar los criterios de impacto",R65) -> 0 | W65: 5 | X65: El área de Mesa de Servicio de TI - MSTI, configura la fecha de terminación del contrato relacionada en el formato único de solicitud de acceso a servicios informáticos (TI-GESU-PR-01-FT-01). Está configuración se realiza en el directorio activo para que se bloquee de manera automática el día que corresponda. | Y65: =IF(OR(Z65="Preventivo",Z65="Detectivo"),"Probabilidad",IF(Z65="Correctivo","Impacto","")) -> Probabilidad | Z65: Preventivo | AA65: Automático | AB65: =IF(AND(Z65="Preventivo",AA65="Automático"),"50%",IF(AND(Z65="Preventivo",AA65="Manual"),"40%",IF(AND(Z65="Detectivo",AA65="Automático"),"40%",IF(AND(Z65="Detectivo",AA65="Manual"),"30%",IF(AND(Z65="Correctivo",AA65="Automático"),"35%",IF(AND(Z65="Correctivo",AA65="Manual"),"25%","")))))) -> 50% | AC65: Documentado | AD65: Continua | AE65: Con Registro | AF65: =IFERROR(IF(AND(Y64="Probabilidad",Y65="Probabilidad"),(AH64-(+AH64*AB65)),IF(Y65="Probabilidad",(Q64-(+Q64*AB65)),IF(Y65="Impacto",AH64,""))),"") -> 0.05292 | AG65: =IFERROR(IF(AF65="","",IF(AF65<=0.2,"Muy Baja",IF(AF65<=0.4,"Baja",IF(AF65<=0.6,"Media",IF(AF65<=0.8,"Alta","Muy Alta"))))),"") -> Muy Baja | AH65: =+AF65 -> 0.05292 | AI65: =IFERROR(IF(AJ65="","",IF(AJ65<=0.2,"Leve",IF(AJ65<=0.4,"Menor",IF(AJ65<=0.6,"Moderado",IF(AJ65<=0.8,"Mayor","Catastrófico"))))),"") -> Catastrófico | AJ65: =IFERROR(IF(AND(Y64="Impacto",Y65="Impacto"),(AJ64-(+AJ64*AB65)),IF(AND(Y64="Probabilidad",Y65="Impacto"),(AJ63-(+AJ63*AB65)),IF(Y65="Probabilidad",AJ64,""))),"") -> 1 | AK65: =IFERROR(IF(OR(AND(AG65="Muy Baja",AI65="Leve"),AND(AG65="Muy Baja",AI65="Menor"),AND(AG65="Baja",AI65="Leve")),"Bajo",IF(OR(AND(AG65="Muy baja",AI65="Moderado"),AND(AG65="Baja",AI65="Menor"),AND(AG65="Baja",AI65="Moderado"),AND(AG65="Media",AI65="Leve"),AND(AG65="Media",AI65="Menor"),AND(AG65="Media",AI65="Moderado"),AND(AG65="Alta",AI65="Leve"),AND(AG65="Alta",AI65="Menor")),"Moderado",IF(OR(AND(AG65="Muy Baja",AI65="Mayor"),AND(AG65="Baja",AI65="Mayor"),AND(AG65="Media",AI65="Mayor"),AND(AG65="Alta",AI65="Moderado"),AND(AG65="Alta",AI65="Mayor"),AND(AG65="Muy Alta",AI65="Leve"),AND(AG65="Muy Alta",AI65="Menor"),AND(AG65="Muy Alta",AI65="Moderado"),AND(AG65="Muy Alta",AI65="Mayor")),"Alto",IF(OR(AND(AG65="Muy Baja",AI65="Catastrófico"),AND(AG65="Baja",AI65="Catastrófico"),AND(AG65="Media",AI65="Catastrófico"),AND(AG65="Alta",AI65="Catastrófico"),AND(AG65="Muy Alta",AI65="Catastrófico")),"Extremo","")))),"") -> Extremo | AL65: Reducir (mitigar)
S66: =IF(NOT(ISERROR(MATCH(R66,_xlfn.ANCHORARRAY(H77),0))),Q79&"Por favor no seleccionar los criterios de impacto",R66) -> 0 | W66: 6 | X66: El administrador de la base de datos del área de infraestructura y comunicaciones - INCO configura un script automático para deshabilitar usuarios que lleven más de un mes sin ingresar al sistema de información Dinámica Gerencial. | Y66: =IF(OR(Z66="Preventivo",Z66="Detectivo"),"Probabilidad",IF(Z66="Correctivo","Impacto","")) -> Probabilidad | Z66: Detectivo | AA66: Automático | AB66: =IF(AND(Z66="Preventivo",AA66="Automático"),"50%",IF(AND(Z66="Preventivo",AA66="Manual"),"40%",IF(AND(Z66="Detectivo",AA66="Automático"),"40%",IF(AND(Z66="Detectivo",AA66="Manual"),"30%",IF(AND(Z66="Correctivo",AA66="Automático"),"35%",IF(AND(Z66="Correctivo",AA66="Manual"),"25%","")))))) -> 40% | AC66: Documentado | AD66: Continua | AE66: Con Registro | AF66: =IFERROR(IF(AND(Y65="Probabilidad",Y66="Probabilidad"),(AH65-(+AH65*AB66)),IF(Y66="Probabilidad",(Q65-(+Q65*AB66)),IF(Y66="Impacto",AH65,""))),"") -> 0.031752 | AG66: =IFERROR(IF(AF66="","",IF(AF66<=0.2,"Muy Baja",IF(AF66<=0.4,"Baja",IF(AF66<=0.6,"Media",IF(AF66<=0.8,"Alta","Muy Alta"))))),"") -> Muy Baja | AH66: =+AF66 -> 0.031752 | AI66: =IFERROR(IF(AJ66="","",IF(AJ66<=0.2,"Leve",IF(AJ66<=0.4,"Menor",IF(AJ66<=0.6,"Moderado",IF(AJ66<=0.8,"Mayor","Catastrófico"))))),"") -> Catastrófico | AJ66: =IFERROR(IF(AND(Y65="Impacto",Y66="Impacto"),(AJ65-(+AJ65*AB66)),IF(AND(Y65="Probabilidad",Y66="Impacto"),(AJ64-(+AJ64*AB66)),IF(Y66="Probabilidad",AJ65,""))),"") -> 1 | AK66: =IFERROR(IF(OR(AND(AG66="Muy Baja",AI66="Leve"),AND(AG66="Muy Baja",AI66="Menor"),AND(AG66="Baja",AI66="Leve")),"Bajo",IF(OR(AND(AG66="Muy baja",AI66="Moderado"),AND(AG66="Baja",AI66="Menor"),AND(AG66="Baja",AI66="Moderado"),AND(AG66="Media",AI66="Leve"),AND(AG66="Media",AI66="Menor"),AND(AG66="Media",AI66="Moderado"),AND(AG66="Alta",AI66="Leve"),AND(AG66="Alta",AI66="Menor")),"Moderado",IF(OR(AND(AG66="Muy Baja",AI66="Mayor"),AND(AG66="Baja",AI66="Mayor"),AND(AG66="Media",AI66="Mayor"),AND(AG66="Alta",AI66="Moderado"),AND(AG66="Alta",AI66="Mayor"),AND(AG66="Muy Alta",AI66="Leve"),AND(AG66="Muy Alta",AI66="Menor"),AND(AG66="Muy Alta",AI66="Moderado"),AND(AG66="Muy Alta",AI66="Mayor")),"Alto",IF(OR(AND(AG66="Muy Baja",AI66="Catastrófico"),AND(AG66="Baja",AI66="Catastrófico"),AND(AG66="Media",AI66="Catastrófico"),AND(AG66="Alta",AI66="Catastrófico"),AND(AG66="Muy Alta",AI66="Catastrófico")),"Extremo","")))),"") -> Extremo | AL66: Reducir (mitigar)
A67: 10 | B67: TIN_03 | C67: Tecnologías de la Información | D67: Infraestructura y comunicaciones. | E67: Económico | F67: No disponibilidad de la información clínica de los usuarios del HOMIL | G67: Falta de respaldo (copias de seguridad) de la información. | H67: Posibilidad de afectación económica por no disponibilidad de la información clínica de los usuarios del HOMIL, debido a falta de respaldo (copias de seguridad) de la información. | M67: Pérdida de Disponibilidad | N67: Sistema de Información Dinámica Gerencial | O67: 8640 | P67: =IF(O67<=0,"",IF(O67<=2,"Muy Baja",IF(O67<=24,"Baja",IF(O67<=500,"Media",IF(O67<=5000,"Alta","Muy Alta"))))) -> Muy Alta | Q67: =IF(P67="","",IF(P67="Muy Baja",0.2,IF(P67="Baja",0.4,IF(P67="Media",0.6,IF(P67="Alta",0.8,IF(P67="Muy Alta",1,)))))) -> 1 | R67: Entre 100 y 500 SMLMV | S67: =IF(NOT(ISERROR(MATCH(R67,'Tabla Impacto'!$B$221:$B$223,0))),'Tabla Impacto'!$F$223&"Por favor no seleccionar los criterios de impacto(Afectación Económica o presupuestal y Pérdida Reputacional)",R67) -> Entre 100 y 500 SMLMV | T67: =+IF(OR(S67='[1]Tabla Impacto'!$C$11,S67='[1]Tabla Impacto'!$D$11),"Leve",IF(OR(S67='[1]Tabla Impacto'!$C$12,S67='[1]Tabla Impacto'!$D$12),"Menor",IF(OR(S67='[1]Tabla Impacto'!$C$13,S67='[1]Tabla Impacto'!$D$13),"Moderado",IF(OR(S67='[1]Tabla Impacto'!$C$14,S67='[1]Tabla Impacto'!$D$14),"Mayor",IF(OR(S67='[1]Tabla Impacto'!$C$15,S67='[1]Tabla Impacto'!$D$15),"Catastrófico",""))))) -> Mayor | U67: =IF(T67="","",IF(T67="Leve",0.2,IF(T67="Menor",0.4,IF(T67="Moderado",0.6,IF(T67="Mayor",0.8,IF(T67="Catastrófico",1,)))))) -> 0.8 | V67: =IF(OR(AND(P67="Muy Baja",T67="Leve"),AND(P67="Muy Baja",T67="Menor"),AND(P67="Baja",T67="Leve")),"Bajo",IF(OR(AND(P67="Muy baja",T67="Moderado"),AND(P67="Baja",T67="Menor"),AND(P67="Baja",T67="Moderado"),AND(P67="Media",T67="Leve"),AND(P67="Media",T67="Menor"),AND(P67="Media",T67="Moderado"),AND(P67="Alta",T67="Leve"),AND(P67="Alta",T67="Menor")),"Moderado",IF(OR(AND(P67="Muy Baja",T67="Mayor"),AND(P67="Baja",T67="Mayor"),AND(P67="Media",T67="Mayor"),AND(P67="Alta",T67="Moderado"),AND(P67="Alta",T67="Mayor"),AND(P67="Muy Alta",T67="Leve"),AND(P67="Muy Alta",T67="Menor"),AND(P67="Muy Alta",T67="Moderado"),AND(P67="Muy Alta",T67="Mayor")),"Alto",IF(OR(AND(P67="Muy Baja",T67="Catastrófico"),AND(P67="Baja",T67="Catastrófico"),AND(P67="Media",T67="Catastrófico"),AND(P67="Alta",T67="Catastrófico"),AND(P67="Muy Alta",T67="Catastrófico")),"Extremo","")))) -> Alto | W67: 1 | X67: El líder del área de Infraestructura y Comunicaciones - INCO realiza el monitoreo 7*24*365 a través de las herramientas de monitoreo (NOC) con el fin de verificar el funcionamiento y el estado general de los equipos que soportan el servicio de backup de la entidad para tomar acciones preventivas y/o correctivas. | Y67: =IF(OR(Z67="Preventivo",Z67="Detectivo"),"Probabilidad",IF(Z67="Correctivo","Impacto","")) -> Probabilidad | Z67: Preventivo | AA67: Automático | AB67: =IF(AND(Z67="Preventivo",AA67="Automático"),"50%",IF(AND(Z67="Preventivo",AA67="Manual"),"40%",IF(AND(Z67="Detectivo",AA67="Automático"),"40%",IF(AND(Z67="Detectivo",AA67="Manual"),"30%",IF(AND(Z67="Correctivo",AA67="Automático"),"35%",IF(AND(Z67="Correctivo",AA67="Manual"),"25%","")))))) -> 50% | AC67: Documentado | AD67: Continua | AE67: Con Registro | AF67: =IFERROR(IF(Y67="Probabilidad",(Q67-(+Q67*AB67)),IF(Y67="Impacto",Q67,"")),"") -> 0.5 | AG67: =IFERROR(IF(AF67="","",IF(AF67<=0.2,"Muy Baja",IF(AF67<=0.4,"Baja",IF(AF67<=0.6,"Media",IF(AF67<=0.8,"Alta","Muy Alta"))))),"") -> Media | AH67: =+AF67 -> 0.5 | AI67: =IFERROR(IF(AJ67="","",IF(AJ67<=0.2,"Leve",IF(AJ67<=0.4,"Menor",IF(AJ67<=0.6,"Moderado",IF(AJ67<=0.8,"Mayor","Catastrófico"))))),"") -> Mayor | AJ67: =IFERROR(IF(Y67="Impacto",(U67-(+U67*AB67)),IF(Y67="Probabilidad",U67,"")),"") -> 0.8 | AK67: =IFERROR(IF(OR(AND(AG67="Muy Baja",AI67="Leve"),AND(AG67="Muy Baja",AI67="Menor"),AND(AG67="Baja",AI67="Leve")),"Bajo",IF(OR(AND(AG67="Muy baja",AI67="Moderado"),AND(AG67="Baja",AI67="Menor"),AND(AG67="Baja",AI67="Moderado"),AND(AG67="Media",AI67="Leve"),AND(AG67="Media",AI67="Menor"),AND(AG67="Media",AI67="Moderado"),AND(AG67="Alta",AI67="Leve"),AND(AG67="Alta",AI67="Menor")),"Moderado",IF(OR(AND(AG67="Muy Baja",AI67="Mayor"),AND(AG67="Baja",AI67="Mayor"),AND(AG67="Media",AI67="Mayor"),AND(AG67="Alta",AI67="Moderado"),AND(AG67="Alta",AI67="Mayor"),AND(AG67="Muy Alta",AI67="Leve"),AND(AG67="Muy Alta",AI67="Menor"),AND(AG67="Muy Alta",AI67="Moderado"),AND(AG67="Muy Alta",AI67="Mayor")),"Alto",IF(OR(AND(AG67="Muy Baja",AI67="Catastrófico"),AND(AG67="Baja",AI67="Catastrófico"),AND(AG67="Media",AI67="Catastrófico"),AND(AG67="Alta",AI67="Catastrófico"),AND(AG67="Muy Alta",AI67="Catastrófico")),"Extremo","")))),"") -> Alto | AL67: Reducir (mitigar) | AM67: Probar la consistencia y efectividad de las copias de datos | AN67: Jefe Unidad de Informática | AO67: Diciembre de 2022 | AP67: Trimestral | AR67: En curso
S68: =IF(NOT(ISERROR(MATCH(R68,_xlfn.ANCHORARRAY(H79),0))),Q81&"Por favor no seleccionar los criterios de impacto",R68) -> 0 | W68: 2 | X68: El administrador de la base de datos del área de infraestructura y comunicaciones, verifica el log de eventos en la herramienta de backup de la entidad que indique la realización y terminación correcta de copias de datos. Con el fin de asegurarse que se tiene una copia de respaldo consistente y disponible para cuando se necesite. | Y68: =IF(OR(Z68="Preventivo",Z68="Detectivo"),"Probabilidad",IF(Z68="Correctivo","Impacto","")) -> Probabilidad | Z68: Preventivo | AA68: Automático | AB68: =IF(AND(Z68="Preventivo",AA68="Automático"),"50%",IF(AND(Z68="Preventivo",AA68="Manual"),"40%",IF(AND(Z68="Detectivo",AA68="Automático"),"40%",IF(AND(Z68="Detectivo",AA68="Manual"),"30%",IF(AND(Z68="Correctivo",AA68="Automático"),"35%",IF(AND(Z68="Correctivo",AA68="Manual"),"25%","")))))) -> 50% | AC68: Documentado | AD68: Continua | AE68: Con Registro | AF68: =IFERROR(IF(AND(Y67="Probabilidad",Y68="Probabilidad"),(AH67-(+AH67*AB68)),IF(Y68="Probabilidad",(Q67-(+Q67*AB68)),IF(Y68="Impacto",AH67,""))),"") -> 0.25 | AG68: =IFERROR(IF(AF68="","",IF(AF68<=0.2,"Muy Baja",IF(AF68<=0.4,"Baja",IF(AF68<=0.6,"Media",IF(AF68<=0.8,"Alta","Muy Alta"))))),"") -> Baja | AH68: =+AF68 -> 0.25 | AI68: =IFERROR(IF(AJ68="","",IF(AJ68<=0.2,"Leve",IF(AJ68<=0.4,"Menor",IF(AJ68<=0.6,"Moderado",IF(AJ68<=0.8,"Mayor","Catastrófico"))))),"") -> Mayor | AJ68: =IFERROR(IF(AND(Y67="Impacto",Y68="Impacto"),(AJ67-(+AJ67*AB68)),IF(Y68="Impacto",(U67-(+U67*AB68)),IF(Y68="Probabilidad",AJ67,""))),"") -> 0.8 | AK68: =IFERROR(IF(OR(AND(AG68="Muy Baja",AI68="Leve"),AND(AG68="Muy Baja",AI68="Menor"),AND(AG68="Baja",AI68="Leve")),"Bajo",IF(OR(AND(AG68="Muy baja",AI68="Moderado"),AND(AG68="Baja",AI68="Menor"),AND(AG68="Baja",AI68="Moderado"),AND(AG68="Media",AI68="Leve"),AND(AG68="Media",AI68="Menor"),AND(AG68="Media",AI68="Moderado"),AND(AG68="Alta",AI68="Leve"),AND(AG68="Alta",AI68="Menor")),"Moderado",IF(OR(AND(AG68="Muy Baja",AI68="Mayor"),AND(AG68="Baja",AI68="Mayor"),AND(AG68="Media",AI68="Mayor"),AND(AG68="Alta",AI68="Moderado"),AND(AG68="Alta",AI68="Mayor"),AND(AG68="Muy Alta",AI68="Leve"),AND(AG68="Muy Alta",AI68="Menor"),AND(AG68="Muy Alta",AI68="Moderado"),AND(AG68="Muy Alta",AI68="Mayor")),"Alto",IF(OR(AND(AG68="Muy Baja",AI68="Catastrófico"),AND(AG68="Baja",AI68="Catastrófico"),AND(AG68="Media",AI68="Catastrófico"),AND(AG68="Alta",AI68="Catastrófico"),AND(AG68="Muy Alta",AI68="Catastrófico")),"Extremo","")))),"") -> Alto | AL68: Reducir (mitigar) | AM68: Probar la consistencia y efectividad de las copias de datos | AN68: Jefe Unidad de Informática | AO68: Diciembre de 2022 | AP68: Trimestral | AR68: En curso
S69: =IF(NOT(ISERROR(MATCH(R69,_xlfn.ANCHORARRAY(H80),0))),Q82&"Por favor no seleccionar los criterios de impacto",R69) -> 0 | W69: 3 | Y69: =IF(OR(Z69="Preventivo",Z69="Detectivo"),"Probabilidad",IF(Z69="Correctivo","Impacto","")) | AB69: =IF(AND(Z69="Preventivo",AA69="Automático"),"50%",IF(AND(Z69="Preventivo",AA69="Manual"),"40%",IF(AND(Z69="Detectivo",AA69="Automático"),"40%",IF(AND(Z69="Detectivo",AA69="Manual"),"30%",IF(AND(Z69="Correctivo",AA69="Automático"),"35%",IF(AND(Z69="Correctivo",AA69="Manual"),"25%","")))))) | AF69: =IFERROR(IF(AND(Y68="Probabilidad",Y69="Probabilidad"),(AH68-(+AH68*AB69)),IF(Y69="Probabilidad",(Q68-(+Q68*AB69)),IF(Y69="Impacto",AH68,""))),"") | AG69: =IFERROR(IF(AF69="","",IF(AF69<=0.2,"Muy Baja",IF(AF69<=0.4,"Baja",IF(AF69<=0.6,"Media",IF(AF69<=0.8,"Alta","Muy Alta"))))),"") | AH69: =+AF69 | AI69: =IFERROR(IF(AJ69="","",IF(AJ69<=0.2,"Leve",IF(AJ69<=0.4,"Menor",IF(AJ69<=0.6,"Moderado",IF(AJ69<=0.8,"Mayor","Catastrófico"))))),"") | AJ69: =IFERROR(IF(AND(Y68="Impacto",Y69="Impacto"),(AJ68-(+AJ68*AB69)),IF(AND(Y68="Probabilidad",Y69="Impacto"),(AJ67-(+AJ67*AB69)),IF(Y69="Probabilidad",AJ68,""))),"") | AK69: =IFERROR(IF(OR(AND(AG69="Muy Baja",AI69="Leve"),AND(AG69="Muy Baja",AI69="Menor"),AND(AG69="Baja",AI69="Leve")),"Bajo",IF(OR(AND(AG69="Muy baja",AI69="Moderado"),AND(AG69="Baja",AI69="Menor"),AND(AG69="Baja",AI69="Moderado"),AND(AG69="Media",AI69="Leve"),AND(AG69="Media",AI69="Menor"),AND(AG69="Media",AI69="Moderado"),AND(AG69="Alta",AI69="Leve"),AND(AG69="Alta",AI69="Menor")),"Moderado",IF(OR(AND(AG69="Muy Baja",AI69="Mayor"),AND(AG69="Baja",AI69="Mayor"),AND(AG69="Media",AI69="Mayor"),AND(AG69="Alta",AI69="Moderado"),AND(AG69="Alta",AI69="Mayor"),AND(AG69="Muy Alta",AI69="Leve"),AND(AG69="Muy Alta",AI69="Menor"),AND(AG69="Muy Alta",AI69="Moderado"),AND(AG69="Muy Alta",AI69="Mayor")),"Alto",IF(OR(AND(AG69="Muy Baja",AI69="Catastrófico"),AND(AG69="Baja",AI69="Catastrófico"),AND(AG69="Media",AI69="Catastrófico"),AND(AG69="Alta",AI69="Catastrófico"),AND(AG69="Muy Alta",AI69="Catastrófico")),"Extremo","")))),"")
S70: =IF(NOT(ISERROR(MATCH(R70,_xlfn.ANCHORARRAY(H81),0))),Q83&"Por favor no seleccionar los criterios de impacto",R70) -> 0 | W70: 4 | Y70: =IF(OR(Z70="Preventivo",Z70="Detectivo"),"Probabilidad",IF(Z70="Correctivo","Impacto","")) | AB70: =IF(AND(Z70="Preventivo",AA70="Automático"),"50%",IF(AND(Z70="Preventivo",AA70="Manual"),"40%",IF(AND(Z70="Detectivo",AA70="Automático"),"40%",IF(AND(Z70="Detectivo",AA70="Manual"),"30%",IF(AND(Z70="Correctivo",AA70="Automático"),"35%",IF(AND(Z70="Correctivo",AA70="Manual"),"25%","")))))) | AF70: =IFERROR(IF(AND(Y69="Probabilidad",Y70="Probabilidad"),(AH69-(+AH69*AB70)),IF(Y70="Probabilidad",(Q69-(+Q69*AB70)),IF(Y70="Impacto",AH69,""))),"") | AG70: =IFERROR(IF(AF70="","",IF(AF70<=0.2,"Muy Baja",IF(AF70<=0.4,"Baja",IF(AF70<=0.6,"Media",IF(AF70<=0.8,"Alta","Muy Alta"))))),"") | AH70: =+AF70 | AI70: =IFERROR(IF(AJ70="","",IF(AJ70<=0.2,"Leve",IF(AJ70<=0.4,"Menor",IF(AJ70<=0.6,"Moderado",IF(AJ70<=0.8,"Mayor","Catastrófico"))))),"") | AJ70: =IFERROR(IF(AND(Y69="Impacto",Y70="Impacto"),(AJ69-(+AJ69*AB70)),IF(AND(Y69="Probabilidad",Y70="Impacto"),(AJ68-(+AJ68*AB70)),IF(Y70="Probabilidad",AJ69,""))),"") | AK70: =IFERROR(IF(OR(AND(AG70="Muy Baja",AI70="Leve"),AND(AG70="Muy Baja",AI70="Menor"),AND(AG70="Baja",AI70="Leve")),"Bajo",IF(OR(AND(AG70="Muy baja",AI70="Moderado"),AND(AG70="Baja",AI70="Menor"),AND(AG70="Baja",AI70="Moderado"),AND(AG70="Media",AI70="Leve"),AND(AG70="Media",AI70="Menor"),AND(AG70="Media",AI70="Moderado"),AND(AG70="Alta",AI70="Leve"),AND(AG70="Alta",AI70="Menor")),"Moderado",IF(OR(AND(AG70="Muy Baja",AI70="Mayor"),AND(AG70="Baja",AI70="Mayor"),AND(AG70="Media",AI70="Mayor"),AND(AG70="Alta",AI70="Moderado"),AND(AG70="Alta",AI70="Mayor"),AND(AG70="Muy Alta",AI70="Leve"),AND(AG70="Muy Alta",AI70="Menor"),AND(AG70="Muy Alta",AI70="Moderado"),AND(AG70="Muy Alta",AI70="Mayor")),"Alto",IF(OR(AND(AG70="Muy Baja",AI70="Catastrófico"),AND(AG70="Baja",AI70="Catastrófico"),AND(AG70="Media",AI70="Catastrófico"),AND(AG70="Alta",AI70="Catastrófico"),AND(AG70="Muy Alta",AI70="Catastrófico")),"Extremo","")))),"")
S71: =IF(NOT(ISERROR(MATCH(R71,_xlfn.ANCHORARRAY(H82),0))),Q84&"Por favor no seleccionar los criterios de impacto",R71) -> 0 | W71: 5 | Y71: =IF(OR(Z71="Preventivo",Z71="Detectivo"),"Probabilidad",IF(Z71="Correctivo","Impacto","")) | AB71: =IF(AND(Z71="Preventivo",AA71="Automático"),"50%",IF(AND(Z71="Preventivo",AA71="Manual"),"40%",IF(AND(Z71="Detectivo",AA71="Automático"),"40%",IF(AND(Z71="Detectivo",AA71="Manual"),"30%",IF(AND(Z71="Correctivo",AA71="Automático"),"35%",IF(AND(Z71="Correctivo",AA71="Manual"),"25%","")))))) | AF71: =IFERROR(IF(AND(Y70="Probabilidad",Y71="Probabilidad"),(AH70-(+AH70*AB71)),IF(Y71="Probabilidad",(Q70-(+Q70*AB71)),IF(Y71="Impacto",AH70,""))),"") | AG71: =IFERROR(IF(AF71="","",IF(AF71<=0.2,"Muy Baja",IF(AF71<=0.4,"Baja",IF(AF71<=0.6,"Media",IF(AF71<=0.8,"Alta","Muy Alta"))))),"") | AH71: =+AF71 | AI71: =IFERROR(IF(AJ71="","",IF(AJ71<=0.2,"Leve",IF(AJ71<=0.4,"Menor",IF(AJ71<=0.6,"Moderado",IF(AJ71<=0.8,"Mayor","Catastrófico"))))),"") | AJ71: =IFERROR(IF(AND(Y70="Impacto",Y71="Impacto"),(AJ70-(+AJ70*AB71)),IF(AND(Y70="Probabilidad",Y71="Impacto"),(AJ69-(+AJ69*AB71)),IF(Y71="Probabilidad",AJ70,""))),"") | AK71: =IFERROR(IF(OR(AND(AG71="Muy Baja",AI71="Leve"),AND(AG71="Muy Baja",AI71="Menor"),AND(AG71="Baja",AI71="Leve")),"Bajo",IF(OR(AND(AG71="Muy baja",AI71="Moderado"),AND(AG71="Baja",AI71="Menor"),AND(AG71="Baja",AI71="Moderado"),AND(AG71="Media",AI71="Leve"),AND(AG71="Media",AI71="Menor"),AND(AG71="Media",AI71="Moderado"),AND(AG71="Alta",AI71="Leve"),AND(AG71="Alta",AI71="Menor")),"Moderado",IF(OR(AND(AG71="Muy Baja",AI71="Mayor"),AND(AG71="Baja",AI71="Mayor"),AND(AG71="Media",AI71="Mayor"),AND(AG71="Alta",AI71="Moderado"),AND(AG71="Alta",AI71="Mayor"),AND(AG71="Muy Alta",AI71="Leve"),AND(AG71="Muy Alta",AI71="Menor"),AND(AG71="Muy Alta",AI71="Moderado"),AND(AG71="Muy Alta",AI71="Mayor")),"Alto",IF(OR(AND(AG71="Muy Baja",AI71="Catastrófico"),AND(AG71="Baja",AI71="Catastrófico"),AND(AG71="Media",AI71="Catastrófico"),AND(AG71="Alta",AI71="Catastrófico"),AND(AG71="Muy Alta",AI71="Catastrófico")),"Extremo","")))),"")
S72: =IF(NOT(ISERROR(MATCH(R72,_xlfn.ANCHORARRAY(H83),0))),Q85&"Por favor no seleccionar los criterios de impacto",R72) -> 0 | W72: 6 | Y72: =IF(OR(Z72="Preventivo",Z72="Detectivo"),"Probabilidad",IF(Z72="Correctivo","Impacto","")) | AB72: =IF(AND(Z72="Preventivo",AA72="Automático"),"50%",IF(AND(Z72="Preventivo",AA72="Manual"),"40%",IF(AND(Z72="Detectivo",AA72="Automático"),"40%",IF(AND(Z72="Detectivo",AA72="Manual"),"30%",IF(AND(Z72="Correctivo",AA72="Automático"),"35%",IF(AND(Z72="Correctivo",AA72="Manual"),"25%","")))))) | AF72: =IFERROR(IF(AND(Y71="Probabilidad",Y72="Probabilidad"),(AH71-(+AH71*AB72)),IF(Y72="Probabilidad",(Q71-(+Q71*AB72)),IF(Y72="Impacto",AH71,""))),"") | AG72: =IFERROR(IF(AF72="","",IF(AF72<=0.2,"Muy Baja",IF(AF72<=0.4,"Baja",IF(AF72<=0.6,"Media",IF(AF72<=0.8,"Alta","Muy Alta"))))),"") | AH72: =+AF72 | AI72: =IFERROR(IF(AJ72="","",IF(AJ72<=0.2,"Leve",IF(AJ72<=0.4,"Menor",IF(AJ72<=0.6,"Moderado",IF(AJ72<=0.8,"Mayor","Catastrófico"))))),"") | AJ72: =IFERROR(IF(AND(Y71="Impacto",Y72="Impacto"),(AJ71-(+AJ71*AB72)),IF(AND(Y71="Probabilidad",Y72="Impacto"),(AJ70-(+AJ70*AB72)),IF(Y72="Probabilidad",AJ71,""))),"") | AK72: =IFERROR(IF(OR(AND(AG72="Muy Baja",AI72="Leve"),AND(AG72="Muy Baja",AI72="Menor"),AND(AG72="Baja",AI72="Leve")),"Bajo",IF(OR(AND(AG72="Muy baja",AI72="Moderado"),AND(AG72="Baja",AI72="Menor"),AND(AG72="Baja",AI72="Moderado"),AND(AG72="Media",AI72="Leve"),AND(AG72="Media",AI72="Menor"),AND(AG72="Media",AI72="Moderado"),AND(AG72="Alta",AI72="Leve"),AND(AG72="Alta",AI72="Menor")),"Moderado",IF(OR(AND(AG72="Muy Baja",AI72="Mayor"),AND(AG72="Baja",AI72="Mayor"),AND(AG72="Media",AI72="Mayor"),AND(AG72="Alta",AI72="Moderado"),AND(AG72="Alta",AI72="Mayor"),AND(AG72="Muy Alta",AI72="Leve"),AND(AG72="Muy Alta",AI72="Menor"),AND(AG72="Muy Alta",AI72="Moderado"),AND(AG72="Muy Alta",AI72="Mayor")),"Alto",IF(OR(AND(AG72="Muy Baja",AI72="Catastrófico"),AND(AG72="Baja",AI72="Catastrófico"),AND(AG72="Media",AI72="Catastrófico"),AND(AG72="Alta",AI72="Catastrófico"),AND(AG72="Muy Alta",AI72="Catastrófico")),"Extremo","")))),"")
A73: 11 | B73: TIN_04 | C73: Tecnologías de la Información | D73: Gestión de Movilidad y Aplicaciones | E73: Económico y Reputacional | F73: Fallas en el funcionamiento del sistema de información clínico Dinámica Gerencial Hospitalaria | G73: Indebido control de cambios en la implementación de nuevas versiones del aplicativo. | H73: Posibilidad de afectación económica y reputacional por fallas en el funcionamiento del sistema de información clínico Dinámica Gerencial Hospitalaria generadas por el indebido control de cambios en la implementación de nuevas versiones del aplicativo. | M73: Pérdida de Disponibilidad | N73: Sistema de Información Dinámica Gerencial | O73: 12 | P73: =IF(O73<=0,"",IF(O73<=2,"Muy Baja",IF(O73<=24,"Baja",IF(O73<=500,"Media",IF(O73<=5000,"Alta","Muy Alta"))))) -> Baja | Q73: =IF(P73="","",IF(P73="Muy Baja",0.2,IF(P73="Baja",0.4,IF(P73="Media",0.6,IF(P73="Alta",0.8,IF(P73="Muy Alta",1,)))))) -> 0.4 | R73: Entre 100 y 500 SMLMV | S73: =IF(NOT(ISERROR(MATCH(R73,'Tabla Impacto'!$B$221:$B$223,0))),'Tabla Impacto'!$F$223&"Por favor no seleccionar los criterios de impacto(Afectación Económica o presupuestal y Pérdida Reputacional)",R73) -> Entre 100 y 500 SMLMV | T73: =+IF(OR(S73='[1]Tabla Impacto'!$C$11,S73='[1]Tabla Impacto'!$D$11),"Leve",IF(OR(S73='[1]Tabla Impacto'!$C$12,S73='[1]Tabla Impacto'!$D$12),"Menor",IF(OR(S73='[1]Tabla Impacto'!$C$13,S73='[1]Tabla Impacto'!$D$13),"Moderado",IF(OR(S73='[1]Tabla Impacto'!$C$14,S73='[1]Tabla Impacto'!$D$14),"Mayor",IF(OR(S73='[1]Tabla Impacto'!$C$15,S73='[1]Tabla Impacto'!$D$15),"Catastrófico",""))))) -> Mayor | U73: =IF(T73="","",IF(T73="Leve",0.2,IF(T73="Menor",0.4,IF(T73="Moderado",0.6,IF(T73="Mayor",0.8,IF(T73="Catastrófico",1,)))))) -> 0.8 | V73: =IF(OR(AND(P73="Muy Baja",T73="Leve"),AND(P73="Muy Baja",T73="Menor"),AND(P73="Baja",T73="Leve")),"Bajo",IF(OR(AND(P73="Muy baja",T73="Moderado"),AND(P73="Baja",T73="Menor"),AND(P73="Baja",T73="Moderado"),AND(P73="Media",T73="Leve"),AND(P73="Media",T73="Menor"),AND(P73="Media",T73="Moderado"),AND(P73="Alta",T73="Leve"),AND(P73="Alta",T73="Menor")),"Moderado",IF(OR(AND(P73="Muy Baja",T73="Mayor"),AND(P73="Baja",T73="Mayor"),AND(P73="Media",T73="Mayor"),AND(P73="Alta",T73="Moderado"),AND(P73="Alta",T73="Mayor"),AND(P73="Muy Alta",T73="Leve"),AND(P73="Muy Alta",T73="Menor"),AND(P73="Muy Alta",T73="Moderado"),AND(P73="Muy Alta",T73="Mayor")),"Alto",IF(OR(AND(P73="Muy Baja",T73="Catastrófico"),AND(P73="Baja",T73="Catastrófico"),AND(P73="Media",T73="Catastrófico"),AND(P73="Alta",T73="Catastrófico"),AND(P73="Muy Alta",T73="Catastrófico")),"Extremo","")))) -> Alto | W73: 1 | X73: Los líderes de módulos del aplicativo Dinámica Gerencial Hospitalaria cada vez que exista una versión nueva del aplicativo, revisan en el escenario de pruebas de la aplicación el funcionamiento de las opciones de los diferentes módulos en conjunto con los lideres funcionales de cada proceso antes de configurar compilación nueva. Con el fin de validar si estas tuvieron cambios de funcionamiento y/o funcionan de manera adecuada. | Y73: =IF(OR(Z73="Preventivo",Z73="Detectivo"),"Probabilidad",IF(Z73="Correctivo","Impacto","")) -> Probabilidad | Z73: Preventivo | AA73: Manual | AB73: =IF(AND(Z73="Preventivo",AA73="Automático"),"50%",IF(AND(Z73="Preventivo",AA73="Manual"),"40%",IF(AND(Z73="Detectivo",AA73="Automático"),"40%",IF(AND(Z73="Detectivo",AA73="Manual"),"30%",IF(AND(Z73="Correctivo",AA73="Automático"),"35%",IF(AND(Z73="Correctivo",AA73="Manual"),"25%","")))))) -> 40% | AC73: Documentado | AD73: Continua | AE73: Con Registro | AF73: =IFERROR(IF(Y73="Probabilidad",(Q73-(+Q73*AB73)),IF(Y73="Impacto",Q73,"")),"") -> 0.24 | AG73: =IFERROR(IF(AF73="","",IF(AF73<=0.2,"Muy Baja",IF(AF73<=0.4,"Baja",IF(AF73<=0.6,"Media",IF(AF73<=0.8,"Alta","Muy Alta"))))),"") -> Baja | AH73: =+AF73 -> 0.24 | AI73: =IFERROR(IF(AJ73="","",IF(AJ73<=0.2,"Leve",IF(AJ73<=0.4,"Menor",IF(AJ73<=0.6,"Moderado",IF(AJ73<=0.8,"Mayor","Catastrófico"))))),"") -> Mayor | AJ73: =IFERROR(IF(Y73="Impacto",(U73-(+U73*AB73)),IF(Y73="Probabilidad",U73,"")),"") -> 0.8 | AK73: =IFERROR(IF(OR(AND(AG73="Muy Baja",AI73="Leve"),AND(AG73="Muy Baja",AI73="Menor"),AND(AG73="Baja",AI73="Leve")),"Bajo",IF(OR(AND(AG73="Muy baja",AI73="Moderado"),AND(AG73="Baja",AI73="Menor"),AND(AG73="Baja",AI73="Moderado"),AND(AG73="Media",AI73="Leve"),AND(AG73="Media",AI73="Menor"),AND(AG73="Media",AI73="Moderado"),AND(AG73="Alta",AI73="Leve"),AND(AG73="Alta",AI73="Menor")),"Moderado",IF(OR(AND(AG73="Muy Baja",AI73="Mayor"),AND(AG73="Baja",AI73="Mayor"),AND(AG73="Media",AI73="Mayor"),AND(AG73="Alta",AI73="Moderado"),AND(AG73="Alta",AI73="Mayor"),AND(AG73="Muy Alta",AI73="Leve"),AND(AG73="Muy Alta",AI73="Menor"),AND(AG73="Muy Alta",AI73="Moderado"),AND(AG73="Muy Alta",AI73="Mayor")),"Alto",IF(OR(AND(AG73="Muy Baja",AI73="Catastrófico"),AND(AG73="Baja",AI73="Catastrófico"),AND(AG73="Media",AI73="Catastrófico"),AND(AG73="Alta",AI73="Catastrófico"),AND(AG73="Muy Alta",AI73="Catastrófico")),"Extremo","")))),"") -> Alto | AL73: Reducir (mitigar)
S74: =IF(NOT(ISERROR(MATCH(R74,_xlfn.ANCHORARRAY(H85),0))),Q87&"Por favor no seleccionar los criterios de impacto",R74) -> 0 | W74: 2 | X74: El líder del área de gestión de requerimientos e incidentes - GERE, coordina y lidera el comité de cambios conforme el procedimiento (GT-UNIN-PR-01) cada vez que se requiere un cambio en el aplicativo Dinámica Gerencial Hospitalaria, se proyecta el minutograma y las actividades relacionadas con la ejecución del cambio, a través de los formatos establecidos. Con el fin de planear e identificar los impactos que se puedan llegar a generar durante la implementación de un cambio. | Y74: =IF(OR(Z74="Preventivo",Z74="Detectivo"),"Probabilidad",IF(Z74="Correctivo","Impacto","")) -> Probabilidad | Z74: Preventivo | AA74: Manual | AB74: =IF(AND(Z74="Preventivo",AA74="Automático"),"50%",IF(AND(Z74="Preventivo",AA74="Manual"),"40%",IF(AND(Z74="Detectivo",AA74="Automático"),"40%",IF(AND(Z74="Detectivo",AA74="Manual"),"30%",IF(AND(Z74="Correctivo",AA74="Automático"),"35%",IF(AND(Z74="Correctivo",AA74="Manual"),"25%","")))))) -> 40% | AC74: Documentado | AD74: Continua | AE74: Con Registro | AF74: =IFERROR(IF(AND(Y73="Probabilidad",Y74="Probabilidad"),(AH73-(+AH73*AB74)),IF(Y74="Probabilidad",(Q73-(+Q73*AB74)),IF(Y74="Impacto",AH73,""))),"") -> 0.144 | AG74: =IFERROR(IF(AF74="","",IF(AF74<=0.2,"Muy Baja",IF(AF74<=0.4,"Baja",IF(AF74<=0.6,"Media",IF(AF74<=0.8,"Alta","Muy Alta"))))),"") -> Muy Baja | AH74: =+AF74 -> 0.144 | AI74: =IFERROR(IF(AJ74="","",IF(AJ74<=0.2,"Leve",IF(AJ74<=0.4,"Menor",IF(AJ74<=0.6,"Moderado",IF(AJ74<=0.8,"Mayor","Catastrófico"))))),"") -> Mayor | AJ74: =IFERROR(IF(AND(Y73="Impacto",Y74="Impacto"),(AJ73-(+AJ73*AB74)),IF(Y74="Impacto",(U73-(+U73*AB74)),IF(Y74="Probabilidad",AJ73,""))),"") -> 0.8 | AK74: =IFERROR(IF(OR(AND(AG74="Muy Baja",AI74="Leve"),AND(AG74="Muy Baja",AI74="Menor"),AND(AG74="Baja",AI74="Leve")),"Bajo",IF(OR(AND(AG74="Muy baja",AI74="Moderado"),AND(AG74="Baja",AI74="Menor"),AND(AG74="Baja",AI74="Moderado"),AND(AG74="Media",AI74="Leve"),AND(AG74="Media",AI74="Menor"),AND(AG74="Media",AI74="Moderado"),AND(AG74="Alta",AI74="Leve"),AND(AG74="Alta",AI74="Menor")),"Moderado",IF(OR(AND(AG74="Muy Baja",AI74="Mayor"),AND(AG74="Baja",AI74="Mayor"),AND(AG74="Media",AI74="Mayor"),AND(AG74="Alta",AI74="Moderado"),AND(AG74="Alta",AI74="Mayor"),AND(AG74="Muy Alta",AI74="Leve"),AND(AG74="Muy Alta",AI74="Menor"),AND(AG74="Muy Alta",AI74="Moderado"),AND(AG74="Muy Alta",AI74="Mayor")),"Alto",IF(OR(AND(AG74="Muy Baja",AI74="Catastrófico"),AND(AG74="Baja",AI74="Catastrófico"),AND(AG74="Media",AI74="Catastrófico"),AND(AG74="Alta",AI74="Catastrófico"),AND(AG74="Muy Alta",AI74="Catastrófico")),"Extremo","")))),"") -> Alto | AL74: Reducir (mitigar) | AM74: El equipo de trabajo de gestión de movilidad de aplicaciones, realiza pruebas a cada uno de los módulos junto con los líderes funcionales de cada módulo en las compilaciones recién liberadas por SYAC. | AN74: Jefe Unidad de Informática | AO74: Mensual | AP74: Mensual | AR74: En curso
S75: =IF(NOT(ISERROR(MATCH(R75,_xlfn.ANCHORARRAY(H86),0))),Q88&"Por favor no seleccionar los criterios de impacto",R75) -> 0 | W75: 3 | Y75: =IF(OR(Z75="Preventivo",Z75="Detectivo"),"Probabilidad",IF(Z75="Correctivo","Impacto","")) | AB75: =IF(AND(Z75="Preventivo",AA75="Automático"),"50%",IF(AND(Z75="Preventivo",AA75="Manual"),"40%",IF(AND(Z75="Detectivo",AA75="Automático"),"40%",IF(AND(Z75="Detectivo",AA75="Manual"),"30%",IF(AND(Z75="Correctivo",AA75="Automático"),"35%",IF(AND(Z75="Correctivo",AA75="Manual"),"25%","")))))) | AF75: =IFERROR(IF(AND(Y74="Probabilidad",Y75="Probabilidad"),(AH74-(+AH74*AB75)),IF(Y75="Probabilidad",(Q74-(+Q74*AB75)),IF(Y75="Impacto",AH74,""))),"") | AG75: =IFERROR(IF(AF75="","",IF(AF75<=0.2,"Muy Baja",IF(AF75<=0.4,"Baja",IF(AF75<=0.6,"Media",IF(AF75<=0.8,"Alta","Muy Alta"))))),"") | AH75: =+AF75 | AI75: =IFERROR(IF(AJ75="","",IF(AJ75<=0.2,"Leve",IF(AJ75<=0.4,"Menor",IF(AJ75<=0.6,"Moderado",IF(AJ75<=0.8,"Mayor","Catastrófico"))))),"") | AJ75: =IFERROR(IF(AND(Y74="Impacto",Y75="Impacto"),(AJ74-(+AJ74*AB75)),IF(AND(Y74="Probabilidad",Y75="Impacto"),(AJ73-(+AJ73*AB75)),IF(Y75="Probabilidad",AJ74,""))),"") | AK75: =IFERROR(IF(OR(AND(AG75="Muy Baja",AI75="Leve"),AND(AG75="Muy Baja",AI75="Menor"),AND(AG75="Baja",AI75="Leve")),"Bajo",IF(OR(AND(AG75="Muy baja",AI75="Moderado"),AND(AG75="Baja",AI75="Menor"),AND(AG75="Baja",AI75="Moderado"),AND(AG75="Media",AI75="Leve"),AND(AG75="Media",AI75="Menor"),AND(AG75="Media",AI75="Moderado"),AND(AG75="Alta",AI75="Leve"),AND(AG75="Alta",AI75="Menor")),"Moderado",IF(OR(AND(AG75="Muy Baja",AI75="Mayor"),AND(AG75="Baja",AI75="Mayor"),AND(AG75="Media",AI75="Mayor"),AND(AG75="Alta",AI75="Moderado"),AND(AG75="Alta",AI75="Mayor"),AND(AG75="Muy Alta",AI75="Leve"),AND(AG75="Muy Alta",AI75="Menor"),AND(AG75="Muy Alta",AI75="Moderado"),AND(AG75="Muy Alta",AI75="Mayor")),"Alto",IF(OR(AND(AG75="Muy Baja",AI75="Catastrófico"),AND(AG75="Baja",AI75="Catastrófico"),AND(AG75="Media",AI75="Catastrófico"),AND(AG75="Alta",AI75="Catastrófico"),AND(AG75="Muy Alta",AI75="Catastrófico")),"Extremo","")))),"")
S76: =IF(NOT(ISERROR(MATCH(R76,_xlfn.ANCHORARRAY(H87),0))),Q89&"Por favor no seleccionar los criterios de impacto",R76) -> 0 | W76: 4 | Y76: =IF(OR(Z76="Preventivo",Z76="Detectivo"),"Probabilidad",IF(Z76="Correctivo","Impacto","")) | AB76: =IF(AND(Z76="Preventivo",AA76="Automático"),"50%",IF(AND(Z76="Preventivo",AA76="Manual"),"40%",IF(AND(Z76="Detectivo",AA76="Automático"),"40%",IF(AND(Z76="Detectivo",AA76="Manual"),"30%",IF(AND(Z76="Correctivo",AA76="Automático"),"35%",IF(AND(Z76="Correctivo",AA76="Manual"),"25%","")))))) | AF76: =IFERROR(IF(AND(Y75="Probabilidad",Y76="Probabilidad"),(AH75-(+AH75*AB76)),IF(Y76="Probabilidad",(Q75-(+Q75*AB76)),IF(Y76="Impacto",AH75,""))),"") | AG76: =IFERROR(IF(AF76="","",IF(AF76<=0.2,"Muy Baja",IF(AF76<=0.4,"Baja",IF(AF76<=0.6,"Media",IF(AF76<=0.8,"Alta","Muy Alta"))))),"") | AH76: =+AF76 | AI76: =IFERROR(IF(AJ76="","",IF(AJ76<=0.2,"Leve",IF(AJ76<=0.4,"Menor",IF(AJ76<=0.6,"Moderado",IF(AJ76<=0.8,"Mayor","Catastrófico"))))),"") | AJ76: =IFERROR(IF(AND(Y75="Impacto",Y76="Impacto"),(AJ75-(+AJ75*AB76)),IF(AND(Y75="Probabilidad",Y76="Impacto"),(AJ74-(+AJ74*AB76)),IF(Y76="Probabilidad",AJ75,""))),"") | AK76: =IFERROR(IF(OR(AND(AG76="Muy Baja",AI76="Leve"),AND(AG76="Muy Baja",AI76="Menor"),AND(AG76="Baja",AI76="Leve")),"Bajo",IF(OR(AND(AG76="Muy baja",AI76="Moderado"),AND(AG76="Baja",AI76="Menor"),AND(AG76="Baja",AI76="Moderado"),AND(AG76="Media",AI76="Leve"),AND(AG76="Media",AI76="Menor"),AND(AG76="Media",AI76="Moderado"),AND(AG76="Alta",AI76="Leve"),AND(AG76="Alta",AI76="Menor")),"Moderado",IF(OR(AND(AG76="Muy Baja",AI76="Mayor"),AND(AG76="Baja",AI76="Mayor"),AND(AG76="Media",AI76="Mayor"),AND(AG76="Alta",AI76="Moderado"),AND(AG76="Alta",AI76="Mayor"),AND(AG76="Muy Alta",AI76="Leve"),AND(AG76="Muy Alta",AI76="Menor"),AND(AG76="Muy Alta",AI76="Moderado"),AND(AG76="Muy Alta",AI76="Mayor")),"Alto",IF(OR(AND(AG76="Muy Baja",AI76="Catastrófico"),AND(AG76="Baja",AI76="Catastrófico"),AND(AG76="Media",AI76="Catastrófico"),AND(AG76="Alta",AI76="Catastrófico"),AND(AG76="Muy Alta",AI76="Catastrófico")),"Extremo","")))),"")
S77: =IF(NOT(ISERROR(MATCH(R77,_xlfn.ANCHORARRAY(H88),0))),Q90&"Por favor no seleccionar los criterios de impacto",R77) -> 0 | W77: 5 | Y77: =IF(OR(Z77="Preventivo",Z77="Detectivo"),"Probabilidad",IF(Z77="Correctivo","Impacto","")) | AB77: =IF(AND(Z77="Preventivo",AA77="Automático"),"50%",IF(AND(Z77="Preventivo",AA77="Manual"),"40%",IF(AND(Z77="Detectivo",AA77="Automático"),"40%",IF(AND(Z77="Detectivo",AA77="Manual"),"30%",IF(AND(Z77="Correctivo",AA77="Automático"),"35%",IF(AND(Z77="Correctivo",AA77="Manual"),"25%","")))))) | AF77: =IFERROR(IF(AND(Y76="Probabilidad",Y77="Probabilidad"),(AH76-(+AH76*AB77)),IF(Y77="Probabilidad",(Q76-(+Q76*AB77)),IF(Y77="Impacto",AH76,""))),"") | AG77: =IFERROR(IF(AF77="","",IF(AF77<=0.2,"Muy Baja",IF(AF77<=0.4,"Baja",IF(AF77<=0.6,"Media",IF(AF77<=0.8,"Alta","Muy Alta"))))),"") | AH77: =+AF77 | AI77: =IFERROR(IF(AJ77="","",IF(AJ77<=0.2,"Leve",IF(AJ77<=0.4,"Menor",IF(AJ77<=0.6,"Moderado",IF(AJ77<=0.8,"Mayor","Catastrófico"))))),"") | AJ77: =IFERROR(IF(AND(Y76="Impacto",Y77="Impacto"),(AJ76-(+AJ76*AB77)),IF(AND(Y76="Probabilidad",Y77="Impacto"),(AJ75-(+AJ75*AB77)),IF(Y77="Probabilidad",AJ76,""))),"") | AK77: =IFERROR(IF(OR(AND(AG77="Muy Baja",AI77="Leve"),AND(AG77="Muy Baja",AI77="Menor"),AND(AG77="Baja",AI77="Leve")),"Bajo",IF(OR(AND(AG77="Muy baja",AI77="Moderado"),AND(AG77="Baja",AI77="Menor"),AND(AG77="Baja",AI77="Moderado"),AND(AG77="Media",AI77="Leve"),AND(AG77="Media",AI77="Menor"),AND(AG77="Media",AI77="Moderado"),AND(AG77="Alta",AI77="Leve"),AND(AG77="Alta",AI77="Menor")),"Moderado",IF(OR(AND(AG77="Muy Baja",AI77="Mayor"),AND(AG77="Baja",AI77="Mayor"),AND(AG77="Media",AI77="Mayor"),AND(AG77="Alta",AI77="Moderado"),AND(AG77="Alta",AI77="Mayor"),AND(AG77="Muy Alta",AI77="Leve"),AND(AG77="Muy Alta",AI77="Menor"),AND(AG77="Muy Alta",AI77="Moderado"),AND(AG77="Muy Alta",AI77="Mayor")),"Alto",IF(OR(AND(AG77="Muy Baja",AI77="Catastrófico"),AND(AG77="Baja",AI77="Catastrófico"),AND(AG77="Media",AI77="Catastrófico"),AND(AG77="Alta",AI77="Catastrófico"),AND(AG77="Muy Alta",AI77="Catastrófico")),"Extremo","")))),"")
S78: =IF(NOT(ISERROR(MATCH(R78,_xlfn.ANCHORARRAY(H89),0))),Q91&"Por favor no seleccionar los criterios de impacto",R78) -> 0 | W78: 6 | Y78: =IF(OR(Z78="Preventivo",Z78="Detectivo"),"Probabilidad",IF(Z78="Correctivo","Impacto","")) | AB78: =IF(AND(Z78="Preventivo",AA78="Automático"),"50%",IF(AND(Z78="Preventivo",AA78="Manual"),"40%",IF(AND(Z78="Detectivo",AA78="Automático"),"40%",IF(AND(Z78="Detectivo",AA78="Manual"),"30%",IF(AND(Z78="Correctivo",AA78="Automático"),"35%",IF(AND(Z78="Correctivo",AA78="Manual"),"25%","")))))) | AF78: =IFERROR(IF(AND(Y77="Probabilidad",Y78="Probabilidad"),(AH77-(+AH77*AB78)),IF(Y78="Probabilidad",(Q77-(+Q77*AB78)),IF(Y78="Impacto",AH77,""))),"") | AG78: =IFERROR(IF(AF78="","",IF(AF78<=0.2,"Muy Baja",IF(AF78<=0.4,"Baja",IF(AF78<=0.6,"Media",IF(AF78<=0.8,"Alta","Muy Alta"))))),"") | AH78: =+AF78 | AI78: =IFERROR(IF(AJ78="","",IF(AJ78<=0.2,"Leve",IF(AJ78<=0.4,"Menor",IF(AJ78<=0.6,"Moderado",IF(AJ78<=0.8,"Mayor","Catastrófico"))))),"") | AJ78: =IFERROR(IF(AND(Y77="Impacto",Y78="Impacto"),(AJ77-(+AJ77*AB78)),IF(AND(Y77="Probabilidad",Y78="Impacto"),(AJ76-(+AJ76*AB78)),IF(Y78="Probabilidad",AJ77,""))),"") | AK78: =IFERROR(IF(OR(AND(AG78="Muy Baja",AI78="Leve"),AND(AG78="Muy Baja",AI78="Menor"),AND(AG78="Baja",AI78="Leve")),"Bajo",IF(OR(AND(AG78="Muy baja",AI78="Moderado"),AND(AG78="Baja",AI78="Menor"),AND(AG78="Baja",AI78="Moderado"),AND(AG78="Media",AI78="Leve"),AND(AG78="Media",AI78="Menor"),AND(AG78="Media",AI78="Moderado"),AND(AG78="Alta",AI78="Leve"),AND(AG78="Alta",AI78="Menor")),"Moderado",IF(OR(AND(AG78="Muy Baja",AI78="Mayor"),AND(AG78="Baja",AI78="Mayor"),AND(AG78="Media",AI78="Mayor"),AND(AG78="Alta",AI78="Moderado"),AND(AG78="Alta",AI78="Mayor"),AND(AG78="Muy Alta",AI78="Leve"),AND(AG78="Muy Alta",AI78="Menor"),AND(AG78="Muy Alta",AI78="Moderado"),AND(AG78="Muy Alta",AI78="Mayor")),"Alto",IF(OR(AND(AG78="Muy Baja",AI78="Catastrófico"),AND(AG78="Baja",AI78="Catastrófico"),AND(AG78="Media",AI78="Catastrófico"),AND(AG78="Alta",AI78="Catastrófico"),AND(AG78="Muy Alta",AI78="Catastrófico")),"Extremo","")))),"")
A79: 12 | B79: CAU_01 | C79: Comunicaciones y Atención al Usuario | D79: Comunicaciones y Relaciones Públicas | E79: Reputacional | F79: Pérdida de credibilidad e impacto negativo en la imagen de la entidad | G79: Publicaciones con datos erróneos o imprecisos en las piezas de comunicación e información dirigida a usuarios externos del HOMIL. | H79: Posibilidad de afectación reputacional por pérdida de credibilidad e impacto negativo en la imagen de la entidad, debido a publicaciones con datos erróneos o imprecisos en las piezas de comunicación e información dirigida a usuarios externos del HOMIL. | M79: Ejecución y Administración de procesos | O79: 340 | P79: =IF(O79<=0,"",IF(O79<=2,"Muy Baja",IF(O79<=24,"Baja",IF(O79<=500,"Media",IF(O79<=5000,"Alta","Muy Alta"))))) -> Media | Q79: =IF(P79="","",IF(P79="Muy Baja",0.2,IF(P79="Baja",0.4,IF(P79="Media",0.6,IF(P79="Alta",0.8,IF(P79="Muy Alta",1,)))))) -> 0.6 | R79: El riesgo afecta la imagen de la entidad con algunos usuarios de relevancia frente al logro de los objetivos | S79: =IF(NOT(ISERROR(MATCH(R79,'Tabla Impacto'!$B$221:$B$223,0))),'Tabla Impacto'!$F$223&"Por favor no seleccionar los criterios de impacto(Afectación Económica o presupuestal y Pérdida Reputacional)",R79) -> El riesgo afecta la imagen de la entidad con algunos usuarios de relevancia frente al logro de los objetivos | T79: =+IF(OR(S79='[1]Tabla Impacto'!$C$11,S79='[1]Tabla Impacto'!$D$11),"Leve",IF(OR(S79='[1]Tabla Impacto'!$C$12,S79='[1]Tabla Impacto'!$D$12),"Menor",IF(OR(S79='[1]Tabla Impacto'!$C$13,S79='[1]Tabla Impacto'!$D$13),"Moderado",IF(OR(S79='[1]Tabla Impacto'!$C$14,S79='[1]Tabla Impacto'!$D$14),"Mayor",IF(OR(S79='[1]Tabla Impacto'!$C$15,S79='[1]Tabla Impacto'!$D$15),"Catastrófico",""))))) -> Moderado | U79: =IF(T79="","",IF(T79="Leve",0.2,IF(T79="Menor",0.4,IF(T79="Moderado",0.6,IF(T79="Mayor",0.8,IF(T79="Catastrófico",1,)))))) -> 0.6 | V79: =IF(OR(AND(P79="Muy Baja",T79="Leve"),AND(P79="Muy Baja",T79="Menor"),AND(P79="Baja",T79="Leve")),"Bajo",IF(OR(AND(P79="Muy baja",T79="Moderado"),AND(P79="Baja",T79="Menor"),AND(P79="Baja",T79="Moderado"),AND(P79="Media",T79="Leve"),AND(P79="Media",T79="Menor"),AND(P79="Media",T79="Moderado"),AND(P79="Alta",T79="Leve"),AND(P79="Alta",T79="Menor")),"Moderado",IF(OR(AND(P79="Muy Baja",T79="Mayor"),AND(P79="Baja",T79="Mayor"),AND(P79="Media",T79="Mayor"),AND(P79="Alta",T79="Moderado"),AND(P79="Alta",T79="Mayor"),AND(P79="Muy Alta",T79="Leve"),AND(P79="Muy Alta",T79="Menor"),AND(P79="Muy Alta",T79="Moderado"),AND(P79="Muy Alta",T79="Mayor")),"Alto",IF(OR(AND(P79="Muy Baja",T79="Catastrófico"),AND(P79="Baja",T79="Catastrófico"),AND(P79="Media",T79="Catastrófico"),AND(P79="Alta",T79="Catastrófico"),AND(P79="Muy Alta",T79="Catastrófico")),"Extremo","")))) -> Moderado | W79: 1 | X79: Cada vez que se requiera el responsable del Área de Comunicaciones y Relaciones Públicas envía a la fuente primaria (área solicitante) el producto comunicativo para validar su veracidad y claridad, posterior a ello envía al Subdirector de Docencia e Investigación Científica para su aprobación quien de acuerdo al nivel de complejidad del mismo envía a la Dirección General para obtener un tercer aval, posterior a este proceso se realiza la publicación de la información. | Y79: =IF(OR(Z79="Preventivo",Z79="Detectivo"),"Probabilidad",IF(Z79="Correctivo","Impacto","")) -> Probabilidad | Z79: Preventivo | AA79: Manual | AB79: =IF(AND(Z79="Preventivo",AA79="Automático"),"50%",IF(AND(Z79="Preventivo",AA79="Manual"),"40%",IF(AND(Z79="Detectivo",AA79="Automático"),"40%",IF(AND(Z79="Detectivo",AA79="Manual"),"30%",IF(AND(Z79="Correctivo",AA79="Automático"),"35%",IF(AND(Z79="Correctivo",AA79="Manual"),"25%","")))))) -> 40% | AC79: Documentado | AD79: Aleatoria | AE79: Con Registro | AF79: =IFERROR(IF(Y79="Probabilidad",(Q79-(+Q79*AB79)),IF(Y79="Impacto",Q79,"")),"") -> 0.36 | AG79: =IFERROR(IF(AF79="","",IF(AF79<=0.2,"Muy Baja",IF(AF79<=0.4,"Baja",IF(AF79<=0.6,"Media",IF(AF79<=0.8,"Alta","Muy Alta"))))),"") -> Baja | AH79: =+AF79 -> 0.36 | AI79: =IFERROR(IF(AJ79="","",IF(AJ79<=0.2,"Leve",IF(AJ79<=0.4,"Menor",IF(AJ79<=0.6,"Moderado",IF(AJ79<=0.8,"Mayor","Catastrófico"))))),"") -> Moderado | AJ79: =IFERROR(IF(Y79="Impacto",(U79-(+U79*AB79)),IF(Y79="Probabilidad",U79,"")),"") -> 0.6 | AK79: =IFERROR(IF(OR(AND(AG79="Muy Baja",AI79="Leve"),AND(AG79="Muy Baja",AI79="Menor"),AND(AG79="Baja",AI79="Leve")),"Bajo",IF(OR(AND(AG79="Muy baja",AI79="Moderado"),AND(AG79="Baja",AI79="Menor"),AND(AG79="Baja",AI79="Moderado"),AND(AG79="Media",AI79="Leve"),AND(AG79="Media",AI79="Menor"),AND(AG79="Media",AI79="Moderado"),AND(AG79="Alta",AI79="Leve"),AND(AG79="Alta",AI79="Menor")),"Moderado",IF(OR(AND(AG79="Muy Baja",AI79="Mayor"),AND(AG79="Baja",AI79="Mayor"),AND(AG79="Media",AI79="Mayor"),AND(AG79="Alta",AI79="Moderado"),AND(AG79="Alta",AI79="Mayor"),AND(AG79="Muy Alta",AI79="Leve"),AND(AG79="Muy Alta",AI79="Menor"),AND(AG79="Muy Alta",AI79="Moderado"),AND(AG79="Muy Alta",AI79="Mayor")),"Alto",IF(OR(AND(AG79="Muy Baja",AI79="Catastrófico"),AND(AG79="Baja",AI79="Catastrófico"),AND(AG79="Media",AI79="Catastrófico"),AND(AG79="Alta",AI79="Catastrófico"),AND(AG79="Muy Alta",AI79="Catastrófico")),"Extremo","")))),"") -> Moderado | AL79: Aceptar
S80: =IF(NOT(ISERROR(MATCH(R80,_xlfn.ANCHORARRAY(H91),0))),Q93&"Por favor no seleccionar los criterios de impacto",R80) -> 0 | W80: 2 | Y80: =IF(OR(Z80="Preventivo",Z80="Detectivo"),"Probabilidad",IF(Z80="Correctivo","Impacto","")) | AB80: =IF(AND(Z80="Preventivo",AA80="Automático"),"50%",IF(AND(Z80="Preventivo",AA80="Manual"),"40%",IF(AND(Z80="Detectivo",AA80="Automático"),"40%",IF(AND(Z80="Detectivo",AA80="Manual"),"30%",IF(AND(Z80="Correctivo",AA80="Automático"),"35%",IF(AND(Z80="Correctivo",AA80="Manual"),"25%","")))))) | AF80: =IFERROR(IF(AND(Y79="Probabilidad",Y80="Probabilidad"),(AH79-(+AH79*AB80)),IF(Y80="Probabilidad",(Q79-(+Q79*AB80)),IF(Y80="Impacto",AH79,""))),"") | AG80: =IFERROR(IF(AF80="","",IF(AF80<=0.2,"Muy Baja",IF(AF80<=0.4,"Baja",IF(AF80<=0.6,"Media",IF(AF80<=0.8,"Alta","Muy Alta"))))),"") | AH80: =+AF80 | AI80: =IFERROR(IF(AJ80="","",IF(AJ80<=0.2,"Leve",IF(AJ80<=0.4,"Menor",IF(AJ80<=0.6,"Moderado",IF(AJ80<=0.8,"Mayor","Catastrófico"))))),"") | AJ80: =IFERROR(IF(AND(Y79="Impacto",Y80="Impacto"),(AJ79-(+AJ79*AB80)),IF(Y80="Impacto",(U79-(+U79*AB80)),IF(Y80="Probabilidad",AJ79,""))),"") | AK80: =IFERROR(IF(OR(AND(AG80="Muy Baja",AI80="Leve"),AND(AG80="Muy Baja",AI80="Menor"),AND(AG80="Baja",AI80="Leve")),"Bajo",IF(OR(AND(AG80="Muy baja",AI80="Moderado"),AND(AG80="Baja",AI80="Menor"),AND(AG80="Baja",AI80="Moderado"),AND(AG80="Media",AI80="Leve"),AND(AG80="Media",AI80="Menor"),AND(AG80="Media",AI80="Moderado"),AND(AG80="Alta",AI80="Leve"),AND(AG80="Alta",AI80="Menor")),"Moderado",IF(OR(AND(AG80="Muy Baja",AI80="Mayor"),AND(AG80="Baja",AI80="Mayor"),AND(AG80="Media",AI80="Mayor"),AND(AG80="Alta",AI80="Moderado"),AND(AG80="Alta",AI80="Mayor"),AND(AG80="Muy Alta",AI80="Leve"),AND(AG80="Muy Alta",AI80="Menor"),AND(AG80="Muy Alta",AI80="Moderado"),AND(AG80="Muy Alta",AI80="Mayor")),"Alto",IF(OR(AND(AG80="Muy Baja",AI80="Catastrófico"),AND(AG80="Baja",AI80="Catastrófico"),AND(AG80="Media",AI80="Catastrófico"),AND(AG80="Alta",AI80="Catastrófico"),AND(AG80="Muy Alta",AI80="Catastrófico")),"Extremo","")))),"")
